Workbook

Sheet Home
F2: =INDEX({"Planilha de Resultados 2T26";"Results Spreadsheet 2Q26"},Home!$R$30) -> Planilha de Resultados 2T26 | O2: Selecione o idioma Choose Language
C7: =INDEX({"Pré-IFRS";"Pre-IFRS"},Home!$R$30) -> Pré-IFRS | H7: =INDEX({"Indicadores";"Indicators"},Home!$R$30) -> Indicadores
C10: =INDEX({"DRE Ajustado";"Adjusted P&L"},Home!$R$30) -> DRE Ajustado | M10: =INDEX({"DRE Ajustado";"Adjusted P&L"},Home!$R$30) -> DRE Ajustado
H11: =INDEX({"Operacionais";"Operational"},Home!$R$30) -> Operacionais
C13: =INDEX({"DRE";"P&L"},Home!$R$30) -> DRE | M13: =INDEX({"DRE";"P&L"},Home!$R$30) -> DRE
H14: =INDEX({"Curvas de Maturação";"Maturation Curves"},Home!$R$30) -> Curvas de Maturação
C16: =INDEX({"Balanço Patrimonial";"Balance Sheet"},Home!$R$30) -> Balanço Patrimonial | M16: =INDEX({"Balanço Patrimonial";"Balance Sheet"},Home!$R$30) -> Balanço Patrimonial
H17: =INDEX({"Proventos";"Proceeds"},Home!$R$30) -> Proventos
C19: =INDEX({"Fluxo de Caixa";"Cash Flow"},Home!$R$30) -> Fluxo de Caixa | M19: =INDEX({"Fluxo de Caixa";"Cash Flow"},Home!$R$30) -> Fluxo de Caixa
C26: =INDEX({"As Demonstrações Financeiras são preparadas de acordo com o IFRS 16. Para melhor representar a realidade econômica do negócio, as informações no arquivo também são apresentadas pré-IFRS.";"The Financial Statements are prepared in accordance with IFRS 16. In order to better represent the economics of the business, the figures in this file are also presented pre-IFRS."},Home!$R$30) -> As Demonstrações Financeiras são preparadas de acordo com o IFRS 16. Para melhor representar a realidade econômica do negócio, as informações no arquivo também são apresentadas pré-IFRS. | R26: PORT
R27: ENG
D29: =INDEX({"Contato RI: ri.rdsaude.com.br";"Contact IR: ri.rdsaude.com.br"},Home!$R$30) -> Contato RI: ri.rdsaude.com.br
R30: 1

Sheet AdjP&L
A1: =INDEX({"DRE Consolidado Ajustado IAS 17 (R$ mil)";"Adjusted Cons. Income Statement IAS 17 (R$ thousands)"},Home!$R$30) -> DRE Consolidado Ajustado IAS 17 (R$ mil) | B1: =INDEX({"1T12";"1Q12"},Home!$R$30) -> 1T12 | C1: =INDEX({"2T12";"2Q12"},Home!$R$30) -> 2T12 | D1: =INDEX({"3T12";"3Q12"},Home!$R$30) -> 3T12 | E1: =INDEX({"4T12";"4Q12"},Home!$R$30) -> 4T12 | F1: =INDEX({"1T13";"1Q13"},Home!$R$30) -> 1T13 | G1: =INDEX({"2T13";"2Q13"},Home!$R$30) -> 2T13 | H1: =INDEX({"3T13";"3Q13"},Home!$R$30) -> 3T13 | I1: =INDEX({"4T13";"4Q13"},Home!$R$30) -> 4T13 | J1: =INDEX({"1T14*";"1Q14*"},Home!$R$30) -> 1T14* | K1: =INDEX({"2T14";"2Q14"},Home!$R$30) -> 2T14 | L1: =INDEX({"3T14";"3Q14"},Home!$R$30) -> 3T14 | M1: =INDEX({"4T14";"4Q14"},Home!$R$30) -> 4T14 | N1: =INDEX({"1T15";"1Q15"},Home!$R$30) -> 1T15 | O1: =INDEX({"2T15";"2Q15"},Home!$R$30) -> 2T15 | P1: =INDEX({"3T15";"3Q15"},Home!$R$30) -> 3T15 | Q1: =INDEX({"4T15";"4Q15"},Home!$R$30) -> 4T15 | R1: =INDEX({"1T16";"1Q16"},Home!$R$30) -> 1T16 | S1: =INDEX({"2T16";"2Q16"},Home!$R$30) -> 2T16 | T1: =INDEX({"3T16";"3Q16"},Home!$R$30) -> 3T16 | U1: =INDEX({"4T16";"4Q16"},Home!$R$30) -> 4T16 | V1: =INDEX({"1T17";"1Q17"},Home!$R$30) -> 1T17 | W1: =INDEX({"2T17";"2Q17"},Home!$R$30) -> 2T17 | X1: =INDEX({"3T17";"3Q17"},Home!$R$30) -> 3T17 | Y1: =INDEX({"4T17";"4Q17"},Home!$R$30) -> 4T17 | Z1: =INDEX({"1T18";"1Q18"},Home!$R$30) -> 1T18 | AA1: =INDEX({"2T18";"2Q18"},Home!$R$30) -> 2T18 | AB1: =INDEX({"3T18";"3Q18"},Home!$R$30) -> 3T18 | AC1: =INDEX({"4T18";"4Q18"},Home!$R$30) -> 4T18 | AD1: =INDEX({"1T19";"1Q19"},Home!$R$30) -> 1T19 | AE1: =INDEX({"2T19";"2Q19"},Home!$R$30) -> 2T19 | AF1: =INDEX({"3T19**";"3Q19**"},Home!$R$30) -> 3T19** | AG1: =INDEX({"4T19";"4Q19"},Home!$R$30) -> 4T19 | AH1: =INDEX({"1T20";"1Q20"},Home!$R$30) -> 1T20 | AI1: =INDEX({"2T20";"2Q20"},Home!$R$30) -> 2T20 | AJ1: =INDEX({"3T20";"3Q20"},Home!$R$30) -> 3T20 | AK1: =INDEX({"4T20";"4Q20"},Home!$R$30) -> 4T20 | AL1: =INDEX({"1T21";"1Q21"},Home!$R$30) -> 1T21 | AM1: =INDEX({"2T21";"2Q21"},Home!$R$30) -> 2T21 | AN1: =INDEX({"3T21";"3Q21"},Home!$R$30) -> 3T21 | AO1: =INDEX({"4T21";"4Q21"},Home!$R$30) -> 4T21 | AP1: =INDEX({"1T22";"1Q22"},Home!$R$30) -> 1T22 | AQ1: =INDEX({"2T22";"2Q22"},Home!$R$30) -> 2T22 | AR1: =INDEX({"3T22";"3Q22"},Home!$R$30) -> 3T22 | AS1: =INDEX({"4T22";"4Q22"},Home!$R$30) -> 4T22 | AT1: =INDEX({"1T23";"1Q23"},Home!$R$30) -> 1T23 | AU1: =INDEX({"2T23";"2Q23"},Home!$R$30) -> 2T23 | AV1: =INDEX({"3T23";"3Q23"},Home!$R$30) -> 3T23 | AW1: =INDEX({"4T23";"4Q23"},Home!$R$30) -> 4T23 | AX1: =INDEX({"1T24";"1Q24"},Home!$R$30) -> 1T24 | AY1: =INDEX({"2T24";"2Q24"},Home!$R$30) -> 2T24 | AZ1: =INDEX({"3T24";"3Q24"},Home!$R$30) -> 3T24 | BA1: =INDEX({"4T24";"4Q24"},Home!$R$30) -> 4T24 | BB1: =INDEX({"1T25";"1Q25"},Home!$R$30) -> 1T25 | BC1: =INDEX({"2T25";"2Q25"},Home!$R$30) -> 2T25 | BD1: =INDEX({"3T25";"3Q25"},Home!$R$30) -> 3T25 | BE1: =INDEX({"4T25";"4Q25"},Home!$R$30) -> 4T25 | BF1: =INDEX({"1T26";"1Q26"},Home!$R$30) -> 1T26 | BG1: =INDEX({"2T26";"2Q26"},Home!$R$30) -> 2T26 | BI1: 2012 | BJ1: =BI1+1 -> 2013 | BK1: =BJ1+1 -> 2014 | BL1: =BK1+1 -> 2015 | BM1: =BL1+1 -> 2016 | BN1: =BM1+1 -> 2017 | BO1: =BN1+1 -> 2018 | BP1: =BO1+1 -> 2019 | BQ1: =BP1+1 -> 2020 | ... BV1: =BU1+1 -> 2025
AT2: =INDEX({"Reclassif.";"Reclassif."},Home!$R$30) -> Reclassif. | AU2: =INDEX({"Reclassif.";"Reclassif."},Home!$R$30) -> Reclassif. | AV2: =INDEX({"Reclassif.";"Reclassif."},Home!$R$30) -> Reclassif. | AW2: =INDEX({"Reclassif.";"Reclassif."},Home!$R$30) -> Reclassif. | BB2: =INDEX({"Reapresentado";"Resubmitted"},Home!$R$30) -> Reapresentado | BC2: =INDEX({"Reapresentado";"Resubmitted"},Home!$R$30) -> Reapresentado | BD2: =INDEX({"Reapresentado";"Resubmitted"},Home!$R$30) -> Reapresentado | BE2: =INDEX({"Reapresentado";"Resubmitted"},Home!$R$30) -> Reapresentado | BT2: =INDEX({"Reclassif.";"Reclassif."},Home!$R$30) -> Reclassif. | BV2: =INDEX({"Reapresentado";"Resubmitted"},Home!$R$30) -> Reapresentado
A3: =INDEX({"Receita bruta de vendas e serviços";"Gross revenue"},Home!$R$30) -> Receita bruta de vendas e serviços | B3: 1286847 | C3: 1375186 | D3: 1451824 | E3: 1479979 | F3: 1438405 | G3: 1604091 | H3: 1682958 | I3: 1738649 | J3: 1746332 | K3: 1885310 | L3: 2024309 | M3: 2128284 | N3: 2090599 | O3: 2323102 | P3: 2436860.9 | Q3: 2574215 | R3: 2641079.1 | S3: 2930451.4 | T3: 3050163.1 | U3: 3205873 | V3: 3212406.1 | W3: 3397859.9 | X3: 3580024.5 | Y3: 3662178.2 | Z3: 3603969 | AA3: 3791577.7 | AB3: 3944676.8 | AC3: 4178909.4 | AD3: 4153922.9 | AE3: 4440683.3 | AF3: 4771279.9 | AG3: 5030160.1 | AH3: 5206320.2 | AI3: 4721872.3 | AJ3: 5384230.3 | AK3: 5868052.5 | AL3: 5979507 | AM3: 6245162 | AN3: 6527874.7 | AO3: 6853140.2 | AP3: 6972490 | AQ3: 7641161.4 | AR3: 7985786 | AS3: 8351126.3 | AT3: 8471318.9 | AU3: 9013830 | AV3: 9274782.4 | AW3: 9538835.7 | AX3: 9767155.5 | AY3: 10402635 | AZ3: 10749830 | BA3: 10862353 | BB3: 9947885.9 | BC3: 10803986 | BD3: 11347942 | BE3: 12186767 | BF3: 11979521 | BG3: 12777743 | BI3: =SUM(B3:E3) -> 5593836 | BJ3: =SUM(F3:I3) -> 6464103 | BK3: =SUM(J3:M3) -> 7784235 | BL3: =SUM(N3:Q3) -> 9424776.9 | BM3: =SUM(R3:U3) -> 11827567 | BN3: =SUM(V3:Y3) -> 13852469 | BO3: =SUM(Z3:AC3) -> 15519133 | BP3: =SUM(AD3:AG3) -> 18396046 | BQ3: =SUM(AH3:AK3) -> 21180475 | BR3: =SUM(AL3:AO3) -> 25605684 | BS3: =SUM(AP3:AS3) -> 30950564 | BT3: =SUM(AT3:AW3) -> 36298767 | BU3: =SUM(AX3:BA3) -> 41781973 | BV3: =SUM(BB3:BE3) -> 44286581
A4: =INDEX({"Deduções";"Taxes, Discounts and Returns"},Home!$R$30) -> Deduções | B4: -56820 | C4: -58392 | D4: -62240 | E4: -58048 | F4: -54634 | G4: -60231 | H4: -64687 | I4: -66660 | J4: -69646.87 | K4: -76491.81 | L4: -80757.84 | M4: -86688.69 | N4: -86608 | O4: -96900 | P4: -105037 | Q4: -114277 | R4: -125651.82 | S4: -147239.9 | T4: -149233.27 | U4: -148876.21 | V4: -155295.65 | W4: -160601.76 | X4: -163184.37 | Y4: -160881.96 | Z4: -170391.34 | AA4: -177588.81 | AB4: -187862.87 | AC4: -181845.1 | AD4: -200571.39 | AE4: -215189.34 | AF4: -232343.88 | AG4: -245045.46 | AH4: -256448.92 | AI4: -252097.95 | AJ4: -290778.77 | AK4: -314311.33 | AL4: -359456.14 | AM4: -376898.38 | AN4: -363013 | AO4: -379314.78 | AP4: -409985.51 | AQ4: -462399.96 | AR4: -495920.3 | AS4: -514877.67 | AT4: -546933 | AU4: -581161.81 | AV4: -610296.09 | AW4: -629677.57 | AX4: -666661.6 | AY4: -715414.97 | AZ4: -760708.15 | BA4: -767666.77 | BB4: -674903.76 | BC4: -729302.57 | BD4: -767440.05 | BE4: -817574.63 | BF4: -1410931.5 | BG4: -1715344.4 | BI4: =SUM(B4:E4) -> -235500 | BJ4: =SUM(F4:I4) -> -246212 | BK4: =SUM(J4:M4) -> -313585.21 | BL4: =SUM(N4:Q4) -> -402822 | BM4: =SUM(R4:U4) -> -571001.2 | BN4: =SUM(V4:Y4) -> -639963.74 | BO4: =SUM(Z4:AC4) -> -717688.12 | BP4: =SUM(AD4:AG4) -> -893150.08 | BQ4: =SUM(AH4:AK4) -> -1113637 | BR4: =SUM(AL4:AO4) -> -1478682.3 | BS4: =SUM(AP4:AS4) -> -1883183.4 | BT4: =SUM(AT4:AW4) -> -2368068.5 | BU4: =SUM(AX4:BA4) -> -2910451.5 | BV4: =SUM(BB4:BE4) -> -2989221
A6: =INDEX({"Receita líquida de vendas e serviços";"Net revenue"},Home!$R$30) -> Receita líquida de vendas e serviços | B6: =B3+B4 -> 1230027 | C6: =C3+C4 -> 1316794 | D6: =D3+D4 -> 1389584 | E6: =E3+E4 -> 1421931 | F6: =F3+F4 -> 1383771 | G6: =G3+G4 -> 1543860 | H6: =H3+H4 -> 1618271 | I6: =I3+I4 -> 1671989 | ... BG6: =BG3+BG4 -> 11062399 | BI6: =BI3+BI4 -> 5358336 | BJ6: =BJ3+BJ4 -> 6217891 | BK6: =BK3+BK4 -> 7470649.8 | BL6: =BL3+BL4 -> 9021954.9 | BM6: =BM3+BM4 -> 11256565 | BN6: =BN3+BN4 -> 13212505 | BO6: =BO3+BO4 -> 14801445 | BP6: =BP3+BP4 -> 17502896 | ... BV6: =BV3+BV4 -> 41297360
A8: =INDEX({"Custo das mercadorias vendidas";"Cost of Goods Sold"},Home!$R$30) -> Custo das mercadorias vendidas | B8: -901262 | C8: -927000 | D8: -1006215 | E8: -1018360 | F8: -998533 | G8: -1106963 | H8: -1162904 | I8: -1201509 | J8: -1203125.6 | K8: -1273265.9 | L8: -1382641.4 | M8: -1447626.7 | N8: -1407428 | O8: -1523427 | P8: -1635505 | Q8: -1719854 | R8: -1758487.2 | S8: -1858386.4 | T8: -2000895.6 | U8: -2134653.2 | V8: -2135486.5 | W8: -2237537.5 | X8: -2396443.8 | Y8: -2455037.9 | Z8: -2406819.2 | AA8: -2509789.6 | AB8: -2640038.2 | AC8: -2799276.5 | AD8: -2791688.2 | AE8: -2936208.7 | AF8: -3217586 | AG8: -3374111.5 | AH8: -3508020.7 | AI8: -3149651.9 | AJ8: -3598455.3 | AK8: -3919528.3 | AL8: -3978198.9 | AM8: -4071212.6 | AN8: -4349401.3 | AO8: -4522020.6 | AP8: -4634073.7 | AQ8: -4860664.4 | AR8: -5265091.6 | AS8: -5498082.2 | AT8: -5609601.9 | AU8: -5832247.6 | AV8: -6085664.3 | AW8: -6238926.2 | AX8: -6441229.8 | AY8: -6755221.2 | AZ8: -7018436.4 | BA8: -7100566.3 | BB8: -6452871.5 | BC8: -6940850.2 | BD8: -7323210.8 | BE8: -7860591.2 | BF8: -7175953.3 | BG8: -7366327.7 | BI8: =SUM(B8:E8) -> -3852837 | BJ8: =SUM(F8:I8) -> -4469909 | BK8: =SUM(J8:M8) -> -5306659.6 | BL8: =SUM(N8:Q8) -> -6286214 | BM8: =SUM(R8:U8) -> -7752422.4 | BN8: =SUM(V8:Y8) -> -9224505.7 | BO8: =SUM(Z8:AC8) -> -10355924 | BP8: =SUM(AD8:AG8) -> -12319594 | BQ8: =SUM(AH8:AK8) -> -14175656 | BR8: =SUM(AL8:AO8) -> -16920834 | BS8: =SUM(AP8:AS8) -> -20257912 | BT8: =SUM(AT8:AW8) -> -23766440 | BU8: =SUM(AX8:BA8) -> -27315454 | BV8: =SUM(BB8:BE8) -> -28577524
A10: =INDEX({"Lucro bruto";"Gross profit"},Home!$R$30) -> Lucro bruto | B10: =B6+B8 -> 328765 | C10: =C6+C8 -> 389794 | D10: =D6+D8 -> 383369 | E10: =E6+E8 -> 403571 | F10: =F6+F8 -> 385238 | G10: =G6+G8 -> 436897 | H10: =H6+H8 -> 455367 | I10: =I6+I8 -> 470480 | ... BG10: =BG6+BG8 -> 3696071.1 | BI10: =BI6+BI8 -> 1505499 | BJ10: =BJ6+BJ8 -> 1747982 | BK10: =BK6+BK8 -> 2163990.2 | BL10: =BL6+BL8 -> 2735740.9 | BM10: =BM6+BM8 -> 3504143 | BN10: =BN6+BN8 -> 3987999.2 | BO10: =BO6+BO8 -> 4445521.2 | BP10: =BP6+BP8 -> 5183301.6 | ... BV10: =BV6+BV8 -> 12719836
A12: =INDEX({"Despesas";"Expenses"},Home!$R$30) -> Despesas
A13: =INDEX({"Vendas";"Selling Expenses"},Home!$R$30) -> Vendas | B13: -224401 | C13: -241982 | D13: -261867 | E13: -272853 | F13: -271761 | G13: -289794 | H13: -317061 | I13: -320641 | J13: -328931 | K13: -341034 | L13: -365150 | M13: -385467 | N13: -390161 | O13: -419952 | P13: -452371 | Q13: -490616 | R13: -501633.34 | S13: -546841.84 | T13: -571422.57 | U13: -598867.25 | V13: -599142.03 | W13: -616900.31 | X13: -642400.37 | Y13: -670608.11 | Z13: -674838.78 | AA13: -704268.15 | AB13: -735402.58 | AC13: -786501.87 | AD13: -795119.66 | AE13: -823210.02 | AF13: -851825.15 | AG13: -918901.68 | AH13: -940499.74 | AI13: -945308.37 | AJ13: -963626.3 | AK13: -1027786.2 | AL13: -1060049.8 | AM13: -1119754.2 | AN13: -1164751.6 | AO13: -1261758.2 | AP13: -1296525.9 | AQ13: -1330304.4 | AR13: -1393832.4 | AS13: -1429542.2 | AT13: -1484700.3 | AU13: -1543981.5 | AV13: -1614133.1 | AW13: -1726604.9 | AX13: -1675501.8 | AY13: -1789657.1 | AZ13: -1836993.9 | BA13: -1953049.5 | BB13: -1902460.4 | BC13: -1982851.1 | BD13: -2064780.6 | BE13: -2258851.2 | BF13: -2275228.1 | BG13: -2370424 | BI13: =SUM(B13:E13) -> -1001103 | BJ13: =SUM(F13:I13) -> -1199257 | BK13: =SUM(J13:M13) -> -1420582 | BL13: =SUM(N13:Q13) -> -1753100 | BM13: =SUM(R13:U13) -> -2218765 | BN13: =SUM(V13:Y13) -> -2529050.8 | BO13: =SUM(Z13:AC13) -> -2901011.4 | BP13: =SUM(AD13:AG13) -> -3389056.5 | BQ13: =SUM(AH13:AK13) -> -3877220.6 | BR13: =SUM(AL13:AO13) -> -4606313.9 | BS13: =SUM(AP13:AS13) -> -5450204.9 | BT13: =SUM(AT13:AW13) -> -6369419.8 | BU13: =SUM(AX13:BA13) -> -7255202.4 | BV13: =SUM(BB13:BE13) -> -8208943.3
A14: =INDEX({"Gerais e administrativas";"General and Administrative"},Home!$R$30) -> Gerais e administrativas | B14: -40753 | C14: -44832 | D14: -37094 | E14: -44631 | F14: -44414 | G14: -40495 | H14: -43933 | I14: -47164 | J14: -49482 | K14: -53840 | L14: -47050 | M14: -48915 | N14: -52527 | O14: -63913 | P14: -61337 | Q14: -61348 | R14: -62467.71 | S14: -73172.41 | T14: -74607.92 | U14: -87480.27 | V14: -78464.22 | W14: -81734.9 | X14: -81533.05 | Y14: -86931.31 | Z14: -79734.7 | AA14: -83283.46 | AB14: -86122.87 | AC14: -100177.32 | AD14: -96474.049 | AE14: -102387.71 | AF14: -110118.17 | AG14: -141670.12 | AH14: -131994.98 | AI14: -143003.33 | AJ14: -134210.87 | AK14: -175583.89 | AL14: -165947.37 | AM14: -180183.03 | AN14: -204543.97 | AO14: -241936.42 | AP14: -243528.18 | AQ14: -260283.83 | AR14: -284142.14 | AS14: -309186.38 | AT14: -267103.13 | AU14: -288814.47 | AV14: -306591.93 | AW14: -329083.02 | AX14: -303912.25 | AY14: -317946.13 | AZ14: -322976.67 | BA14: -363548.93 | BB14: -294489.03 | BC14: -288001.92 | BD14: -299918.95 | BE14: -325432.01 | BF14: -296621.88 | BG14: -308299.11 | BI14: =SUM(B14:E14) -> -167310 | BJ14: =SUM(F14:I14) -> -176006 | BK14: =SUM(J14:M14) -> -199287 | BL14: =SUM(N14:Q14) -> -239125 | BM14: =SUM(R14:U14) -> -297728.31 | BN14: =SUM(V14:Y14) -> -328663.48 | BO14: =SUM(Z14:AC14) -> -349318.35 | BP14: =SUM(AD14:AG14) -> -450650.05 | BQ14: =SUM(AH14:AK14) -> -584793.06 | BR14: =SUM(AL14:AO14) -> -792610.8 | BS14: =SUM(AP14:AS14) -> -1097140.5 | BT14: =SUM(AT14:AW14) -> -1191592.5 | BU14: =SUM(AX14:BA14) -> -1308384 | BV14: =SUM(BB14:BE14) -> -1207841.9
A15: =INDEX({"Outras despesas operacionais, líquidas";"Other Operating Expenses, Net"},Home!$R$30) -> Outras despesas operacionais, líquidas
A16: =INDEX({"Despesas operacionais";"Total expenses"},Home!$R$30) -> Despesas operacionais | B16: =SUM(B13:B15) -> -265154 | C16: =SUM(C13:C15) -> -286814 | D16: =SUM(D13:D15) -> -298961 | E16: =SUM(E13:E15) -> -317484 | F16: =SUM(F13:F15) -> -316175 | G16: =SUM(G13:G15) -> -330289 | H16: =SUM(H13:H15) -> -360994 | I16: =SUM(I13:I15) -> -367805 | ... BG16: =SUM(BG13:BG15) -> -2678723.1 | BI16: =SUM(BI13:BI15) -> -1168413 | BJ16: =SUM(BJ13:BJ15) -> -1375263 | BK16: =SUM(BK13:BK15) -> -1619869 | BL16: =SUM(BL13:BL15) -> -1992225 | BM16: =SUM(BM13:BM15) -> -2516493.3 | BN16: =SUM(BN13:BN15) -> -2857714.3 | BO16: =SUM(BO13:BO15) -> -3250329.7 | BP16: =SUM(BP13:BP15) -> -3839706.6 | ... BV16: =SUM(BV13:BV15) -> -9416785.2
A18: =INDEX({"EBITDA";"EBITDA"},Home!$R$30) -> EBITDA | B18: =B16+B10 -> 63611 | C18: =C16+C10 -> 102980 | D18: =D16+D10 -> 84408 | E18: =E16+E10 -> 86087 | F18: =F16+F10 -> 69063 | G18: =G16+G10 -> 106608 | H18: =H16+H10 -> 94373 | I18: =I16+I10 -> 102675 | ... BG18: =BG16+BG10 -> 1017348 | BI18: =BI16+BI10 -> 337086 | BJ18: =BJ16+BJ10 -> 372719 | BK18: =BK16+BK10 -> 544121.21 | BL18: =BL16+BL10 -> 743515.92 | BM18: =BM16+BM10 -> 987649.69 | BN18: =BN16+BN10 -> 1130284.9 | BO18: =BO16+BO10 -> 1195191.5 | BP18: =BP16+BP10 -> 1343595 | ... BV18: =BV16+BV10 -> 3303051
A20: =INDEX({"Depreciação e Amortização";"Depreciation and Amortization"},Home!$R$30) -> Depreciação e Amortização | B20: -28913 | C20: -30384 | D20: -31868 | E20: -33162 | F20: -36065 | G20: -39005 | H20: -41220 | I20: -42446 | J20: -43699 | K20: -44081 | L20: -48364 | M20: -51669 | N20: -53573 | O20: -55640 | P20: -57760 | Q20: -60086 | R20: -62929.8 | S20: -66609.36 | T20: -70498.54 | U20: -74396.6 | V20: -77521.92 | W20: -81509.78 | X20: -86759.9 | Y20: -92122.99 | Z20: -96037.82 | AA20: -100267.72 | AB20: -105518.24 | AC20: -112309.8 | AD20: -117817.55 | AE20: -124442.45 | AF20: -127447.17 | AG20: -133255.71 | AH20: -135810.74 | AI20: -138933.67 | AJ20: -141530.99 | AK20: -147571.34 | AL20: -147342.72 | AM20: -150430.4 | AN20: -158034.22 | AO20: -171187.45 | AP20: -167692 | AQ20: -171807.52 | AR20: -176883.63 | AS20: -184667.68 | AT20: -188601.54 | AU20: -194594.86 | AV20: -204298.33 | AW20: -212194.05 | AX20: -216969.19 | AY20: -223047.96 | AZ20: -231510.63 | BA20: -238323.99 | BB20: -247286.79 | BC20: -251535.42 | BD20: -264817.09 | BE20: -274658.59 | BF20: -272450.48 | BG20: -277133.99 | BI20: =SUM(B20:E20) -> -124327 | BJ20: =SUM(F20:I20) -> -158736 | BK20: =SUM(J20:M20) -> -187813 | BL20: =SUM(N20:Q20) -> -227059 | BM20: =SUM(R20:U20) -> -274434.3 | BN20: =SUM(V20:Y20) -> -337914.59 | BO20: =SUM(Z20:AC20) -> -414133.58 | BP20: =SUM(AD20:AG20) -> -502962.88 | BQ20: =SUM(AH20:AK20) -> -563846.74 | BR20: =SUM(AL20:AO20) -> -626994.79 | BS20: =SUM(AP20:AS20) -> -701050.83 | BT20: =SUM(AT20:AW20) -> -799688.78 | BU20: =SUM(AX20:BA20) -> -909851.78 | BV20: =SUM(BB20:BE20) -> -1038297.9
A22: =INDEX({"Lucro operacional antes do resultado financeiro";"Operational Earnings before Financial Results"},Home!$R$30) -> Lucro operacional antes do resultado financeiro | B22: =B20+B18 -> 34698 | C22: =C20+C18 -> 72596 | D22: =D20+D18 -> 52540 | E22: =E20+E18 -> 52925 | F22: =F20+F18 -> 32998 | G22: =G20+G18 -> 67603 | H22: =H20+H18 -> 53153 | I22: =I20+I18 -> 60229 | ... BG22: =BG20+BG18 -> 740213.98 | BI22: =BI20+BI18 -> 212759 | BJ22: =BJ20+BJ18 -> 213983 | BK22: =BK20+BK18 -> 356308.21 | BL22: =BL20+BL18 -> 516456.92 | BM22: =BM20+BM18 -> 713215.39 | BN22: =BN20+BN18 -> 792370.34 | BO22: =BO20+BO18 -> 781057.88 | BP22: =BP20+BP18 -> 840632.13 | ... BV22: =BV20+BV18 -> 2264753.1
A24: =INDEX({"Despesas financeiras";"Financial Expenses"},Home!$R$30) -> Despesas financeiras | B24: -13400 | C24: -13162 | D24: -13554 | E24: -12421 | F24: -13194 | G24: -13856 | H24: -15671 | I24: -19025 | J24: -14304.44 | K24: -15541.05 | L24: -14655.6 | M24: -18642.33 | N24: -29962 | O24: -37060 | P24: -42015 | Q24: -47855 | R24: -42893.71 | S24: -47918 | T24: -59842.13 | U24: -69165.22 | V24: -57709.52 | W24: -57946.98 | X24: -57199.32 | Y24: -40066.39 | Z24: -32605.02 | AA24: -44198.83 | AB24: -46218.17 | AC24: -31414.58 | AD24: -46015.171 | AE24: -48678.218 | AF24: -62145.724 | AG24: -43722.399 | AH24: -38290.618 | AI24: -35123.54 | AJ24: -31776.601 | AK24: -30289.495 | AL24: -29544.26 | AM24: -40397.12 | AN24: -62946.025 | AO24: -102557.29 | AP24: -125001.73 | AQ24: -164735.15 | AR24: -213800.62 | AS24: -191085.43 | AT24: -250952.16 | AU24: -246783.63 | AV24: -244874.23 | AW24: -236585.59 | AX24: -258087.72 | AY24: -248520.11 | AZ24: -238923.33 | BA24: -253311.38 | BB24: -265005.7 | BC24: -310427.93 | BD24: -340849.66 | BE24: -369879.05 | BF24: -349769.49 | BG24: -336869.45 | BI24: =SUM(B24:E24) -> -52537 | BJ24: =SUM(F24:I24) -> -61746 | BK24: =SUM(J24:M24) -> -63143.42 | BL24: =SUM(N24:Q24) -> -156892 | BM24: =SUM(R24:U24) -> -219819.06 | BN24: =SUM(V24:Y24) -> -212922.21 | BO24: =SUM(Z24:AC24) -> -154436.6 | BP24: =SUM(AD24:AG24) -> -200561.51 | BQ24: =SUM(AH24:AK24) -> -135480.25 | BR24: =SUM(AL24:AO24) -> -235444.7 | BS24: =SUM(AP24:AS24) -> -694622.93 | BT24: =SUM(AT24:AW24) -> -979195.6 | BU24: =SUM(AX24:BA24) -> -998842.54 | BV24: =SUM(BB24:BE24) -> -1286162.3
A25: =INDEX({"Receitas financeiras";"Financial Revenues"},Home!$R$30) -> Receitas financeiras | B25: 12964 | C25: 9032 | D25: 8724 | E25: 8024 | F25: 6681 | G25: 7671 | H25: 9449 | I25: 11813 | J25: 5478.87 | K25: 4403.81 | L25: 5753.84 | M25: 5707.69 | N25: 14785 | O25: 21344 | P25: 26388 | Q25: 26799 | R25: 25704.74 | S25: 23282 | T25: 29281.12 | U25: 31229.2 | V25: 28219.38 | W25: 28806.45 | X25: 28231.15 | Y25: 21626.25 | Z25: 16467.19 | AA25: 18335.94 | AB25: 19468.38 | AC25: 17511.51 | AD25: 17654.269 | AE25: 15902.565 | AF25: 21221.724 | AG25: 21291.488 | AH25: 15859.035 | AI25: 14936.425 | AJ25: 9786.6876 | AK25: 13600.097 | AL25: 10712.15 | AM25: 13491.534 | AN25: 23014.121 | AO25: 32799.436 | AP25: 46762.404 | AQ25: 66566.171 | AR25: 88286.656 | AS25: 91971.026 | AT25: 91224.002 | AU25: 100245.04 | AV25: 95159.607 | AW25: 142106.07 | AX25: 102544.76 | AY25: 105837.66 | AZ25: 97334.06 | BA25: 138875.44 | BB25: 86174.236 | BC25: 106401.07 | BD25: 129924.1 | BE25: 116092.66 | BF25: 134488.07 | BG25: 139545.17 | BI25: =SUM(B25:E25) -> 38744 | BJ25: =SUM(F25:I25) -> 35614 | BK25: =SUM(J25:M25) -> 21344.21 | BL25: =SUM(N25:Q25) -> 89316 | BM25: =SUM(R25:U25) -> 109497.06 | BN25: =SUM(V25:Y25) -> 106883.23 | BO25: =SUM(Z25:AC25) -> 71783.02 | BP25: =SUM(AD25:AG25) -> 76070.046 | BQ25: =SUM(AH25:AK25) -> 54182.245 | BR25: =SUM(AL25:AO25) -> 80017.241 | BS25: =SUM(AP25:AS25) -> 293586.26 | BT25: =SUM(AT25:AW25) -> 428734.72 | BU25: =SUM(AX25:BA25) -> 444591.92 | BV25: =SUM(BB25:BE25) -> 438592.06
A26: =INDEX({"Despesas / Receitas Financeiras";"Financial Expenses/Revenues"},Home!$R$30) -> Despesas / Receitas Financeiras | B26: =B25+B24 -> -436 | C26: =C25+C24 -> -4130 | D26: =D25+D24 -> -4830 | E26: =E25+E24 -> -4397 | F26: =F25+F24 -> -6513 | G26: =G25+G24 -> -6185 | H26: =H25+H24 -> -6222 | I26: =I25+I24 -> -7212 | ... BG26: =BG25+BG24 -> -197324.29 | BI26: =BI25+BI24 -> -13793 | BJ26: =BJ25+BJ24 -> -26132 | BK26: =BK25+BK24 -> -41799.21 | BL26: =BL25+BL24 -> -67576 | BM26: =BM25+BM24 -> -110322 | BN26: =BN25+BN24 -> -106038.98 | BO26: =BO25+BO24 -> -82653.58 | BP26: =BP25+BP24 -> -124491.46 | ... BV26: =BV25+BV24 -> -847570.28
A28: =INDEX({"Equivalência Patrimonial";"Equity Equivalence"},Home!$R$30) -> Equivalência Patrimonial | B28: 0 | C28: 0 | D28: 0 | E28: 0 | F28: 0 | G28: 0 | H28: 0 | I28: 0 | J28: 0 | K28: 0 | L28: 0 | M28: 0 | N28: 0 | O28: 0 | P28: 0 | Q28: 0 | R28: 0 | S28: 0 | T28: 0 | U28: 0 | V28: 0 | W28: 0 | X28: 0 | Y28: 0 | Z28: 0 | AA28: 0 | AB28: 0 | AC28: 0 | AD28: 0 | AE28: 0 | AF28: 0 | AG28: 0 | AH28: 0 | AI28: 0 | AJ28: -4316.2465 | AK28: -3550.9015 | AL28: -1514.8494 | AM28: -1486.2648 | AN28: 179.12029 | AO28: 1693.8713 | AP28: 43.870832 | AQ28: 266.69691 | AR28: 188.73402 | AS28: -2031.5396 | AT28: -2382.2872 | AU28: -836.91611 | AV28: -1854.3451 | AW28: -5547.2047 | AX28: 2501.1031 | AY28: -523.69014 | AZ28: -209.30289 | BA28: 2492.115 | BB28: -1429.3415 | BC28: -466.5781 | BD28: 1033.7813 | BE28: 2700.8939 | BF28: -201.23325 | BG28: -180.30821 | BI28: =SUM(B28:E28) -> 0 | BJ28: =SUM(F28:I28) -> 0 | BK28: =SUM(J28:M28) -> 0 | BL28: =SUM(N28:Q28) -> 0 | BM28: =SUM(R28:U28) -> 0 | BN28: =SUM(V28:Y28) -> 0 | BO28: =SUM(Z28:AC28) -> 0 | BP28: =SUM(AD28:AG28) -> 0 | BQ28: =SUM(AH28:AK28) -> -7867.148 | BR28: =SUM(AL28:AO28) -> -1128.1226 | BS28: =SUM(AP28:AS28) -> -1532.2378 | BT28: =SUM(AT28:AW28) -> -10620.753 | BU28: =SUM(AX28:BA28) -> 4260.225 | BV28: =SUM(BB28:BE28) -> 1838.7556
A30: =INDEX({"Lucro antes do IR e da contribuição social";"Earnings before Income Tax and Social Charges"},Home!$R$30) -> Lucro antes do IR e da contribuição social | B30: =B26+B22+B28 -> 34262 | C30: =C26+C22+C28 -> 68466 | D30: =D26+D22+D28 -> 47710 | E30: =E26+E22+E28 -> 48528 | F30: =F26+F22+F28 -> 26485 | G30: =G26+G22+G28 -> 61418 | H30: =H26+H22+H28 -> 46931 | I30: =I26+I22+I28 -> 53017 | ... BG30: =BG26+BG22+BG28 -> 542709.39 | BI30: =BI26+BI22+BI28 -> 198966 | BJ30: =BJ26+BJ22+BJ28 -> 187851 | BK30: =BK26+BK22+BK28 -> 314509 | BL30: =BL26+BL22+BL28 -> 448880.92 | BM30: =BM26+BM22+BM28 -> 602893.39 | BN30: =BN26+BN22+BN28 -> 686331.36 | BO30: =BO26+BO22+BO28 -> 698404.3 | BP30: =BP26+BP22+BP28 -> 716140.67 | ... BV30: =BV26+BV22+BV28 -> 1419021.6
A32: =INDEX({"Imposto de renda e contribuição social";"Income Tax and Social Charges"},Home!$R$30) -> Imposto de renda e contribuição social | B32: -9442.22 | C32: -17339.12 | D32: -10681.9 | E32: -17258.38 | F32: -8444.66 | G32: -15780.88 | H32: -15006.08 | I32: -15646.8 | J32: -12164 | K32: -21814.12 | L32: -20891.36 | M32: -30000.34 | N32: -14366 | O32: -38907 | P32: -24458.59 | Q32: -22811.13 | R32: -22589 | S32: -56497.67 | T32: -36060.52 | U32: -31427.41 | V32: -31578.35 | W32: -52465.29 | X32: -44242.25 | Y32: -45532.94 | Z32: -38721.59 | AA32: -48742.4 | AB32: -31834.06 | AC32: -30492.01 | AD32: -18397.332 | AE32: -45983.497 | AF32: -38559.426 | AG32: -26052.272 | AH32: -58360.903 | AI32: -11001.634 | AJ32: -56450.705 | AK32: -49359.105 | AL32: -70218.639 | AM32: -86270.994 | AN32: -74810.426 | AO32: -4219.5013 | AP32: 2774.9665 | AQ32: -114052.45 | AR32: -42884.367 | AS32: -12523.25 | AT32: -8464.4671 | AU32: -76429.582 | AV32: -33786.433 | AW32: -19008.162 | AX32: -96139.184 | AY32: -101528.77 | AZ32: -100586.14 | BA32: 54160.841 | BB32: -33468.589 | BC32: -62940.603 | BD32: -71070.67 | BE32: -48401.591 | BF32: -49598.61 | BG32: -118284.47 | BI32: =SUM(B32:E32) -> -54721.62 | BJ32: =SUM(F32:I32) -> -54878.42 | BK32: =SUM(J32:M32) -> -84869.82 | BL32: =SUM(N32:Q32) -> -100542.72 | BM32: =SUM(R32:U32) -> -146574.6 | BN32: =SUM(V32:Y32) -> -173818.83 | BO32: =SUM(Z32:AC32) -> -149790.06 | BP32: =SUM(AD32:AG32) -> -128992.53 | BQ32: =SUM(AH32:AK32) -> -175172.35 | BR32: =SUM(AL32:AO32) -> -235519.56 | BS32: =SUM(AP32:AS32) -> -166685.1 | BT32: =SUM(AT32:AW32) -> -137688.64 | BU32: =SUM(AX32:BA32) -> -244093.25 | BV32: =SUM(BB32:BE32) -> -215881.45
A34: =INDEX({"Lucro líq. operações continuadas";"Net income continued operations"},Home!$R$30) -> Lucro líq. operações continuadas | B34: =B32+B30 -> 24819.78 | C34: =C32+C30 -> 51126.88 | D34: =D32+D30 -> 37028.1 | E34: =E32+E30 -> 31269.62 | F34: =F32+F30 -> 18040.34 | G34: =G32+G30 -> 45637.12 | H34: =H32+H30 -> 31924.92 | I34: =I32+I30 -> 37370.2 | ... BG34: =BG32+BG30 -> 424424.92 | BI34: =BI32+BI30 -> 144244.38 | BJ34: =BJ32+BJ30 -> 132972.58 | BK34: =BK32+BK30 -> 229639.18 | BL34: =BL32+BL30 -> 348338.2 | BM34: =BM32+BM30 -> 456318.79 | BN34: =BN32+BN30 -> 512512.53 | BO34: =BO32+BO30 -> 548614.24 | BP34: =BP32+BP30 -> 587148.14 | ... BV34: =BV32+BV30 -> 1203140.1
A36: =INDEX({"Resultado de operações descontinuadas (4Bio)";"Results of discontinued operations (4Bio)"},Home!$R$30) -> Resultado de operações descontinuadas (4Bio) | B36: 0 | C36: 0 | D36: 0 | E36: 0 | F36: 0 | G36: 0 | H36: 0 | I36: 0 | J36: 0 | K36: 0 | L36: 0 | M36: 0 | N36: 0 | O36: 0 | P36: 0 | Q36: 0 | R36: 0 | S36: 0 | T36: 0 | U36: 0 | V36: 0 | W36: 0 | X36: 0 | Y36: 0 | Z36: 0 | AA36: 0 | AB36: 0 | AC36: 0 | AD36: 0 | AE36: 0 | AF36: 0 | AG36: 0 | AH36: 0 | AI36: 0 | AJ36: 0 | AK36: 0 | AL36: 0 | AM36: 0 | AN36: 0 | AO36: 0 | AP36: 0 | AQ36: 0 | AR36: 0 | AS36: 0 | AT36: 0 | AU36: 0 | AV36: 0 | AW36: 0 | AX36: 0 | AY36: 0 | AZ36: 0 | BA36: 0 | BB36: 14961.702 | BC36: 58733.862 | BD36: 55173.661 | BE36: 11481.314 | BF36: 16497.782 | BG36: 8304.2441 | BI36: =SUM(B36:E36) -> 0 | BJ36: =SUM(F36:I36) -> 0 | BK36: =SUM(J36:M36) -> 0 | BL36: =SUM(N36:Q36) -> 0 | BM36: =SUM(R36:U36) -> 0 | BN36: =SUM(V36:Y36) -> 0 | BO36: =SUM(Z36:AC36) -> 0 | BP36: =SUM(AD36:AG36) -> 0 | BQ36: =SUM(AH36:AK36) -> 0 | BR36: =SUM(AL36:AO36) -> 0 | BS36: =SUM(AP36:AS36) -> 0 | BT36: =SUM(AT36:AW36) -> 0 | BU36: =SUM(AX36:BA36) -> 0 | BV36: =SUM(BB36:BE36) -> 140350.54
A37: =INDEX({"Lucro líquido";"Net income"},Home!$R$30) -> Lucro líquido | B37: =B36+B34 -> 24819.78 | C37: =C36+C34 -> 51126.88 | D37: =D36+D34 -> 37028.1 | E37: =E36+E34 -> 31269.62 | F37: =F36+F34 -> 18040.34 | G37: =G36+G34 -> 45637.12 | H37: =H36+H34 -> 31924.92 | I37: =I36+I34 -> 37370.2 | ... BG37: =BG36+BG34 -> 432729.16 | BI37: =BI36+BI34 -> 144244.38 | BJ37: =BJ36+BJ34 -> 132972.58 | BK37: =BK36+BK34 -> 229639.18 | BL37: =BL36+BL34 -> 348338.2 | BM37: =BM36+BM34 -> 456318.79 | BN37: =BN36+BN34 -> 512512.53 | BO37: =BO36+BO34 -> 548614.24 | BP37: =BP36+BP34 -> 587148.14 | ... BV37: =BV36+BV34 -> 1343490.6
A39: =INDEX({"*Inclui 4Bio a partir do 1T14.";"*Includes 4Bio as of 1Q14."},Home!$R$30) -> *Inclui 4Bio a partir do 1T14.
A40: =INDEX({"**Ajustado para considerar as operações da Onofre somente após suas respectivas integrações. As lojas foram incluídas de agosto em diante, enquanto a operação de e-commerce e as estruturas corporativa e de logística foram excluídas nesse trimestre.";"**Adjusted to consider Onofre’s operations only after their respective integration. Therefore, the stores are included from August onwards, while the e-commerce operations, as well as the corporate and logistics structures, have been fully excluded."},Home!$R$30) -> **Ajustado para considerar as operações da Onofre somente após suas respectivas integrações. As lojas foram incluídas de agosto em diante, enquanto a operação de e-commerce e as estruturas corporativa e de logística foram excluídas nesse trimestre.

Sheet P&L
A1: =INDEX({"DRE Consolidado IAS 17 (R$ mil)";"Consolidated Income Statement IAS 17 (R$ thousands)"},Home!$R$30) -> DRE Consolidado IAS 17 (R$ mil) | B1: =INDEX({"1T12";"1Q12"},Home!$R$30) -> 1T12 | C1: =INDEX({"2T12";"2Q12"},Home!$R$30) -> 2T12 | D1: =INDEX({"3T12";"3Q12"},Home!$R$30) -> 3T12 | E1: =INDEX({"4T12";"4Q12"},Home!$R$30) -> 4T12 | F1: =INDEX({"1T13";"1Q13"},Home!$R$30) -> 1T13 | G1: =INDEX({"2T13";"2Q13"},Home!$R$30) -> 2T13 | H1: =INDEX({"3T13";"3Q13"},Home!$R$30) -> 3T13 | I1: =INDEX({"4T13";"4Q13"},Home!$R$30) -> 4T13 | J1: =INDEX({"1T14*";"1Q14*"},Home!$R$30) -> 1T14* | K1: =INDEX({"2T14";"2Q14"},Home!$R$30) -> 2T14 | L1: =INDEX({"3T14";"3Q14"},Home!$R$30) -> 3T14 | M1: =INDEX({"4T14";"4Q14"},Home!$R$30) -> 4T14 | N1: =INDEX({"1T15";"1Q15"},Home!$R$30) -> 1T15 | O1: =INDEX({"2T15";"2Q15"},Home!$R$30) -> 2T15 | P1: =INDEX({"3T15";"3Q15"},Home!$R$30) -> 3T15 | Q1: =INDEX({"4T15";"4Q15"},Home!$R$30) -> 4T15 | R1: =INDEX({"1T16";"1Q16"},Home!$R$30) -> 1T16 | S1: =INDEX({"2T16";"2Q16"},Home!$R$30) -> 2T16 | T1: =INDEX({"3T16";"3Q16"},Home!$R$30) -> 3T16 | U1: =INDEX({"4T16";"4Q16"},Home!$R$30) -> 4T16 | V1: =INDEX({"1T17";"1Q17"},Home!$R$30) -> 1T17 | W1: =INDEX({"2T17";"2Q17"},Home!$R$30) -> 2T17 | X1: =INDEX({"3T17";"3Q17"},Home!$R$30) -> 3T17 | Y1: =INDEX({"4T17";"4Q17"},Home!$R$30) -> 4T17 | Z1: =INDEX({"1T18";"1Q18"},Home!$R$30) -> 1T18 | AA1: =INDEX({"2T18";"2Q18"},Home!$R$30) -> 2T18 | AB1: =INDEX({"3T18";"3Q18"},Home!$R$30) -> 3T18 | AC1: =INDEX({"4T18";"4Q18"},Home!$R$30) -> 4T18 | AD1: =INDEX({"1T19";"1Q19"},Home!$R$30) -> 1T19 | AE1: =INDEX({"2T19";"2Q19"},Home!$R$30) -> 2T19 | AF1: =INDEX({"3T19**";"3Q19**"},Home!$R$30) -> 3T19** | AG1: =INDEX({"4T19";"4Q19"},Home!$R$30) -> 4T19 | AH1: =INDEX({"1T20";"1Q20"},Home!$R$30) -> 1T20 | AI1: =INDEX({"2T20";"2Q20"},Home!$R$30) -> 2T20 | AJ1: =INDEX({"3T20";"3Q20"},Home!$R$30) -> 3T20 | AK1: =INDEX({"4T20";"4Q20"},Home!$R$30) -> 4T20 | AL1: =INDEX({"1T21";"1Q21"},Home!$R$30) -> 1T21 | AM1: =INDEX({"2T21";"2Q21"},Home!$R$30) -> 2T21 | AN1: =INDEX({"3T21";"3Q21"},Home!$R$30) -> 3T21 | AO1: =INDEX({"4T21";"4Q21"},Home!$R$30) -> 4T21 | AP1: =INDEX({"1T22";"1Q22"},Home!$R$30) -> 1T22 | AQ1: =INDEX({"2T22";"2Q22"},Home!$R$30) -> 2T22 | AR1: =INDEX({"3T22";"3Q22"},Home!$R$30) -> 3T22 | AS1: =INDEX({"4T22";"4Q22"},Home!$R$30) -> 4T22 | AT1: =INDEX({"1T23";"1Q23"},Home!$R$30) -> 1T23 | AU1: =INDEX({"2T23";"2Q23"},Home!$R$30) -> 2T23 | AV1: =INDEX({"3T23";"3Q23"},Home!$R$30) -> 3T23 | AW1: =INDEX({"4T23";"4Q23"},Home!$R$30) -> 4T23 | AX1: =INDEX({"1T24";"1Q24"},Home!$R$30) -> 1T24 | AY1: =INDEX({"2T24";"2Q24"},Home!$R$30) -> 2T24 | AZ1: =INDEX({"3T24";"3Q24"},Home!$R$30) -> 3T24 | BA1: =INDEX({"4T24";"4Q24"},Home!$R$30) -> 4T24 | BB1: =INDEX({"1T25";"1Q25"},Home!$R$30) -> 1T25 | BC1: =INDEX({"2T25";"2Q25"},Home!$R$30) -> 2T25 | BD1: =INDEX({"3T25";"3Q25"},Home!$R$30) -> 3T25 | BE1: =INDEX({"4T25";"4Q25"},Home!$R$30) -> 4T25 | BF1: =INDEX({"1T26";"1Q26"},Home!$R$30) -> 1T26 | BG1: =INDEX({"2T26";"2Q26"},Home!$R$30) -> 2T26 | BI1: 2012 | BJ1: =BI1+1 -> 2013 | BK1: =BJ1+1 -> 2014 | BL1: =BK1+1 -> 2015 | BM1: =BL1+1 -> 2016 | BN1: =BM1+1 -> 2017 | BO1: =BN1+1 -> 2018 | BP1: =BO1+1 -> 2019 | BQ1: =BP1+1 -> 2020 | ... BV1: =BU1+1 -> 2025
AT2: =INDEX({"Reclassif.";"Reclassif."},Home!$R$30) -> Reclassif. | AU2: =INDEX({"Reclassif.";"Reclassif."},Home!$R$30) -> Reclassif. | AV2: =INDEX({"Reclassif.";"Reclassif."},Home!$R$30) -> Reclassif. | AW2: =INDEX({"Reclassif.";"Reclassif."},Home!$R$30) -> Reclassif. | BB2: =INDEX({"Reapresentado";"Resubmitted"},Home!$R$30) -> Reapresentado | BC2: =INDEX({"Reapresentado";"Resubmitted"},Home!$R$30) -> Reapresentado | BD2: =INDEX({"Reapresentado";"Resubmitted"},Home!$R$30) -> Reapresentado | BE2: =INDEX({"Reapresentado";"Resubmitted"},Home!$R$30) -> Reapresentado | BT2: =INDEX({"Reclassif.";"Reclassif."},Home!$R$30) -> Reclassif. | BV2: =INDEX({"Reapresentado";"Resubmitted"},Home!$R$30) -> Reapresentado
A3: =INDEX({"Receita bruta de vendas e serviços";"Gross revenue"},Home!$R$30) -> Receita bruta de vendas e serviços | B3: 1286847 | C3: 1375186 | D3: 1451823 | E3: 1479979 | F3: 1438405 | G3: 1604091 | H3: 1682958 | I3: 1738649 | J3: 1746332 | K3: 1885310 | L3: 2024309 | M3: 2128284 | N3: 2090599 | O3: 2323102 | P3: 2436861 | Q3: 2574215 | R3: 2641079.1 | S3: 2930451.4 | T3: 3050163.1 | U3: 3205873 | V3: 3212406.1 | W3: 3397859.9 | X3: 3580024.5 | Y3: 3662178.2 | Z3: 3603969 | AA3: 3791577.7 | AB3: 3944676.8 | AC3: 4178909.4 | AD3: 4153922.9 | AE3: 4440683.3 | AF3: 4771279.9 | AG3: 5030160.1 | AH3: 5206320.2 | AI3: 4721872.3 | AJ3: 5384230.3 | AK3: 5868052.5 | AL3: 5979507 | AM3: 6245162 | AN3: 6527874.7 | AO3: 6853140.2 | AP3: 6972490 | AQ3: 7641161.4 | AR3: 7985786 | AS3: 8351126.3 | AT3: 8471318.9 | AU3: 9013830 | AV3: 9274782.4 | AW3: 9538835.7 | AX3: 9767155.5 | AY3: 10402635 | AZ3: 10749830 | BA3: 10862353 | BB3: 9947885.9 | BC3: 10803986 | BD3: 11347942 | BE3: 12186767 | BF3: 11979521 | BG3: 12777743 | BI3: =SUM(B3:E3) -> 5593835 | BJ3: =SUM(F3:I3) -> 6464103 | BK3: =SUM(J3:M3) -> 7784235 | BL3: =SUM(N3:Q3) -> 9424777 | BM3: =SUM(R3:U3) -> 11827567 | BN3: =SUM(V3:Y3) -> 13852469 | BO3: =SUM(Z3:AC3) -> 15519133 | BP3: =SUM(AD3:AG3) -> 18396046 | BQ3: =SUM(AH3:AK3) -> 21180475 | BR3: =SUM(AL3:AO3) -> 25605684 | BS3: =SUM(AP3:AS3) -> 30950564 | BT3: =SUM(AT3:AW3) -> 36298767 | BU3: =SUM(AX3:BA3) -> 41781973 | BV3: =SUM(BB3:BE3) -> 44286581
A4: =INDEX({"Deduções";"Taxes, Discounts and Returns"},Home!$R$30) -> Deduções | B4: -56820 | C4: -58392 | D4: -62240 | E4: -58048 | F4: -54634 | G4: -70953 | H4: -64687 | I4: -66660 | J4: -69356 | K4: -76180 | L4: -80346 | M4: -86264 | N4: -86153 | O4: -96387 | P4: -104321 | Q4: -115961 | R4: -125651.82 | S4: -147239.9 | T4: -149233.27 | U4: -148876.21 | V4: -155295.65 | W4: -160601.76 | X4: -163184.37 | Y4: -160881.96 | Z4: -170391.34 | AA4: -177588.81 | AB4: -187862.87 | AC4: -181845.1 | AD4: -200571.39 | AE4: -215189.34 | AF4: -232343.88 | AG4: -245045.46 | AH4: -256448.92 | AI4: -252097.95 | AJ4: -290778.77 | AK4: -314311.33 | AL4: -359456.14 | AM4: -376898.38 | AN4: -363013 | AO4: -379314.78 | AP4: -409985.51 | AQ4: -462399.96 | AR4: -495920.3 | AS4: -514877.67 | AT4: -546933 | AU4: -581161.81 | AV4: -610296.09 | AW4: -629677.57 | AX4: -666661.6 | AY4: -715414.97 | AZ4: -760708.15 | BA4: -767666.77 | BB4: -674903.76 | BC4: -729302.57 | BD4: -767440.05 | BE4: -817574.63 | BF4: -1410931.5 | BG4: -1715344.4 | BI4: =SUM(B4:E4) -> -235500 | BJ4: =SUM(F4:I4) -> -256934 | BK4: =SUM(J4:M4) -> -312146 | BL4: =SUM(N4:Q4) -> -402822 | BM4: =SUM(R4:U4) -> -571001.2 | BN4: =SUM(V4:Y4) -> -639963.74 | BO4: =SUM(Z4:AC4) -> -717688.12 | BP4: =SUM(AD4:AG4) -> -893150.08 | BQ4: =SUM(AH4:AK4) -> -1113637 | BR4: =SUM(AL4:AO4) -> -1478682.3 | BS4: =SUM(AP4:AS4) -> -1883183.4 | BT4: =SUM(AT4:AW4) -> -2368068.5 | BU4: =SUM(AX4:BA4) -> -2910451.5 | BV4: =SUM(BB4:BE4) -> -2989221
A6: =INDEX({"Receita líquida de vendas e serviços";"Net revenue"},Home!$R$30) -> Receita líquida de vendas e serviços | B6: =B3+B4 -> 1230027 | C6: =C3+C4 -> 1316794 | D6: =D3+D4 -> 1389583 | E6: =E3+E4 -> 1421931 | F6: =F3+F4 -> 1383771 | G6: =G3+G4 -> 1533138 | H6: =H3+H4 -> 1618271 | I6: =I3+I4 -> 1671989 | ... BG6: =BG3+BG4 -> 11062399 | BI6: =BI3+BI4 -> 5358335 | BJ6: =BJ3+BJ4 -> 6207169 | BK6: =BK3+BK4 -> 7472089 | BL6: =BL3+BL4 -> 9021955 | BM6: =BM3+BM4 -> 11256565 | BN6: =BN3+BN4 -> 13212505 | BO6: =BO3+BO4 -> 14801445 | BP6: =BP3+BP4 -> 17502896 | ... BV6: =BV3+BV4 -> 41297360
A8: =INDEX({"Custo das mercadorias vendidas";"Cost of Goods Sold"},Home!$R$30) -> Custo das mercadorias vendidas | B8: -902871 | C8: -927000 | D8: -1006215 | E8: -1018360 | F8: -999932 | G8: -1106963 | H8: -1162904 | I8: -1201509 | J8: -1203327 | K8: -1273489 | L8: -1382945 | M8: -1447960 | N8: -1407841 | O8: -1523893 | P8: -1636130 | Q8: -1718350 | R8: -1758487.2 | S8: -1858386.4 | T8: -2000895.6 | U8: -2134653.2 | V8: -2135486.5 | W8: -2237537.5 | X8: -2396443.8 | Y8: -2455037.9 | Z8: -2406819.2 | AA8: -2509789.6 | AB8: -2640038.2 | AC8: -2799276.5 | AD8: -2791688.2 | AE8: -2936208.7 | AF8: -3217586 | AG8: -3374111.5 | AH8: -3508020.7 | AI8: -3149651.9 | AJ8: -3598455.3 | AK8: -3919528.3 | AL8: -3978198.9 | AM8: -4071212.6 | AN8: -4349401.3 | AO8: -4522020.6 | AP8: -4634073.7 | AQ8: -4860664.4 | AR8: -5265091.6 | AS8: -5498082.2 | AT8: -5609601.9 | AU8: -5832247.6 | AV8: -6085664.3 | AW8: -6238926.2 | AX8: -6441229.8 | AY8: -6755221.2 | AZ8: -7018436.4 | BA8: -7100566.3 | BB8: -6452871.5 | BC8: -6940850.2 | BD8: -7323210.8 | BE8: -7860591.2 | BF8: -7175953.3 | BG8: -7366327.7 | BI8: =SUM(B8:E8) -> -3854446 | BJ8: =SUM(F8:I8) -> -4471308 | BK8: =SUM(J8:M8) -> -5307721 | BL8: =SUM(N8:Q8) -> -6286214 | BM8: =SUM(R8:U8) -> -7752422.4 | BN8: =SUM(V8:Y8) -> -9224505.7 | BO8: =SUM(Z8:AC8) -> -10355924 | BP8: =SUM(AD8:AG8) -> -12319594 | BQ8: =SUM(AH8:AK8) -> -14175656 | BR8: =SUM(AL8:AO8) -> -16920834 | BS8: =SUM(AP8:AS8) -> -20257912 | BT8: =SUM(AT8:AW8) -> -23766440 | BU8: =SUM(AX8:BA8) -> -27315454 | BV8: =SUM(BB8:BE8) -> -28577524
A10: =INDEX({"Lucro bruto";"Gross profit"},Home!$R$30) -> Lucro bruto | B10: =B6+B8 -> 327156 | C10: =C6+C8 -> 389794 | D10: =D6+D8 -> 383368 | E10: =E6+E8 -> 403571 | F10: =F6+F8 -> 383839 | G10: =G6+G8 -> 426175 | H10: =H6+H8 -> 455367 | I10: =I6+I8 -> 470480 | ... BG10: =BG6+BG8 -> 3696071.1 | BI10: =BI6+BI8 -> 1503889 | BJ10: =BJ6+BJ8 -> 1735861 | BK10: =BK6+BK8 -> 2164368 | BL10: =BL6+BL8 -> 2735741 | BM10: =BM6+BM8 -> 3504143 | BN10: =BN6+BN8 -> 3987999.2 | BO10: =BO6+BO8 -> 4445521.2 | BP10: =BP6+BP8 -> 5183301.6 | ... BV10: =BV6+BV8 -> 12719836
A12: =INDEX({"Despesas";"Expenses"},Home!$R$30) -> Despesas
A13: =INDEX({"Vendas";"Selling Expenses"},Home!$R$30) -> Vendas | B13: -223716 | C13: -241654 | D13: -261255 | E13: -275705 | F13: -266660 | G13: -278613 | H13: -322162 | I13: -320641 | J13: -328931 | K13: -341034 | L13: -365150 | M13: -385467 | N13: -390161 | O13: -419952 | P13: -452371 | Q13: -490616 | R13: -501633.34 | S13: -546841.84 | T13: -571422.57 | U13: -598867.25 | V13: -599142.03 | W13: -616900.31 | X13: -642400.37 | Y13: -670608.11 | Z13: -674838.78 | AA13: -704268.15 | AB13: -735402.58 | AC13: -786501.87 | AD13: -795119.66 | AE13: -823210.02 | AF13: -851825.15 | AG13: -918901.68 | AH13: -940499.74 | AI13: -945308.37 | AJ13: -963626.3 | AK13: -1027786.2 | AL13: -1060049.8 | AM13: -1119754.2 | AN13: -1164751.6 | AO13: -1261758.2 | AP13: -1296525.9 | AQ13: -1330304.4 | AR13: -1393832.4 | AS13: -1429542.2 | AT13: -1484700.3 | AU13: -1543981.5 | AV13: -1614133.1 | AW13: -1726604.9 | AX13: -1675501.8 | AY13: -1789657.1 | AZ13: -1836993.9 | BA13: -1953049.5 | BB13: -1902460.4 | BC13: -1982851.1 | BD13: -2064780.6 | BE13: -2258851.2 | BF13: -2275228.1 | BG13: -2370424 | BI13: =SUM(B13:E13) -> -1002330 | BJ13: =SUM(F13:I13) -> -1188076 | BK13: =SUM(J13:M13) -> -1420582 | BL13: =SUM(N13:Q13) -> -1753100 | BM13: =SUM(R13:U13) -> -2218765 | BN13: =SUM(V13:Y13) -> -2529050.8 | BO13: =SUM(Z13:AC13) -> -2901011.4 | BP13: =SUM(AD13:AG13) -> -3389056.5 | BQ13: =SUM(AH13:AK13) -> -3877220.6 | BR13: =SUM(AL13:AO13) -> -4606313.9 | BS13: =SUM(AP13:AS13) -> -5450204.9 | BT13: =SUM(AT13:AW13) -> -6369419.8 | BU13: =SUM(AX13:BA13) -> -7255202.4 | BV13: =SUM(BB13:BE13) -> -8208943.3
A14: =INDEX({"Gerais e administrativas";"General and Administrative"},Home!$R$30) -> Gerais e administrativas | B14: -41438 | C14: -45160 | D14: -37704 | E14: -47146 | F14: -43652 | G14: -40954 | H14: -44694 | I14: -47164 | J14: -49482 | K14: -53840 | L14: -47050 | M14: -48915 | N14: -52527 | O14: -63913 | P14: -61337 | Q14: -61348 | R14: -62467.71 | S14: -73172.41 | T14: -74607.92 | U14: -87480.27 | V14: -78464.22 | W14: -81734.9 | X14: -81533.05 | Y14: -86931.31 | Z14: -79734.7 | AA14: -83283.46 | AB14: -86122.87 | AC14: -100177.32 | AD14: -96474.049 | AE14: -102387.71 | AF14: -110118.17 | AG14: -141670.12 | AH14: -131994.98 | AI14: -143003.33 | AJ14: -134210.87 | AK14: -175583.89 | AL14: -165947.37 | AM14: -180183.03 | AN14: -204543.97 | AO14: -241936.42 | AP14: -243528.18 | AQ14: -260283.83 | AR14: -284142.14 | AS14: -309186.38 | AT14: -267103.13 | AU14: -288814.47 | AV14: -306591.93 | AW14: -329083.02 | AX14: -303912.25 | AY14: -317946.13 | AZ14: -322976.67 | BA14: -363548.93 | BB14: -294489.03 | BC14: -288001.92 | BD14: -299918.95 | BE14: -325432.01 | BF14: -296621.88 | BG14: -308299.11 | BI14: =SUM(B14:E14) -> -171448 | BJ14: =SUM(F14:I14) -> -176464 | BK14: =SUM(J14:M14) -> -199287 | BL14: =SUM(N14:Q14) -> -239125 | BM14: =SUM(R14:U14) -> -297728.31 | BN14: =SUM(V14:Y14) -> -328663.48 | BO14: =SUM(Z14:AC14) -> -349318.35 | BP14: =SUM(AD14:AG14) -> -450650.05 | BQ14: =SUM(AH14:AK14) -> -584793.06 | BR14: =SUM(AL14:AO14) -> -792610.8 | BS14: =SUM(AP14:AS14) -> -1097140.5 | BT14: =SUM(AT14:AW14) -> -1191592.5 | BU14: =SUM(AX14:BA14) -> -1308384 | BV14: =SUM(BB14:BE14) -> -1207841.9
A15: =INDEX({"Outras despesas operacionais, líquidas";"Other Operating Expenses, Net"},Home!$R$30) -> Outras despesas operacionais, líquidas | B15: -6624 | C15: -2718 | D15: -3486 | E15: -21090 | F15: -10163 | G15: -8132 | H15: -14300 | I15: -14470 | J15: -1350 | K15: -1518 | L15: -2754 | M15: -3851 | N15: 0 | O15: 0 | P15: -1160 | Q15: -8818 | R15: 0 | S15: 0 | T15: 0 | U15: -7676.7 | V15: -2159.65 | W15: 0 | X15: 0 | Y15: 2372.13 | Z15: 0 | AA15: -6239.64 | AB15: -3501.86 | AC15: -49806.61 | AD15: -5205.3168 | AE15: -13867.027 | AF15: -9438.5595 | AG15: -38510.9 | AH15: -10473.737 | AI15: -2239.8836 | AJ15: 2796.805 | AK15: -23000.327 | AL15: 16427.311 | AM15: 52153.111 | AN15: -1215.2066 | AO15: -26491.45 | AP15: 12606.841 | AQ15: 43159.046 | AR15: 35849.576 | AS15: -34987.465 | AT15: 3972.3549 | AU15: 21104.727 | AV15: 42615.936 | AW15: 2024.4519 | AX15: -1039.3103 | AY15: -12406.481 | AZ15: 38329.25 | BA15: -45360.817 | BB15: -5761.7732 | BC15: -2795.5179 | BD15: 56243.708 | BE15: -53858.432 | BF15: -196548.85 | BG15: 8850.0234 | BI15: =SUM(B15:E15) -> -33918 | BJ15: =SUM(F15:I15) -> -47065 | BK15: =SUM(J15:M15) -> -9473 | BL15: =SUM(N15:Q15) -> -9978 | BM15: =SUM(R15:U15) -> -7676.7 | BN15: =SUM(V15:Y15) -> 212.48 | BO15: =SUM(Z15:AC15) -> -59548.11 | BP15: =SUM(AD15:AG15) -> -67021.803 | BQ15: =SUM(AH15:AK15) -> -32917.143 | BR15: =SUM(AL15:AO15) -> 40873.765 | BS15: =SUM(AP15:AS15) -> 56627.998 | BT15: =SUM(AT15:AW15) -> 69717.469 | BU15: =SUM(AX15:BA15) -> -20477.358 | BV15: =SUM(BB15:BE15) -> -6172.015
A16: =INDEX({"Despesas operacionais";"Total expenses"},Home!$R$30) -> Despesas operacionais | B16: =SUM(B13:B15) -> -271778 | C16: =SUM(C13:C15) -> -289532 | D16: =SUM(D13:D15) -> -302445 | E16: =SUM(E13:E15) -> -343941 | F16: =SUM(F13:F15) -> -320475 | G16: =SUM(G13:G15) -> -327699 | H16: =SUM(H13:H15) -> -381156 | I16: =SUM(I13:I15) -> -382275 | ... BG16: =SUM(BG13:BG15) -> -2669873.1 | BI16: =SUM(BI13:BI15) -> -1207696 | BJ16: =SUM(BJ13:BJ15) -> -1411605 | BK16: =SUM(BK13:BK15) -> -1629342 | BL16: =SUM(BL13:BL15) -> -2002203 | BM16: =SUM(BM13:BM15) -> -2524170 | BN16: =SUM(BN13:BN15) -> -2857501.8 | BO16: =SUM(BO13:BO15) -> -3309877.8 | BP16: =SUM(BP13:BP15) -> -3906728.4 | ... BV16: =SUM(BV13:BV15) -> -9422957.2
A18: =INDEX({"EBITDA";"EBITDA"},Home!$R$30) -> EBITDA | B18: =B16+B10 -> 55378 | C18: =C16+C10 -> 100262 | D18: =D16+D10 -> 80923 | E18: =E16+E10 -> 59630 | F18: =F16+F10 -> 63364 | G18: =G16+G10 -> 98476 | H18: =H16+H10 -> 74211 | I18: =I16+I10 -> 88205 | ... BG18: =BG16+BG10 -> 1026198 | BI18: =BI16+BI10 -> 296193 | BJ18: =BJ16+BJ10 -> 324256 | BK18: =BK16+BK10 -> 535026 | BL18: =BL16+BL10 -> 733538 | BM18: =BM16+BM10 -> 979972.99 | BN18: =BN16+BN10 -> 1130497.4 | BO18: =BO16+BO10 -> 1135643.4 | BP18: =BP16+BP10 -> 1276573.2 | ... BV18: =BV16+BV10 -> 3296879
A20: =INDEX({"Depreciação e Amortização";"Depreciation and Amortization"},Home!$R$30) -> Depreciação e Amortização | B20: -28913 | C20: -30384 | D20: -31868 | E20: -33162 | F20: -36065 | G20: -39005 | H20: -41220 | I20: -42446 | J20: -43699 | K20: -44081 | L20: -48364 | M20: -51669 | N20: -53573 | O20: -55640 | P20: -57760 | Q20: -60086 | R20: -62929.8 | S20: -66609.36 | T20: -70498.54 | U20: -74396.6 | V20: -77521.92 | W20: -81509.78 | X20: -86759.9 | Y20: -92122.99 | Z20: -96037.82 | AA20: -100267.72 | AB20: -105518.24 | AC20: -112309.8 | AD20: -117817.55 | AE20: -124442.45 | AF20: -127447.17 | AG20: -133255.71 | AH20: -135810.74 | AI20: -138933.67 | AJ20: -141530.99 | AK20: -147571.34 | AL20: -147342.72 | AM20: -150430.4 | AN20: -158034.22 | AO20: -171187.45 | AP20: -167692 | AQ20: -171807.52 | AR20: -176883.63 | AS20: -184667.68 | AT20: -188601.54 | AU20: -194594.86 | AV20: -204298.33 | AW20: -212194.05 | AX20: -216969.19 | AY20: -223047.96 | AZ20: -231510.63 | BA20: -238323.99 | BB20: -247286.79 | BC20: -251535.42 | BD20: -264817.09 | BE20: -280016.59 | BF20: -272450.48 | BG20: -277133.99 | BI20: =SUM(B20:E20) -> -124327 | BJ20: =SUM(F20:I20) -> -158736 | BK20: =SUM(J20:M20) -> -187813 | BL20: =SUM(N20:Q20) -> -227059 | BM20: =SUM(R20:U20) -> -274434.3 | BN20: =SUM(V20:Y20) -> -337914.59 | BO20: =SUM(Z20:AC20) -> -414133.58 | BP20: =SUM(AD20:AG20) -> -502962.88 | BQ20: =SUM(AH20:AK20) -> -563846.74 | BR20: =SUM(AL20:AO20) -> -626994.79 | BS20: =SUM(AP20:AS20) -> -701050.83 | BT20: =SUM(AT20:AW20) -> -799688.78 | BU20: =SUM(AX20:BA20) -> -909851.78 | BV20: =SUM(BB20:BE20) -> -1043655.9
A22: =INDEX({"Lucro operacional antes do resultado financeiro";"Operational Earnings before Financial Results"},Home!$R$30) -> Lucro operacional antes do resultado financeiro | B22: =B20+B18 -> 26465 | C22: =C20+C18 -> 69878 | D22: =D20+D18 -> 49055 | E22: =E20+E18 -> 26468 | F22: =F20+F18 -> 27299 | G22: =G20+G18 -> 59471 | H22: =H20+H18 -> 32991 | I22: =I20+I18 -> 45759 | ... BG22: =BG20+BG18 -> 749064 | BI22: =BI20+BI18 -> 171866 | BJ22: =BJ20+BJ18 -> 165520 | BK22: =BK20+BK18 -> 347213 | BL22: =BL20+BL18 -> 506479 | BM22: =BM20+BM18 -> 705538.69 | BN22: =BN20+BN18 -> 792582.82 | BO22: =BO20+BO18 -> 721509.77 | BP22: =BP20+BP18 -> 773610.33 | ... BV22: =BV20+BV18 -> 2253223.1
A24: =INDEX({"Despesas financeiras";"Financial Expenses"},Home!$R$30) -> Despesas financeiras | B24: -13400 | C24: -13162 | D24: -13554 | E24: -12421 | F24: -13194 | G24: -13856 | H24: -15671 | I24: -19025 | J24: -14103 | K24: -15318 | L24: -14352 | M24: -18309 | N24: -29548 | O24: -36594 | P24: -41391 | Q24: -49359 | R24: -42893.71 | S24: -47918 | T24: -59842.13 | U24: -69165.22 | V24: -57709.52 | W24: -57946.98 | X24: -57199.32 | Y24: -40066.39 | Z24: -32605.02 | AA24: -44198.83 | AB24: -46218.17 | AC24: -31414.58 | AD24: -46015.171 | AE24: -48678.218 | AF24: -62145.724 | AG24: -43722.399 | AH24: -38290.618 | AI24: -35123.54 | AJ24: -31776.601 | AK24: -30289.495 | AL24: -29544.26 | AM24: -40397.12 | AN24: -62946.025 | AO24: -102557.29 | AP24: -125001.73 | AQ24: -164735.15 | AR24: -213800.62 | AS24: -191085.43 | AT24: -250952.16 | AU24: -246783.63 | AV24: -244874.23 | AW24: -236585.59 | AX24: -258087.72 | AY24: -248520.11 | AZ24: -238926.41 | BA24: -253311.38 | BB24: -265005.7 | BC24: -310427.93 | BD24: -340849.66 | BE24: -394992.31 | BF24: -349769.49 | BG24: -336869.45 | BI24: =SUM(B24:E24) -> -52537 | BJ24: =SUM(F24:I24) -> -61746 | BK24: =SUM(J24:M24) -> -62082 | BL24: =SUM(N24:Q24) -> -156892 | BM24: =SUM(R24:U24) -> -219819.06 | BN24: =SUM(V24:Y24) -> -212922.21 | BO24: =SUM(Z24:AC24) -> -154436.6 | BP24: =SUM(AD24:AG24) -> -200561.51 | BQ24: =SUM(AH24:AK24) -> -135480.25 | BR24: =SUM(AL24:AO24) -> -235444.7 | BS24: =SUM(AP24:AS24) -> -694622.93 | BT24: =SUM(AT24:AW24) -> -979195.6 | BU24: =SUM(AX24:BA24) -> -998845.62 | BV24: =SUM(BB24:BE24) -> -1311275.6
A25: =INDEX({"Receitas financeiras";"Financial Revenues"},Home!$R$30) -> Receitas financeiras | B25: 12964 | C25: 9032 | D25: 8724 | E25: 8024 | F25: 6681 | G25: 7671 | H25: 9449 | I25: 11813 | J25: 5188 | K25: 4092 | L25: 5342 | M25: 5283 | N25: 14330 | O25: 20831 | P25: 25672 | Q25: 28483 | R25: 25704.74 | S25: 23282 | T25: 29281.12 | U25: 31229.2 | V25: 28219.38 | W25: 28806.45 | X25: 28231.15 | Y25: 21626.25 | Z25: 16467.19 | AA25: 18335.94 | AB25: 19468.38 | AC25: 17511.51 | AD25: 17654.269 | AE25: 15902.565 | AF25: 21221.724 | AG25: 21291.488 | AH25: 15859.035 | AI25: 14936.425 | AJ25: 9786.6876 | AK25: 13600.097 | AL25: 10712.15 | AM25: 13491.534 | AN25: 23014.121 | AO25: 32799.436 | AP25: 46762.404 | AQ25: 66566.171 | AR25: 88286.656 | AS25: 91971.026 | AT25: 91224.002 | AU25: 100245.04 | AV25: 95159.607 | AW25: 142106.07 | AX25: 102544.76 | AY25: 105837.66 | AZ25: 97337.126 | BA25: 138875.44 | BB25: 86174.236 | BC25: 106401.07 | BD25: 129924.1 | BE25: 116092.66 | BF25: 146524.98 | BG25: 141704.87 | BI25: =SUM(B25:E25) -> 38744 | BJ25: =SUM(F25:I25) -> 35614 | BK25: =SUM(J25:M25) -> 19905 | BL25: =SUM(N25:Q25) -> 89316 | BM25: =SUM(R25:U25) -> 109497.06 | BN25: =SUM(V25:Y25) -> 106883.23 | BO25: =SUM(Z25:AC25) -> 71783.02 | BP25: =SUM(AD25:AG25) -> 76070.046 | BQ25: =SUM(AH25:AK25) -> 54182.245 | BR25: =SUM(AL25:AO25) -> 80017.241 | BS25: =SUM(AP25:AS25) -> 293586.26 | BT25: =SUM(AT25:AW25) -> 428734.72 | BU25: =SUM(AX25:BA25) -> 444594.99 | BV25: =SUM(BB25:BE25) -> 438592.06
A26: =INDEX({"Despesas / Receitas Financeiras";"Financial Expenses/Revenues"},Home!$R$30) -> Despesas / Receitas Financeiras | B26: =B25+B24 -> -436 | C26: =C25+C24 -> -4130 | D26: =D25+D24 -> -4830 | E26: =E25+E24 -> -4397 | F26: =F25+F24 -> -6513 | G26: =G25+G24 -> -6185 | H26: =H25+H24 -> -6222 | I26: =I25+I24 -> -7212 | ... BG26: =BG25+BG24 -> -195164.58 | BI26: =BI25+BI24 -> -13793 | BJ26: =BJ25+BJ24 -> -26132 | BK26: =BK25+BK24 -> -42177 | BL26: =BL25+BL24 -> -67576 | BM26: =BM25+BM24 -> -110322 | BN26: =BN25+BN24 -> -106038.98 | BO26: =BO25+BO24 -> -82653.58 | BP26: =BP25+BP24 -> -124491.46 | ... BV26: =BV25+BV24 -> -872683.54
A28: =INDEX({"Equivalência Patrimonial";"Equity Equivalence"},Home!$R$30) -> Equivalência Patrimonial | B28: 0 | C28: 0 | D28: 0 | E28: 0 | F28: 0 | G28: 0 | H28: 0 | I28: 0 | J28: 0 | K28: 0 | L28: 0 | M28: 0 | N28: 0 | O28: 0 | P28: 0 | Q28: 0 | R28: 0 | S28: 0 | T28: 0 | U28: 0 | V28: 0 | W28: 0 | X28: 0 | Y28: 0 | Z28: 0 | AA28: 0 | AB28: 0 | AC28: 0 | AD28: 0 | AE28: 0 | AF28: 0 | AG28: 0 | AH28: 0 | AI28: 0 | AJ28: -4316.2465 | AK28: -3550.9015 | AL28: -1514.8494 | AM28: -1486.2648 | AN28: 179.12029 | AO28: 1693.8713 | AP28: 43.870832 | AQ28: 266.69691 | AR28: 188.73402 | AS28: -2031.5396 | AT28: -2382.2872 | AU28: -836.91611 | AV28: -1854.3451 | AW28: -5547.2047 | AX28: 2501.1031 | AY28: -523.69014 | AZ28: -209.30289 | BA28: 2492.115 | BB28: -1429.3415 | BC28: -466.5781 | BD28: 1033.7813 | BE28: 2700.8939 | BF28: -201.23325 | BG28: -180.30821 | BI28: =SUM(B28:E28) -> 0 | BJ28: =SUM(F28:I28) -> 0 | BK28: =SUM(J28:M28) -> 0 | BL28: =SUM(N28:Q28) -> 0 | BM28: =SUM(R28:U28) -> 0 | BN28: =SUM(V28:Y28) -> 0 | BO28: =SUM(Z28:AC28) -> 0 | BP28: =SUM(AD28:AG28) -> 0 | BQ28: =SUM(AH28:AK28) -> -7867.148 | BR28: =SUM(AL28:AO28) -> -1128.1226 | BS28: =SUM(AP28:AS28) -> -1532.2378 | BT28: =SUM(AT28:AW28) -> -10620.753 | BU28: =SUM(AX28:BA28) -> 4260.225 | BV28: =SUM(BB28:BE28) -> 1838.7556
A30: =INDEX({"Lucro antes do IR e da contribuição social";"Earnings before Income Tax and Social Charges"},Home!$R$30) -> Lucro antes do IR e da contribuição social | B30: =B26+B22+B28 -> 26029 | C30: =C26+C22+C28 -> 65748 | D30: =D26+D22+D28 -> 44225 | E30: =E26+E22+E28 -> 22071 | F30: =F26+F22+F28 -> 20786 | G30: =G26+G22+G28 -> 53286 | H30: =H26+H22+H28 -> 26769 | I30: =I26+I22+I28 -> 38547 | ... BG30: =BG26+BG22+BG28 -> 553719.11 | BI30: =BI26+BI22+BI28 -> 158073 | BJ30: =BJ26+BJ22+BJ28 -> 139388 | BK30: =BK26+BK22+BK28 -> 305036 | BL30: =BL26+BL22+BL28 -> 438903 | BM30: =BM26+BM22+BM28 -> 595216.69 | BN30: =BN26+BN22+BN28 -> 686543.84 | BO30: =BO26+BO22+BO28 -> 638856.19 | BP30: =BP26+BP22+BP28 -> 649118.86 | ... BV30: =BV26+BV22+BV28 -> 1382378.3
A32: =INDEX({"Imposto de renda e contribuição social";"Income Tax and Social Charges"},Home!$R$30) -> Imposto de renda e contribuição social | B32: -6643 | C32: -16415 | D32: -9497 | E32: -20663 | F32: -6507 | G32: -13016 | H32: -8151 | I32: -10727 | J32: -11705 | K32: -21298 | L32: -19955 | M32: -28691 | N32: -14366 | O32: -38907 | P32: -24064 | Q32: -19813 | R32: -22589 | S32: -56497.67 | T32: -36060.52 | U32: -28817.33 | V32: -30844.071 | W32: -52465.29 | X32: -44242.25 | Y32: -46339.47 | Z32: -38721.59 | AA32: -48742.4 | AB32: -30643.42 | AC32: -13557.76 | AD32: -16627.525 | AE32: -41268.707 | AF32: -35350.316 | AG32: -12958.566 | AH32: -54799.833 | AI32: -10240.073 | AJ32: -57401.619 | AK32: -41538.994 | AL32: -75803.925 | AM32: -104003.05 | AN32: -74397.256 | AO32: 4787.5918 | AP32: -1511.3595 | AQ32: -128726.53 | AR32: -55073.223 | AS32: -627.51221 | AT32: -9815.0678 | AU32: -83605.189 | AV32: -48275.851 | AW32: -19696.476 | AX32: -95785.819 | AY32: -97310.569 | AZ32: -113618.08 | BA32: 69583.519 | BB32: -31509.586 | BC32: -61990.127 | BD32: -90193.531 | BE32: -19729.496 | BF32: 13135.446 | BG32: -122027.77 | BI32: =SUM(B32:E32) -> -53218 | BJ32: =SUM(F32:I32) -> -38401 | BK32: =SUM(J32:M32) -> -81649 | BL32: =SUM(N32:Q32) -> -97150 | BM32: =SUM(R32:U32) -> -143964.52 | BN32: =SUM(V32:Y32) -> -173891.08 | BO32: =SUM(Z32:AC32) -> -131665.17 | BP32: =SUM(AD32:AG32) -> -106205.11 | BQ32: =SUM(AH32:AK32) -> -163980.52 | BR32: =SUM(AL32:AO32) -> -249416.64 | BS32: =SUM(AP32:AS32) -> -185938.62 | BT32: =SUM(AT32:AW32) -> -161392.58 | BU32: =SUM(AX32:BA32) -> -237130.95 | BV32: =SUM(BB32:BE32) -> -203422.74
A34: =INDEX({"Lucro líq. operações continuadas";"Net income continued operations"},Home!$R$30) -> Lucro líq. operações continuadas | B34: =B32+B30 -> 19386 | C34: =C32+C30 -> 49333 | D34: =D32+D30 -> 34728 | E34: =E32+E30 -> 1408 | F34: =F32+F30 -> 14279 | G34: =G32+G30 -> 40270 | H34: =H32+H30 -> 18618 | I34: =I32+I30 -> 27820 | ... BG34: =BG32+BG30 -> 431691.34 | BI34: =BI32+BI30 -> 104855 | BJ34: =BJ32+BJ30 -> 100987 | BK34: =BK32+BK30 -> 223387 | BL34: =BL32+BL30 -> 341753 | BM34: =BM32+BM30 -> 451252.17 | BN34: =BN32+BN30 -> 512652.76 | BO34: =BO32+BO30 -> 507191.02 | BP34: =BP32+BP30 -> 542913.75 | ... BV34: =BV32+BV30 -> 1178955.5
A36: =INDEX({"Resultado de operações descontinuadas (4Bio)";"Results of discontinued operations (4Bio)"},Home!$R$30) -> Resultado de operações descontinuadas (4Bio) | B36: 0 | C36: 0 | D36: 0 | E36: 0 | F36: 0 | G36: 0 | H36: 0 | I36: 0 | J36: 0 | K36: 0 | L36: 0 | M36: 0 | N36: 0 | O36: 0 | P36: 0 | Q36: 0 | R36: 0 | S36: 0 | T36: 0 | U36: 0 | V36: 0 | W36: 0 | X36: 0 | Y36: 0 | Z36: 0 | AA36: 0 | AB36: 0 | AC36: 0 | AD36: 0 | AE36: 0 | AF36: 0 | AG36: 0 | AH36: 0 | AI36: 0 | AJ36: 0 | AK36: 0 | AL36: 0 | AM36: 0 | AN36: 0 | AO36: 0 | AP36: 0 | AQ36: 0 | AR36: 0 | AS36: 0 | AT36: 0 | AU36: 0 | AV36: 0 | AW36: 0 | AX36: 0 | AY36: 0 | AZ36: 0 | BA36: 0 | BB36: 22782.83 | BC36: 58689.251 | BD36: 92144.972 | BE36: 9921.7264 | BF36: 11720.133 | BG36: 8286.9766 | BI36: =SUM(B36:E36) -> 0 | BJ36: =SUM(F36:I36) -> 0 | BK36: =SUM(J36:M36) -> 0 | BL36: =SUM(N36:Q36) -> 0 | BM36: =SUM(R36:U36) -> 0 | BN36: =SUM(V36:Y36) -> 0 | BO36: =SUM(Z36:AC36) -> 0 | BP36: =SUM(AD36:AG36) -> 0 | BQ36: =SUM(AH36:AK36) -> 0 | BR36: =SUM(AL36:AO36) -> 0 | BS36: =SUM(AP36:AS36) -> 0 | BT36: =SUM(AT36:AW36) -> 0 | BU36: =SUM(AX36:BA36) -> 0 | BV36: =SUM(BB36:BE36) -> 183538.78
A37: =INDEX({"Lucro líquido";"Net income"},Home!$R$30) -> Lucro líquido | B37: =B36+B34 -> 19386 | C37: =C36+C34 -> 49333 | D37: =D36+D34 -> 34728 | E37: =E36+E34 -> 1408 | F37: =F36+F34 -> 14279 | G37: =G36+G34 -> 40270 | H37: =H36+H34 -> 18618 | I37: =I36+I34 -> 27820 | ... BG37: =BG36+BG34 -> 439978.32 | BI37: =BI36+BI34 -> 104855 | BJ37: =BJ36+BJ34 -> 100987 | BK37: =BK36+BK34 -> 223387 | BL37: =BL36+BL34 -> 341753 | BM37: =BM36+BM34 -> 451252.17 | BN37: =BN36+BN34 -> 512652.76 | BO37: =BO36+BO34 -> 507191.02 | BP37: =BP36+BP34 -> 542913.75 | ... BV37: =BV36+BV34 -> 1362494.3
A39: =INDEX({"*Inclui 4Bio a partir do 1T14.";"*Includes 4Bio as of 1Q14."},Home!$R$30) -> *Inclui 4Bio a partir do 1T14.
A40: =INDEX({"**Ajustado para considerar as operações da Onofre somente após suas respectivas integrações. As lojas foram incluídas de agosto em diante, enquanto a operação de e-commerce e as estruturas corporativa e de logística foram excluídas nesse trimestre.";"**Adjusted to consider Onofre’s operations only after their respective integration. Therefore, the stores are included from August onwards, while the e-commerce operations, as well as the corporate and logistics structures, have been fully excluded."},Home!$R$30) -> **Ajustado para considerar as operações da Onofre somente após suas respectivas integrações. As lojas foram incluídas de agosto em diante, enquanto a operação de e-commerce e as estruturas corporativa e de logística foram excluídas nesse trimestre.

Sheet BalanceSheet
A1: =INDEX({"Balanço Patrimonial IAS 17 (R$ mil)";"Balance Sheet IAS 17 (R$ thousands)"},Home!$R$30) -> Balanço Patrimonial IAS 17 (R$ mil) | B1: =INDEX({"1T12";"1Q12"},Home!$R$30) -> 1T12 | C1: =INDEX({"2T12";"2Q12"},Home!$R$30) -> 2T12 | D1: =INDEX({"3T12";"3Q12"},Home!$R$30) -> 3T12 | E1: =INDEX({"4T12";"4Q12"},Home!$R$30) -> 4T12 | F1: =INDEX({"1T13";"1Q13"},Home!$R$30) -> 1T13 | G1: =INDEX({"2T13";"2Q13"},Home!$R$30) -> 2T13 | H1: =INDEX({"3T13";"3Q13"},Home!$R$30) -> 3T13 | I1: =INDEX({"4T13";"4Q13"},Home!$R$30) -> 4T13 | J1: =INDEX({"1T14*";"1Q14*"},Home!$R$30) -> 1T14* | K1: =INDEX({"2T14";"2Q14"},Home!$R$30) -> 2T14 | L1: =INDEX({"3T14";"3Q14"},Home!$R$30) -> 3T14 | M1: =INDEX({"4T14";"4Q14"},Home!$R$30) -> 4T14 | N1: =INDEX({"1T15";"1Q15"},Home!$R$30) -> 1T15 | O1: =INDEX({"2T15";"2Q15"},Home!$R$30) -> 2T15 | P1: =INDEX({"3T15";"3Q15"},Home!$R$30) -> 3T15 | Q1: =INDEX({"4T15";"4Q15"},Home!$R$30) -> 4T15 | R1: =INDEX({"1T16";"1Q16"},Home!$R$30) -> 1T16 | S1: =INDEX({"2T16";"2Q16"},Home!$R$30) -> 2T16 | T1: =INDEX({"3T16";"3Q16"},Home!$R$30) -> 3T16 | U1: =INDEX({"4T16";"4Q16"},Home!$R$30) -> 4T16 | V1: =INDEX({"1T17";"1Q17"},Home!$R$30) -> 1T17 | W1: =INDEX({"2T17";"2Q17"},Home!$R$30) -> 2T17 | X1: =INDEX({"3T17";"3Q17"},Home!$R$30) -> 3T17 | Y1: =INDEX({"4T17";"4Q17"},Home!$R$30) -> 4T17 | Z1: =INDEX({"1T18";"1Q18"},Home!$R$30) -> 1T18 | AA1: =INDEX({"2T18";"2Q18"},Home!$R$30) -> 2T18 | AB1: =INDEX({"3T18";"3Q18"},Home!$R$30) -> 3T18 | AC1: =INDEX({"4T18";"4Q18"},Home!$R$30) -> 4T18 | AD1: =INDEX({"1T19";"1Q19"},Home!$R$30) -> 1T19 | AE1: =INDEX({"2T19";"2Q19"},Home!$R$30) -> 2T19 | AF1: =INDEX({"3T19";"3Q19"},Home!$R$30) -> 3T19 | AG1: =INDEX({"4T19";"4Q19"},Home!$R$30) -> 4T19 | AH1: =INDEX({"1T20";"1Q20"},Home!$R$30) -> 1T20 | AI1: =INDEX({"2T20";"2Q20"},Home!$R$30) -> 2T20 | AJ1: =INDEX({"3T20";"3Q20"},Home!$R$30) -> 3T20 | AK1: =INDEX({"4T20";"4Q20"},Home!$R$30) -> 4T20 | AL1: =INDEX({"1T21";"1Q21"},Home!$R$30) -> 1T21 | AM1: =INDEX({"2T21";"2Q21"},Home!$R$30) -> 2T21 | AN1: =INDEX({"3T21";"3Q21"},Home!$R$30) -> 3T21 | AO1: =INDEX({"4T21";"4Q21"},Home!$R$30) -> 4T21 | AP1: =INDEX({"1T22";"1Q22"},Home!$R$30) -> 1T22 | AQ1: =INDEX({"2T22";"2Q22"},Home!$R$30) -> 2T22 | AR1: =INDEX({"3T22";"3Q22"},Home!$R$30) -> 3T22 | AS1: =INDEX({"4T22";"4Q22"},Home!$R$30) -> 4T22 | AT1: =INDEX({"1T23";"1Q23"},Home!$R$30) -> 1T23 | AU1: =INDEX({"2T23";"2Q23"},Home!$R$30) -> 2T23 | AV1: =INDEX({"3T23";"3Q23"},Home!$R$30) -> 3T23 | AW1: =INDEX({"4T23";"4Q23"},Home!$R$30) -> 4T23 | AX1: =INDEX({"1T24";"1Q24"},Home!$R$30) -> 1T24 | AY1: =INDEX({"2T24";"2Q24"},Home!$R$30) -> 2T24 | AZ1: =INDEX({"3T24";"3Q24"},Home!$R$30) -> 3T24 | BA1: =INDEX({"4T24";"4Q24"},Home!$R$30) -> 4T24 | BB1: =INDEX({"1T25";"1Q25"},Home!$R$30) -> 1T25 | BC1: =INDEX({"2T25";"2Q25"},Home!$R$30) -> 2T25 | BD1: =INDEX({"3T25";"3Q25"},Home!$R$30) -> 3T25 | BE1: =INDEX({"4T25";"4Q25"},Home!$R$30) -> 4T25 | BF1: =INDEX({"1T26";"1Q26"},Home!$R$30) -> 1T26 | BG1: =INDEX({"2T26";"2Q26"},Home!$R$30) -> 2T26
A3: =INDEX({"Ativo";"Assets"},Home!$R$30) -> Ativo | B3: =B25+B15 -> 3121129 | C3: =C25+C15 -> 3108413 | D3: =D25+D15 -> 3186097 | E3: =E25+E15 -> 3340186 | F3: =F25+F15 -> 3243082 | G3: =G25+G15 -> 3316119 | H3: =H25+H15 -> 3298645 | I3: =I25+I15 -> 3614093 | ... BG3: =BG25+BG15 -> 20154467
A5: =INDEX({"Circulante";"Current Assets"},Home!$R$30) -> Circulante
A6: =INDEX({"Caixa e Equivalentes de Caixa";"Cash and Cash Equivalents"},Home!$R$30) -> Caixa e Equivalentes de Caixa | B6: 169441 | C6: 124927 | D6: 218404 | E6: 166963 | F6: 127007 | G6: 73557 | H6: 122367 | I6: 241885 | J6: 139549 | K6: 143241 | L6: 149999 | M6: 281467 | N6: 230073 | O6: 211578 | P6: 269860 | Q6: 266051 | R6: 106770 | S6: 56496 | T6: 255827.26 | U6: 276631.73 | V6: 181600.86 | W6: 324363.12 | X6: 394562.72 | Y6: 264872.66 | Z6: 102675.46 | AA6: 281254.76 | AB6: 273555.26 | AC6: 241568.34 | AD6: 243596.04 | AE6: 145386.97 | AF6: 406680.73 | AG6: 299225.77 | AH6: 533707.75 | AI6: 266416.04 | AJ6: 600205.92 | AK6: 880356.74 | AL6: 734434.42 | AM6: 266685.14 | AN6: 247157.57 | AO6: 356117.38 | AP6: 466154.27 | AQ6: 818805.44 | AR6: 371171.11 | AS6: 433541.16 | AT6: 371266.72 | AU6: 345309.16 | AV6: 593586.52 | AW6: 412322.14 | AX6: 412597.55 | AY6: 369659.73 | AZ6: 410510.06 | BA6: 528002.49 | BB6: 352268.74 | BC6: 376333.72 | BD6: 339614.95 | BE6: 358635.86 | BF6: 441802.08 | BG6: 536500.16
A7: =INDEX({"Aplicações Financeiras";"Financial Investments"},Home!$R$30) -> Aplicações Financeiras | B7: 0 | C7: 0 | D7: 0 | E7: 0 | F7: 0 | G7: 0 | H7: 0 | I7: 0 | J7: 0 | K7: 0 | L7: 0 | M7: 0 | N7: 0 | O7: 0 | P7: 0 | Q7: 0 | R7: 0 | S7: 0 | T7: 0 | U7: 0 | V7: 0 | W7: 0 | X7: 0 | Y7: 0 | Z7: 0 | AA7: 0 | AB7: 0 | AC7: 0 | AD7: 0 | AE7: 0 | AF7: 0 | AG7: 0 | AH7: 0 | AI7: 0 | AJ7: 0 | AK7: 0 | AL7: 0 | AM7: 0 | AN7: 0 | AO7: 0 | AP7: 0 | AQ7: 0 | AR7: 0 | AS7: 0 | AT7: 991.95837 | AU7: 25126.209 | AV7: 25937.772 | AW7: 0 | AX7: 0 | AY7: 0 | AZ7: 0 | BA7: 15706.799 | BB7: 65794.743 | BC7: 78278.497 | BD7: 102049.71 | BE7: 19119.819 | BF7: 95934.293 | BG7: 116448.63
A8: =INDEX({"Clientes";"Accounts Receivable"},Home!$R$30) -> Clientes | B8: 286599 | C8: 314956 | D8: 332875 | E8: 335771 | F8: 313176 | G8: 355570 | H8: 364639 | I8: 373259 | J8: 400292 | K8: 430140 | L8: 462642 | M8: 482840 | N8: 492897 | O8: 543466 | P8: 572395 | Q8: 601831 | R8: 629502 | S8: 702467 | T8: 728660.9 | U8: 772240.55 | V8: 781330.21 | W8: 818150.82 | X8: 869800.87 | Y8: 930070.55 | Z8: 959181.27 | AA8: 967282.42 | AB8: 1041121.3 | AC8: 937389.17 | AD8: 1096151.1 | AE8: 1092726.1 | AF8: 1231391.6 | AG8: 1189018.6 | AH8: 1472056.2 | AI8: 1330445.7 | AJ8: 1470418.6 | AK8: 1555434.4 | AL8: 1732296.2 | AM8: 1770669.8 | AN8: 1848349 | AO8: 1710057.3 | AP8: 2089165.2 | AQ8: 1948433 | AR8: 2336857.7 | AS8: 2295640.2 | AT8: 2630057.5 | AU8: 2066982.2 | AV8: 2904269.6 | AW8: 3084940 | AX8: 2963925 | AY8: 2910130.8 | AZ8: 3362713.2 | BA8: 2666758.3 | BB8: 2090776.8 | BC8: 2373076.4 | BD8: 2848274.3 | BE8: 2833401.3 | BF8: 2835139.2 | BG8: 3095747.7
A9: =INDEX({"Estoques";"Inventories"},Home!$R$30) -> Estoques | B9: 910612 | C9: 900762 | D9: 829405 | E9: 973396 | F9: 907468 | G9: 1008445 | H9: 948534 | I9: 1132620 | J9: 1124787 | K9: 1178056 | L9: 1272249 | M9: 1350971 | N9: 1454149 | O9: 1386053 | P9: 1473533 | Q9: 1650453 | R9: 1775777 | S9: 1777080 | T9: 1944365.5 | U9: 2149468.4 | V9: 2221116.1 | W9: 2254559.5 | X9: 2338694.2 | Y9: 2517594.4 | Z9: 2627073.4 | AA9: 2640797.9 | AB9: 2806901.7 | AC9: 3087274.7 | AD9: 3008239.1 | AE9: 3016386.9 | AF9: 3462288 | AG9: 3851388.6 | AH9: 3932728.3 | AI9: 4114635.3 | AJ9: 3926676.1 | AK9: 4225407.2 | AL9: 4514392.1 | AM9: 4603133.1 | AN9: 4717258.4 | AO9: 5117798.6 | AP9: 5324336.9 | AQ9: 5566835.3 | AR9: 5832183.6 | AS9: 6126056.3 | AT9: 6791082.2 | AU9: 6627088.4 | AV9: 6925863.2 | AW9: 7197426.4 | AX9: 7677321.5 | AY9: 7693557.4 | AZ9: 8132531.6 | BA9: 8407429 | BB9: 8213536.3 | BC9: 7948263.9 | BD9: 8125436.9 | BE9: 9132735.5 | BF9: 8440463.8 | BG9: 8333896.5
A10: =INDEX({"Tributos a Recuperar";"Taxes Receivable"},Home!$R$30) -> Tributos a Recuperar | B10: 85585 | C10: 91496 | D10: 62110 | E10: 96316 | F10: 82370 | G10: 67939 | H10: 58136 | I10: 38658 | J10: 34401 | K10: 29455 | L10: 38847 | M10: 39429 | N10: 59254 | O10: 48919 | P10: 61688 | Q10: 59530 | R10: 79305 | S10: 84579 | T10: 115348.02 | U10: 111771.72 | V10: 95620.05 | W10: 86415.46 | X10: 83702.75 | Y10: 78777.31 | Z10: 68597.784 | AA10: 66874.44 | AB10: 75027.29 | AC10: 84852.39 | AD10: 108710.52 | AE10: 104622.65 | AF10: 188519.24 | AG10: 155395.26 | AH10: 121018.48 | AI10: 140052.58 | AJ10: 91268.892 | AK10: 61490.564 | AL10: 66319.837 | AM10: 90999.123 | AN10: 102214.28 | AO10: 195729.76 | AP10: 267334.12 | AQ10: 272369.94 | AR10: 298623.15 | AS10: 393299.21 | AT10: 395474.57 | AU10: 415124.7 | AV10: 417496.11 | AW10: 353373.85 | AX10: 344996.88 | AY10: 323991.99 | AZ10: 377907.38 | BA10: 483452.47 | BB10: 433917.89 | BC10: 436986.84 | BD10: 466245.61 | BE10: 519282.05 | BF10: 1041064.8 | BG10: 1066713.3
A11: =INDEX({"Despesas Antecipadas";"Anticipated Expenses"},Home!$R$30) -> Despesas Antecipadas | B11: 14636 | C11: 14772 | D11: 11472 | E11: 4646 | F11: 12578 | G11: 12876 | H11: 11889 | I11: 8200 | J11: 16574 | K11: 14311 | L11: 10947 | M11: 9972 | N11: 17170 | O11: 15186 | P11: 13173 | Q11: 9718 | R11: 19419 | S11: 20947 | T11: 16960.78 | U11: 12558.09 | V11: 28452.32 | W11: 27171.78 | X11: 21724.61 | Y11: 17885.18 | Z11: 32454.07 | AA11: 35179.21 | AB11: 29573.75 | AC11: 21893.26 | AD11: 46442.167 | AE11: 41118.253 | AF11: 37132.775 | AG11: 26368.784 | AH11: 58421.807 | AI11: 54924.645 | AJ11: 47733.161 | AK11: 36738.079 | AL11: 55416.368 | AM11: 59773.364 | AN11: 50439.776 | AO11: 48359.411 | AP11: 76398.558 | AQ11: 73641.371 | AR11: 70637.681 | AS11: 61613.834 | AT11: 112041.63 | AU11: 102145.67 | AV11: 91061.912 | AW11: 98854.943 | AX11: 132113.19 | AY11: 134643.07 | AZ11: 117744.89 | BA11: 112610.74 | BB11: 145121.87 | BC11: 151807.72 | BD11: 115992.58 | BE11: 115063.72 | BF11: 158787.05 | BG11: 156290.28
A12: =INDEX({"Depósitos Judiciais";"Deposit in Court"},Home!$R$30) -> Depósitos Judiciais | B12: 0 | C12: 0 | D12: 0 | E12: 0 | F12: 0 | G12: 0 | H12: 0 | I12: 0 | J12: 0 | K12: 0 | L12: 0 | M12: 0 | N12: 0 | O12: 0 | P12: 0 | Q12: 0 | R12: 0 | S12: 0 | T12: 0 | U12: 0 | V12: 0 | W12: 0 | X12: 0 | Y12: 0 | Z12: 0 | AA12: 0 | AB12: 0 | AC12: 0 | AD12: 0 | AE12: 0 | AF12: 0 | AG12: 0 | AH12: 0 | AI12: 0 | AJ12: 0 | AK12: 0 | AL12: 0 | AM12: 0 | AN12: 0 | AO12: 0 | AP12: 0 | AQ12: 0 | AR12: 0 | AS12: 0 | AT12: 0 | AU12: 0 | AV12: 0 | AW12: 0 | AX12: 0 | AY12: 2333.7487 | AZ12: 2378.3779 | BA12: 3018.8696 | BB12: 3016.5778 | BC12: 4059.8333 | BD12: 6825.2752 | BE12: 4970.021 | BF12: 4886.0404 | BG12: 3782.0803
A13: =INDEX({"Ativos de investimento à venda (4Bio)";"Assets of investment for sale (4Bio)"},Home!$R$30) -> Ativos de investimento à venda (4Bio) | B13: 0 | C13: 0 | D13: 0 | E13: 0 | F13: 0 | G13: 0 | H13: 0 | I13: 0 | J13: 0 | K13: 0 | L13: 0 | M13: 0 | N13: 0 | O13: 0 | P13: 0 | Q13: 0 | R13: 0 | S13: 0 | T13: 0 | U13: 0 | V13: 0 | W13: 0 | X13: 0 | Y13: 0 | Z13: 0 | AA13: 0 | AB13: 0 | AC13: 0 | AD13: 0 | AE13: 0 | AF13: 0 | AG13: 0 | AH13: 0 | AI13: 0 | AJ13: 0 | AK13: 0 | AL13: 0 | AM13: 0 | AN13: 0 | AO13: 0 | AP13: 0 | AQ13: 0 | AR13: 0 | AS13: 0 | AT13: 0 | AU13: 0 | AV13: 0 | AW13: 0 | AX13: 0 | AY13: 0 | AZ13: 0 | BA13: 0 | BB13: 1641849.9 | BC13: 1658025.4 | BD13: 1504998.4 | BE13: 1626651.7 | BF13: 1512830.2 | BG13: 0
A14: =INDEX({"Outras Contas a Receber";"Other Accounts Receivable"},Home!$R$30) -> Outras Contas a Receber | B14: 91355 | C14: 99178 | D14: 103853 | E14: 116772 | F14: 138885 | G14: 118743 | H14: 96374 | I14: 108953 | J14: 121886 | K14: 120736 | L14: 121520 | M14: 107638 | N14: 112845 | O14: 113169 | P14: 111809 | Q14: 98261 | R14: 110901 | S14: 117503 | T14: 94905.41 | U14: 105111.34 | V14: 139298.51 | W14: 138949.94 | X14: 135386.36 | Y14: 119003.89 | Z14: 141816.14 | AA14: 134342.16 | AB14: 169396.03 | AC14: 156847.75 | AD14: 178616.57 | AE14: 192867.06 | AF14: 202427.33 | AG14: 244699.43 | AH14: 252348.9 | AI14: 233490.05 | AJ14: 222376.04 | AK14: 261044.53 | AL14: 230860.76 | AM14: 220028.08 | AN14: 264627.19 | AO14: 290836.77 | AP14: 260603.99 | AQ14: 263312.9 | AR14: 282757.49 | AS14: 266905.01 | AT14: 315950.54 | AU14: 313959.79 | AV14: 362581.2 | AW14: 414754.69 | AX14: 497296.84 | AY14: 515502.2 | AZ14: 486600.34 | BA14: 486709.2 | BB14: 522842.73 | BC14: 609793.84 | BD14: 608926.07 | BE14: 679778.19 | BF14: 819031.11 | BG14: 942368.36
A15: =INDEX({"Subtotal";"Subtotal"},Home!$R$30) -> Subtotal | B15: =SUM(B6:B14) -> 1558228 | C15: =SUM(C6:C14) -> 1546091 | D15: =SUM(D6:D14) -> 1558119 | E15: =SUM(E6:E14) -> 1693864 | F15: =SUM(F6:F14) -> 1581484 | G15: =SUM(G6:G14) -> 1637130 | H15: =SUM(H6:H14) -> 1601939 | I15: =SUM(I6:I14) -> 1903575 | ... BG15: =SUM(BG6:BG14) -> 14251747
A17: =INDEX({"Não Circulante";"Non-current Assets"},Home!$R$30) -> Não Circulante
A18: =INDEX({"Depósitos Judiciais";"Deposits in Court"},Home!$R$30) -> Depósitos Judiciais | B18: 8758 | C18: 9987 | D18: 10349 | E18: 11010 | F18: 10782 | G18: 9851 | H18: 10276 | I18: 10763 | J18: 10992 | K18: 11841 | L18: 12649 | M18: 14116 | N18: 18120 | O18: 17620 | P18: 18670 | Q18: 18730 | R18: 23230 | S18: 23061 | T18: 20281.13 | U18: 23007.29 | V18: 25076.16 | W18: 26473.9 | X18: 27946.97 | Y18: 29214.68 | Z18: 29972.195 | AA18: 33398.53 | AB18: 33368.77 | AC18: 25770.34 | AD18: 24371.395 | AE18: 26034.107 | AF18: 28317.639 | AG18: 30000.933 | AH18: 30850.2 | AI18: 30594.962 | AJ18: 29331.489 | AK18: 25753.059 | AL18: 26967.054 | AM18: 26752.367 | AN18: 27391.777 | AO18: 29951.71 | AP18: 29081.672 | AQ18: 71015.893 | AR18: 101818.49 | AS18: 137623.45 | AT18: 137184.58 | AU18: 132500.7 | AV18: 131428.72 | AW18: 228446.84 | AX18: 234080.67 | AY18: 243987.85 | AZ18: 247105.27 | BA18: 250762.95 | BB18: 27578.086 | BC18: 32718.485 | BD18: 58853.473 | BE18: 61238.758 | BF18: 64629.691 | BG18: 64898.385
A19: =INDEX({"Tributos a Recuperar";"Taxes Receivable"},Home!$R$30) -> Tributos a Recuperar | B19: 45373 | C19: 25444 | D19: 66609 | E19: 9614 | F19: 10223 | G19: 10515 | H19: 11202 | I19: 11859 | J19: 12552 | K19: 14067 | L19: 15585 | M19: 17330 | N19: 20241 | O19: 18292 | P19: 19637 | Q19: 23156 | R19: 23861 | S19: 25629 | T19: 20855.6 | U19: 22963.45 | V19: 24301.7 | W19: 30001.89 | X19: 33161.77 | Y19: 34292.59 | Z19: 34682.738 | AA19: 36126.44 | AB19: 38879.8 | AC19: 44577.83 | AD19: 52842.352 | AE19: 54936.778 | AF19: 55531.875 | AG19: 58303.885 | AH19: 67255.285 | AI19: 71493.989 | AJ19: 102188.94 | AK19: 111547.92 | AL19: 97508.222 | AM19: 129763.89 | AN19: 126786.55 | AO19: 132929.04 | AP19: 127773.13 | AQ19: 121890.21 | AR19: 110103.37 | AS19: 121434.45 | AT19: 128056.06 | AU19: 115839.65 | AV19: 118949.24 | AW19: 246008.36 | AX19: 229597.53 | AY19: 253203.41 | AZ19: 300577.44 | BA19: 287938.74 | BB19: 215553.38 | BC19: 225666.38 | BD19: 233344.57 | BE19: 227330.81 | BF19: 218625.61 | BG19: 236633.52
A20: =INDEX({"IR e Contribuição Social Diferidos";"Deferred Taxes"},Home!$R$30) -> IR e Contribuição Social Diferidos | B20: 0 | C20: 0 | D20: 0 | E20: 0 | F20: 0 | G20: 0 | H20: 0 | I20: 0 | J20: 0 | K20: 0 | L20: 0 | M20: 0 | N20: 0 | O20: 0 | P20: 0 | Q20: 0 | R20: 0 | S20: 0 | T20: 0 | U20: 0 | V20: 0 | W20: 0 | X20: 0 | Y20: 0 | Z20: 0 | AA20: 0 | AB20: 0 | AC20: 0 | AD20: 0 | AE20: 0 | AF20: 0 | AG20: 0 | AH20: 21153.753 | AI20: 19677.787 | AJ20: 19656.618 | AK20: 34604.559 | AL20: 37462.54 | AM20: 37899.5 | AN20: 38082.86 | AO20: 49046.761 | AP20: 47054.936 | AQ20: 31038.26 | AR20: 23271.767 | AS20: 10357.418 | AT20: 16770.503 | AU20: 24066.855 | AV20: 34905.346 | AW20: 74702.108 | AX20: 74937.297 | AY20: 75242.354 | AZ20: 79492.789 | BA20: 158041.49 | BB20: 48181.366 | BC20: 48181.952 | BD20: 46163.589 | BE20: 45014.045 | BF20: 44252.907 | BG20: 51012.07
A21: =INDEX({"Outros Créditos";"Other Credits"},Home!$R$30) -> Outros Créditos | B21: 974 | C21: 1042 | D21: 1168 | E21: 1178 | F21: 1146 | G21: 868 | H21: 715 | I21: 728 | J21: 1782 | K21: 1943 | L21: 1917 | M21: 1923 | N21: 2114 | O21: 2119 | P21: 2249 | Q21: 2613 | R21: 2290 | S21: 3489 | T21: 4035.42 | U21: 4887.38 | V21: 5769.83 | W21: 5510.88 | X21: 4972.79 | Y21: 5245.9 | Z21: 3091.8662 | AA21: 2598.86 | AB21: 2598.71 | AC21: 2483.86 | AD21: 2352.58 | AE21: 2008.7962 | AF21: 329431.52 | AG21: 334910.59 | AH21: 338365.53 | AI21: 340901.46 | AJ21: 345424.33 | AK21: 352350.09 | AL21: 354668.58 | AM21: 356933.56 | AN21: 361786.02 | AO21: 28454.051 | AP21: 39964.003 | AQ21: 49190.276 | AR21: 18659.13 | AS21: 21837.465 | AT21: 6115.6116 | AU21: 6522.8615 | AV21: 15994.331 | AW21: 11091.596 | AX21: 11008.693 | AY21: 10952.73 | AZ21: 10082.691 | BA21: 13377.001 | BB21: 19863.721 | BC21: 14927.905 | BD21: 9951.2502 | BE21: 7589.1039 | BF21: 9292.7334 | BG21: 541550.8
A22: =INDEX({"Investimentos";"Investments"},Home!$R$30) -> Investimentos | B22: 0 | C22: 0 | D22: 0 | E22: 0 | F22: 0 | G22: 0 | H22: 0 | I22: 0 | J22: 0 | K22: 0 | L22: 0 | M22: 0 | N22: 0 | O22: 0 | P22: 0 | Q22: 0 | R22: 0 | S22: 0 | T22: 0 | U22: 0 | V22: 0 | W22: 0 | X22: 0 | Y22: 0 | Z22: 0 | AA22: 0 | AB22: 0 | AC22: 0 | AD22: 0 | AE22: 0 | AF22: 0 | AG22: 0 | AH22: 3289.1981 | AI22: 3289.1981 | AJ22: 3.3999994e-05 | AK22: 4.1000009e-05 | AL22: 8180.2265 | AM22: 8096.8377 | AN22: 8096.8377 | AO22: 830.24622 | AP22: 1071.4634 | AQ22: 1922.6405 | AR22: 5773.0049 | AS22: 4479.0642 | AT22: 2426.2446 | AU22: 2829.3699 | AV22: 5927.0372 | AW22: 14975.514 | AX22: 10279.077 | AY22: 9755.119 | AZ22: 9558.175 | BA22: 14785.576 | BB22: 13663.077 | BC22: 13447.168 | BD22: 16659.819 | BE22: 19603.444 | BF22: 21488.355 | BG22: 186.30673
A23: =INDEX({"Imobilizado";"Property, Plant and Equipment"},Home!$R$30) -> Imobilizado | B23: 376808 | C23: 397236 | D23: 422083 | E23: 454322 | F23: 475099 | G23: 499337 | H23: 518411 | I23: 536629 | J23: 554796 | K23: 583491 | L23: 610404 | M23: 648360 | N23: 665690 | O23: 691991 | P23: 728262 | Q23: 801985 | R23: 835302 | S23: 888662 | T23: 950189.66 | U23: 1006606.4 | V23: 1049967.4 | W23: 1114876.5 | X23: 1212884 | Y23: 1276275.9 | Z23: 1306937.4 | AA23: 1368359.4 | AB23: 1446531.5 | AC23: 1546960.3 | AD23: 1624707 | AE23: 1659837.6 | AF23: 1761701.7 | AG23: 1777735.2 | AH23: 1769798.1 | AI23: 1780195.7 | AJ23: 1817792.2 | AK23: 1859220.4 | AL23: 1850360.9 | AM23: 1870331 | AN23: 1921621.5 | AO23: 1999020.3 | AP23: 2004251.3 | AQ23: 2051536.9 | AR23: 2110713.9 | AS23: 2196404.8 | AT23: 2222853.7 | AU23: 2276261.1 | AV23: 2364103.5 | AW23: 2453423.4 | AX23: 2451557.4 | AY23: 2475944 | AZ23: 2563819.5 | BA23: 2682672 | BB23: 2693140.9 | BC23: 2737577.8 | BD23: 2822575.8 | BE23: 2934656.7 | BF23: 2929600.4 | BG23: 2970045.7
A24: =INDEX({"Intangível";"Intangible"},Home!$R$30) -> Intangível | B24: 1130988 | C24: 1128613 | D24: 1127769 | E24: 1170198 | F24: 1164348 | G24: 1158418 | H24: 1156102 | I24: 1150539 | J24: 1141000 | K24: 1136220 | L24: 1130294 | M24: 1125277 | N24: 1119448 | O24: 1122608 | P24: 1123010 | Q24: 1166873 | R24: 1169021 | S24: 1161858 | T24: 1168421.6 | U24: 1174056.6 | V24: 1179056.9 | W24: 1181935.2 | X24: 1186998.2 | Y24: 1191016.1 | Z24: 1190325.6 | AA24: 1193602.2 | AB24: 1199306.2 | AC24: 1202387.6 | AD24: 1202545.4 | AE24: 1204452.4 | AF24: 1246909.9 | AG24: 1245440.8 | AH24: 1251216 | AI24: 1253664.2 | AJ24: 1255217.7 | AK24: 1261708.1 | AL24: 1263430.3 | AM24: 1316302.3 | AN24: 1345941 | AO24: 1486251.7 | AP24: 1488760.7 | AQ24: 1510848.1 | AR24: 1604321.6 | AS24: 1738112.7 | AT24: 1749274.3 | AU24: 1814232.1 | AV24: 1876388.5 | AW24: 1917278.6 | AX24: 1906678.3 | AY24: 1943991 | AZ24: 1990746.1 | BA24: 2025603.6 | BB24: 2011710 | BC24: 2036971.8 | BD24: 2064727.3 | BE24: 2045708.7 | BF24: 2004756.4 | BG24: 2038393.1
A25: =INDEX({"Subtotal";"Subtotal"},Home!$R$30) -> Subtotal | B25: =SUM(B18:B24) -> 1562901 | C25: =SUM(C18:C24) -> 1562322 | D25: =SUM(D18:D24) -> 1627978 | E25: =SUM(E18:E24) -> 1646322 | F25: =SUM(F18:F24) -> 1661598 | G25: =SUM(G18:G24) -> 1678989 | H25: =SUM(H18:H24) -> 1696706 | I25: =SUM(I18:I24) -> 1710518 | ... BG25: =SUM(BG18:BG24) -> 5902719.8
A27: =INDEX({"Passivo e Patrimônio Líquido";"Liabilities & Equity"},Home!$R$30) -> Passivo e Patrimônio Líquido | B27: =B56+B45+B38 -> 3121129 | C27: =C56+C45+C38 -> 3108413 | D27: =D56+D45+D38 -> 3186097 | E27: =E56+E45+E38 -> 3340186 | F27: =F56+F45+F38 -> 3243082 | G27: =G56+G45+G38 -> 3316119 | H27: =H56+H45+H38 -> 3298645 | I27: =I56+I45+I38 -> 3614093 | ... BG27: =BG56+BG45+BG38 -> 20154467
A29: =INDEX({"Circulante";"Current Liabilities"},Home!$R$30) -> Circulante
A30: =INDEX({"Fornecedores";"Suppliers"},Home!$R$30) -> Fornecedores | B30: 495722 | C30: 409832 | D30: 466636 | E30: 575587 | F30: 456464 | G30: 489390 | H30: 445899 | I30: 671455 | J30: 560262 | K30: 635006 | L30: 717337 | M30: 886533 | N30: 943256 | O30: 836549 | P30: 959353 | Q30: 1203382 | R30: 1157077 | S30: 1079108 | T30: 1325003.6 | U30: 1615586.2 | V30: 1483477.5 | W30: 1396475.9 | X30: 1558783.3 | Y30: 1815687.1 | Z30: 1832996.2 | AA30: 1670110.5 | AB30: 1862895.5 | AC30: 2141273.9 | AD30: 2019929 | AE30: 1959369.8 | AF30: 2279946.2 | AG30: 2653236.5 | AH30: 2784446 | AI30: 2232219.1 | AJ30: 2339320.2 | AK30: 3106937.1 | AL30: 3196508.1 | AM30: 2682594.7 | AN30: 2850604.1 | AO30: 3656605.3 | AP30: 3600986 | AQ30: 3538544 | AR30: 3753793.5 | AS30: 4258916.8 | AT30: 5106693.8 | AU30: 4105650.4 | AV30: 4642770.5 | AW30: 5095166.4 | AX30: 5592413.6 | AY30: 4897662.2 | AZ30: 5712823 | BA30: 5825380.7 | BB30: 5577390.4 | BC30: 5192141.1 | BD30: 5739195.4 | BE30: 6429186.4 | BF30: 6469285.3 | BG30: 6375301.6
A31: =INDEX({"Empréstimos e Financiamentos";"Loans and Financing"},Home!$R$30) -> Empréstimos e Financiamentos | B31: 51678 | C31: 64443 | D31: 61011 | E31: 60712 | F31: 61551 | G31: 71246 | H31: 79878 | I31: 83944 | J31: 108769 | K31: 105506 | L31: 104126 | M31: 103686 | N31: 95417 | O31: 101856 | P31: 105409 | Q31: 108191 | R31: 108675 | S31: 111741 | T31: 117787 | U31: 132580.81 | V31: 167928.33 | W31: 240625.5 | X31: 231775 | Y31: 196247.77 | Z31: 186159.53 | AA31: 227242.11 | AB31: 237205.23 | AC31: 272938.92 | AD31: 280764.66 | AE31: 274744.38 | AF31: 247469.29 | AG31: 228660.99 | AH31: 533457.94 | AI31: 537353.16 | AJ31: 536490.19 | AK31: 531203.59 | AL31: 206650.11 | AM31: 622705.25 | AN31: 630096.04 | AO31: 613830.51 | AP31: 533453.31 | AQ31: 228200.89 | AR31: 134789.92 | AS31: 186355.76 | AT31: 443799.05 | AU31: 569822.23 | AV31: 581004.2 | AW31: 604600.83 | AX31: 311914.26 | AY31: 415442.26 | AZ31: 619036.66 | BA31: 637109.33 | BB31: 672158.24 | BC31: 849691.49 | BD31: 522497.36 | BE31: 508136.5 | BF31: 425458.46 | BG31: 365265.75
A32: =INDEX({"Salários e Encargos Sociais";"Salaries and Social Charges Payable"},Home!$R$30) -> Salários e Encargos Sociais | B32: 85344 | C32: 105472 | D32: 120587 | E32: 92899 | F32: 93266 | G32: 111195 | H32: 139259 | I32: 116352 | J32: 128625 | K32: 153878 | L32: 174885 | M32: 142635 | N32: 142959 | O32: 178095 | P32: 196881 | Q32: 165409 | R32: 164597 | S32: 209616 | T32: 239457.32 | U32: 199377.71 | V32: 193325.14 | W32: 224889.22 | X32: 251622.85 | Y32: 202798.99 | Z32: 205256.63 | AA32: 254223.07 | AB32: 288636.27 | AC32: 237541.92 | AD32: 239841.88 | AE32: 298980.95 | AF32: 346202.46 | AG32: 296673.12 | AH32: 293518.44 | AI32: 415427.08 | AJ32: 409270.92 | AK32: 309161.42 | AL32: 319416.16 | AM32: 413458.75 | AN32: 484720.99 | AO32: 420356.24 | AP32: 431109.83 | AQ32: 529539.19 | AR32: 617244.51 | AS32: 561622.51 | AT32: 526307.6 | AU32: 626385.24 | AV32: 735009.76 | AW32: 636393.25 | AX32: 604956.95 | AY32: 716546.41 | AZ32: 816546.6 | BA32: 686526.09 | BB32: 646954.03 | BC32: 777865.68 | BD32: 895260.37 | BE32: 757549.54 | BF32: 745744.26 | BG32: 925554.26
A33: =INDEX({"Impostos, Taxas e Contribuições";"Taxes Payable"},Home!$R$30) -> Impostos, Taxas e Contribuições | B33: 35256 | C33: 49165 | D33: 40998 | E33: 40489 | F33: 36772 | G33: 45408 | H33: 39721 | I33: 65920 | J33: 53664 | K33: 41834 | L33: 40112 | M33: 43516 | N33: 46120 | O33: 41207 | P33: 48629 | Q33: 55877 | R33: 79309 | S33: 73495 | T33: 89000.14 | U33: 96730.6 | V33: 127156.94 | W33: 116917.26 | X33: 121243.41 | Y33: 130432.12 | Z33: 98993.75 | AA33: 83199.97 | AB33: 82483.22 | AC33: 92964.01 | AD33: 118992.74 | AE33: 132658.37 | AF33: 146493.98 | AG33: 102671.5 | AH33: 161355.42 | AI33: 119333.2 | AJ33: 123286.28 | AK33: 138672.7 | AL33: 143983.24 | AM33: 151858.9 | AN33: 153701.94 | AO33: 154772.46 | AP33: 176333.16 | AQ33: 239696.52 | AR33: 186320.89 | AS33: 213298.34 | AT33: 263123.22 | AU33: 310175.64 | AV33: 289770.96 | AW33: 360571.64 | AX33: 360411.38 | AY33: 411332.38 | AZ33: 414068.42 | BA33: 364903.44 | BB33: 377395.41 | BC33: 384087.63 | BD33: 453139.98 | BE33: 397995.23 | BF33: 423362.64 | BG33: 508068.46
A34: =INDEX({"Dividendo e Juros Sobre o Capital Próprio";"Dividend and Interest on Equity"},Home!$R$30) -> Dividendo e Juros Sobre o Capital Próprio | B34: 9720 | C34: 22599 | D34: 35051 | E34: 5451 | F34: 8378 | G34: 17317 | H34: 22049 | I34: 9464 | J34: 15725 | K34: 25531 | L34: 44429 | M34: 28664 | N34: 55948 | O34: 58944 | P34: 92825 | Q34: 24402 | R34: 113695 | S34: 83318 | T34: 125707.08 | U34: 25933.41 | V34: 131169.1 | W34: 87625.69 | X34: 131372.57 | Y34: 37474.2 | Z34: 133932.81 | AA34: 89932.43 | AB34: 134419.5 | AC34: 24842.58 | AD34: 72147.519 | AE34: 96150.318 | AF34: 140601.48 | AG34: 92946.485 | AH34: 133190.26 | AI34: 109951.02 | AJ34: 153219.74 | AK34: 66295.036 | AL34: 173828.2 | AM34: 133309.22 | AN34: 133246.01 | AO34: 76787.253 | AP34: 133780.11 | AQ34: 123618.92 | AR34: 302155.06 | AS34: 62417.173 | AT34: 131994.6 | AU34: 160560.01 | AV34: 238728.82 | AW34: 23508.487 | AX34: 87394.797 | AY34: 134046.51 | AZ34: 336979.75 | BA34: 241475.62 | BB34: 343002.92 | BC34: 217181.36 | BD34: 338195.88 | BE34: 2566.3473 | BF34: 131419.42 | BG34: 306115.32
A35: =INDEX({"Provisão para Demandas Judiciais";"Provision for Lawsuits"},Home!$R$30) -> Provisão para Demandas Judiciais | B35: 1280 | C35: 2192 | D35: 3131 | E35: 4129 | F35: 4396 | G35: 4618 | H35: 4948 | I35: 4912 | J35: 4835 | K35: 5219 | L35: 5188 | M35: 5209 | N35: 4205 | O35: 3899 | P35: 2996 | Q35: 3346 | R35: 1690 | S35: 942 | T35: 1396.33 | U35: 0 | V35: 5596.12 | W35: 4244.06 | X35: 4042.14 | Y35: 2724.13 | Z35: 4195.94 | AA35: 1060.45 | AB35: 286.38 | AC35: 2511.54 | AD35: 3485.1218 | AE35: 9583.3693 | AF35: 22521.943 | AG35: 26007.866 | AH35: 28130.545 | AI35: 28870.227 | AJ35: 32327.469 | AK35: 32834.733 | AL35: 44332.93 | AM35: 46997.984 | AN35: 40849.258 | AO35: 43559.774 | AP35: 44352.785 | AQ35: 47908.572 | AR35: 49029.509 | AS35: 53584.342 | AT35: 54372.111 | AU35: 52138.672 | AV35: 53569.091 | AW35: 57223.527 | AX35: 56600.738 | AY35: 62590.005 | AZ35: 69726.078 | BA35: 81828.865 | BB35: 86280.036 | BC35: 77279.016 | BD35: 48335.529 | BE35: 58220.571 | BF35: 51833.025 | BG35: 42116.447
A36: =INDEX({"Passivos de investimento à venda (4Bio)";"Liabilities of investment for sale (4Bio)"},Home!$R$30) -> Passivos de investimento à venda (4Bio) | B36: 0 | C36: 0 | D36: 0 | E36: 0 | F36: 0 | G36: 0 | H36: 0 | I36: 0 | J36: 0 | K36: 0 | L36: 0 | M36: 0 | N36: 0 | O36: 0 | P36: 0 | Q36: 0 | R36: 0 | S36: 0 | T36: 0 | U36: 0 | V36: 0 | W36: 0 | X36: 0 | Y36: 0 | Z36: 0 | AA36: 0 | AB36: 0 | AC36: 0 | AD36: 0 | AE36: 0 | AF36: 0 | AG36: 0 | AH36: 0 | AI36: 0 | AJ36: 0 | AK36: 0 | AL36: 0 | AM36: 0 | AN36: 0 | AO36: 0 | AP36: 0 | AQ36: 0 | AR36: 0 | AS36: 0 | AT36: 0 | AU36: 0 | AV36: 0 | AW36: 0 | AX36: 0 | AY36: 0 | AZ36: 0 | BA36: 0 | BB36: 839140.97 | BC36: 796567.33 | BD36: 551325.08 | BE36: 662887.11 | BF36: 720060.87 | BG36: 0
A37: =INDEX({"Outras Contas a Pagar";"Other Accounts Payable"},Home!$R$30) -> Outras Contas a Pagar | B37: 58440 | C37: 54617 | D37: 52608 | E37: 84009 | F37: 79351 | G37: 67931 | H37: 58884 | I37: 67957 | J37: 61193 | K37: 64492 | L37: 77498 | M37: 88368 | N37: 88907 | O37: 92821 | P37: 91228 | Q37: 88159 | R37: 95867 | S37: 108854 | T37: 112767.92 | U37: 114473.91 | V37: 120630.78 | W37: 122938.81 | X37: 117837.09 | Y37: 108414.88 | Z37: 113828.4 | AA37: 112331.5 | AB37: 122613.67 | AC37: 141369.76 | AD37: 141686.58 | AE37: 128919.85 | AF37: 160042.74 | AG37: 160631.59 | AH37: 162021.35 | AI37: 170099.38 | AJ37: 173421.19 | AK37: 181417.5 | AL37: 208887.79 | AM37: 270529.33 | AN37: 248713.79 | AO37: 245169.9 | AP37: 251774.37 | AQ37: 259471.16 | AR37: 269427.84 | AS37: 282298.04 | AT37: 326298.09 | AU37: 319986.64 | AV37: 316708.37 | AW37: 451404.99 | AX37: 497855.9 | AY37: 361657.4 | AZ37: 391188.88 | BA37: 412763.27 | BB37: 457459.5 | BC37: 415224.26 | BD37: 442814.88 | BE37: 478666.84 | BF37: 469631.92 | BG37: 593733.84
A38: =INDEX({"Subtotal";"Subtotal"},Home!$R$30) -> Subtotal | B38: =SUM(B30:B37) -> 737440 | C38: =SUM(C30:C37) -> 708320 | D38: =SUM(D30:D37) -> 780022 | E38: =SUM(E30:E37) -> 863276 | F38: =SUM(F30:F37) -> 740178 | G38: =SUM(G30:G37) -> 807105 | H38: =SUM(H30:H37) -> 790638 | I38: =SUM(I30:I37) -> 1020004 | ... BG38: =SUM(BG30:BG37) -> 9116155.7
A40: =INDEX({"Não Circulante";"Non-current Liabilities"},Home!$R$30) -> Não Circulante
A41: =INDEX({"Empréstimos e Financiamentos";"Loans and Financing"},Home!$R$30) -> Empréstimos e Financiamentos | B41: 104983 | C41: 99583 | D41: 87962 | E41: 131460 | F41: 140386 | G41: 121620 | H41: 103933 | I41: 160881 | J41: 162321 | K41: 148634 | L41: 127924 | M41: 188200 | N41: 169937 | O41: 173696 | P41: 162300 | Q41: 188196 | R41: 185015 | S41: 211395 | T41: 242296.58 | U41: 281386.54 | V41: 305479.27 | W41: 513038.15 | X41: 486714.56 | Y41: 414710.62 | Z41: 387345.44 | AA41: 684375.59 | AB41: 665920.87 | AC41: 570211.06 | AD41: 797522.45 | AE41: 704966.3 | AF41: 989944.52 | AG41: 897815.18 | AH41: 879715.64 | AI41: 1191067.4 | AJ41: 1195515.6 | AK41: 1122249.6 | AL41: 1426167.9 | AM41: 934331.8 | AN41: 934692.61 | AO41: 891392.53 | AP41: 1635614.8 | AQ41: 2141378.9 | AR41: 2130227.9 | AS41: 2131548.1 | AT41: 1832601.2 | AU41: 1833783.3 | AV41: 2523461 | AW41: 2526101.7 | AX41: 2527998.6 | AY41: 3003280 | AZ41: 2655148.1 | BA41: 2656820.1 | BB41: 2408492.1 | BC41: 2758637.9 | BD41: 2760116 | BE41: 3359617.5 | BF41: 3236090.4 | BG41: 3087383.5
A42: =INDEX({"Provisão para Demandas Judiciais";"Provision for Lawsuits"},Home!$R$30) -> Provisão para Demandas Judiciais | B42: 3972 | C42: 4585 | D42: 4123 | E42: 9721 | F42: 9765 | G42: 8936 | H42: 8463 | I42: 8021 | J42: 9581 | K42: 9981 | L42: 8953 | M42: 4113 | N42: 3718 | O42: 3658 | P42: 4542 | Q42: 3352 | R42: 3120 | S42: 4928 | T42: 2722.09 | U42: 2591.36 | V42: 7373.29 | W42: 8693.58 | X42: 7395.48 | Y42: 8169.76 | Z42: 5972.78 | AA42: 6090.36 | AB42: 6439.47 | AC42: 48876.94 | AD42: 44295.268 | AE42: 36990.208 | AF42: 60843.13 | AG42: 67113.964 | AH42: 69374.886 | AI42: 72545.051 | AJ42: 70097.554 | AK42: 70821.764 | AL42: 68363.004 | AM42: 61137.722 | AN42: 54435.849 | AO42: 52915.489 | AP42: 49857.138 | AQ42: 52936.795 | AR42: 50206.954 | AS42: 55011.676 | AT42: 54644.84 | AU42: 57650.119 | AV42: 60653.096 | AW42: 256234.3 | AX42: 256092.45 | AY42: 261940.39 | AZ42: 235310.28 | BA42: 282059.13 | BB42: 84144.74 | BC42: 102132.98 | BD42: 143283.26 | BE42: 135298.36 | BF42: 144588.24 | BG42: 145180.95
A43: =INDEX({"IR e Contribuição Social Diferidos";"Income Tax and Social Charges Deferred"},Home!$R$30) -> IR e Contribuição Social Diferidos | B43: 52673 | C43: 53174 | D43: 51488 | E43: 64021 | F43: 70542 | G43: 80302 | H43: 87876 | I43: 93980 | J43: 100525 | K43: 108207 | L43: 115159 | M43: 125946 | N43: 140038 | O43: 144710 | P43: 149314 | Q43: 165981 | R43: 175072 | S43: 173228 | T43: 186335.68 | U43: 193188.37 | V43: 199069.48 | W43: 204822.55 | X43: 217649.78 | Y43: 228714.06 | Z43: 243586.68 | AA43: 255521.14 | AB43: 256905.24 | AC43: 237757.32 | AD43: 243820.7 | AE43: 240169.05 | AF43: 183696.49 | AG43: 166234.07 | AH43: 185127.07 | AI43: 162924.83 | AJ43: 161201.04 | AK43: 158141.3 | AL43: 165593.46 | AM43: 149169.83 | AN43: 130416.04 | AO43: 200659.95 | AP43: 191018.94 | AQ43: 169631.7 | AR43: 154468.31 | AS43: 137015.91 | AT43: 148310.71 | AU43: 140180.09 | AV43: 114853.14 | AW43: 48188.305 | AX43: 84210.935 | AY43: 78824.312 | AZ43: 67265.605 | BA43: 40356.943 | BB43: 38276.01 | BC43: 25503.376 | BD43: 2355.5247 | BE43: 8608.8876 | BF43: -23734.563 | BG43: 23417.389
A44: =INDEX({"Outras Obrigações";"Other Accounts Payable"},Home!$R$30) -> Outras Obrigações | B44: 8501 | C44: 7965 | D44: 7487 | E44: 7049 | F44: 6673 | G44: 6407 | H44: 2868 | I44: 4224 | J44: 4015 | K44: 3802 | L44: 3295 | M44: 3792 | N44: 3916 | O44: 4181 | P44: 5117 | Q44: 36108 | R44: 35781 | S44: 37383 | T44: 38961.1 | U44: 61499.07 | V44: 59985.69 | W44: 64888.53 | X44: 69349.31 | Y44: 68503.17 | Z44: 60147.61 | AA44: 61068.72 | AB44: 63599.46 | AC44: 46948.59 | AD44: 43072.489 | AE44: 44533.402 | AF44: 333049.55 | AG44: 386449.26 | AH44: 385539.62 | AI44: 389208.69 | AJ44: 393572.63 | AK44: 406057.7 | AL44: 402597.19 | AM44: 452920.63 | AN44: 455038 | AO44: 153466.1 | AP44: 151999.82 | AQ44: 148964.22 | AR44: 170670.04 | AS44: 230256.87 | AT44: 227337.11 | AU44: 229385.74 | AV44: 228136.23 | AW44: 125983.58 | AX44: 110125.91 | AY44: 98471.019 | AZ44: 103505.82 | BA44: 109538.48 | BB44: 100773.96 | BC44: 77625.21 | BD44: 64948.087 | BE44: 82491.167 | BF44: 80848.11 | BG44: 48458.162
A45: =INDEX({"Subtotal";"Subtotal"},Home!$R$30) -> Subtotal | B45: =SUM(B41:B44) -> 170129 | C45: =SUM(C41:C44) -> 165307 | D45: =SUM(D41:D44) -> 151060 | E45: =SUM(E41:E44) -> 212251 | F45: =SUM(F41:F44) -> 227366 | G45: =SUM(G41:G44) -> 217265 | H45: =SUM(H41:H44) -> 203140 | I45: =SUM(I41:I44) -> 267106 | ... BG45: =SUM(BG41:BG44) -> 3304440
A47: =INDEX({"Patrimônio Líquido";"Equity"},Home!$R$30) -> Patrimônio Líquido
A48: =INDEX({"Capital Social";"Common Stock"},Home!$R$30) -> Capital Social | B48: 908639 | C48: 908639 | D48: 908639 | E48: 908639 | F48: 908639 | G48: 908639 | H48: 908639 | I48: 908639 | J48: 909407 | K48: 909407 | L48: 909407 | M48: 909407 | N48: 909407 | O48: 909407 | P48: 909407 | Q48: 1808639 | R48: 1808639 | S48: 1808639 | T48: 1808639 | U48: 1808639.2 | V48: 1808639.2 | W48: 1808639.2 | X48: 1808639.2 | Y48: 1808639.2 | Z48: 1808639.2 | AA48: 1808639.2 | AB48: 1808639.2 | AC48: 1808639.2 | AD48: 1808639.3 | AE48: 2500000 | AF48: 2500000 | AG48: 2500000 | AH48: 2500000 | AI48: 2500000 | AJ48: 2500000 | AK48: 2500000 | AL48: 2500000 | AM48: 2500000 | AN48: 2500000 | AO48: 2500000 | AP48: 2500000 | AQ48: 2500000 | AR48: 2500000 | AS48: 2500000 | AT48: 2500000 | AU48: 4000000 | AV48: 4000000 | AW48: 4000000 | AX48: 4000000 | AY48: 4000000 | AZ48: 4000000 | BA48: 4000000 | BB48: 4000000 | BC48: 4000000 | BD48: 4000000 | BE48: 4750000 | BF48: 4750000 | BG48: 4750000
A49: =INDEX({"Reservas de Capital";"Capital Reserves"},Home!$R$30) -> Reservas de Capital | B49: 1039935 | C49: 1039935 | D49: 1039935 | E49: 1039935 | F49: 1039935 | G49: 1039935 | H49: 1039935 | I49: 1039935 | J49: 1039935 | K49: 1019037 | L49: 1019036 | M49: 1019791 | N49: 1020249 | O49: 1021170 | P49: 1022266 | Q49: 128767 | R49: 133262 | S49: 136222 | T49: 139192.19 | U49: 138553.21 | V49: 141318.7 | W49: 144731.11 | X49: 148038.51 | Y49: 151155.86 | Z49: 107490.12 | AA49: 110345.78 | AB49: 113517.77 | AC49: 116363.25 | AD49: 119551.96 | AE49: 122833.21 | AF49: 126572.45 | AG49: 129768.45 | AH49: 133213.38 | AI49: 137812.6 | AJ49: 142880.24 | AK49: 148028.75 | AL49: 146824.28 | AM49: 152448.22 | AN49: 84567.09 | AO49: 89914.143 | AP49: 88980.82 | AQ49: 95407.008 | AR49: 105463.67 | AS49: 112761.56 | AT49: 115466.07 | AU49: 125745.61 | AV49: 136616.62 | AW49: 146560.12 | AX49: 145371.89 | AY49: 157622.87 | AZ49: 168672.71 | BA49: 111309.31 | BB49: 117893.7 | BC49: 131106.61 | BD49: 125346.42 | BE49: 139290.53 | BF49: 149003.85 | BG49: 159823.23
A50: =INDEX({"Reserva de Reavaliação";"Revaluation Reserve"},Home!$R$30) -> Reserva de Reavaliação | B50: 13275 | C50: 13224 | D50: 13174 | E50: 13127 | F50: 13057 | G50: 13034 | H50: 12988 | I50: 12941 | J50: 12895 | K50: 12848 | L50: 12802 | M50: 12755 | N50: 12708 | O50: 12662 | P50: 12616 | Q50: 12569 | R50: 12523 | S50: 12476 | T50: 12429.63 | U50: 12383.13 | V50: 12336.62 | W50: 12290.12 | X50: 12243.62 | Y50: 12197.12 | Z50: 12152.9 | AA50: 12109.35 | AB50: 12065.8 | AC50: 12022.26 | AD50: 11978.714 | AE50: 11935.168 | AF50: 11891.623 | AG50: 11848.078 | AH50: 11805.152 | AI50: 11762.285 | AJ50: 11719.417 | AK50: 11676.55 | AL50: 11635.37 | AM50: 11595.036 | AN50: 11554.702 | AO50: 11514.368 | AP50: 11474.033 | AQ50: 11433.699 | AR50: 11384.605 | AS50: 11353.031 | AT50: 11312.696 | AU50: 11273.303 | AV50: 11241.934 | AW50: 11210.566 | AX50: 11179.197 | AY50: 11147.829 | AZ50: 11116.46 | BA50: 11085.092 | BB50: 11053.723 | BC50: 11022.354 | BD50: 10990.966 | BE50: 10959.598 | BF50: 10928.078 | BG50: 10895.274
A51: =INDEX({"Reservas de Lucros";"Income Reserves"},Home!$R$30) -> Reservas de Lucros | B51: 229536 | C51: 229537 | D51: 229536 | E51: 294721 | F51: 294721 | G51: 294721 | H51: 294721 | I51: 357170 | J51: 357169 | K51: 357169 | L51: 357169 | M51: 475420 | N51: 475420 | O51: 475420 | P51: 475420 | Q51: 665821 | R51: 665820 | S51: 665820 | T51: 665820 | U51: 919116.94 | V51: 919116.94 | W51: 919116.94 | X51: 919116.94 | Y51: 1228148.6 | Z51: 1228148.6 | AA51: 1228148.6 | AB51: 1228148.6 | AC51: 1522073.3 | AD51: 1522073.3 | AE51: 830712.51 | AF51: 830712.51 | AG51: 1429597.4 | AH51: 1429597.4 | AI51: 1429597.4 | AJ51: 1429597.4 | AK51: 1780379.4 | AL51: 1780379.4 | AM51: 1780379.4 | AN51: 1780379.4 | AO51: 2267879.2 | AP51: 2267879.2 | AQ51: 2267879.2 | AR51: 2267879.2 | AS51: 2781229 | AT51: 2781229 | AU51: 1281229 | AV51: 1281229 | AW51: 1871200.3 | AX51: 1871200.3 | AY51: 1871214.5 | AZ51: 1871214.5 | BA51: 2529319.7 | BB51: 2529319.7 | BC51: 2529319.7 | BD51: 2529319.7 | BE51: 2489084 | BF51: 2489084 | BG51: 2489084
A52: =INDEX({"Lucros Acumulados";"Accrued Income"},Home!$R$30) -> Lucros Acumulados | B52: 12437 | C52: 43451 | D52: 63731 | E52: 0 | F52: 10949 | G52: 35420 | H52: 48584 | I52: 0 | J52: 21392 | K52: 62950 | L52: 109733 | M52: 1137 | N52: 39645 | O52: 112903 | P52: 156421 | Q52: 0 | R52: 42347 | S52: 149930 | T52: 216620.65 | U52: 0 | V52: 52902.69 | W52: 141512.17 | X52: 226618.76 | Y52: 0 | Z52: 69998.14 | AA52: 156256.08 | AB52: 232246.86 | AC52: 0 | AD52: 43105.124 | AE52: 138837.3 | AF52: 558127.96 | AG52: 2.3628597e-05 | AH52: 98159.997 | AI52: 108149.54 | AJ52: 232616.49 | AK52: 0 | AL52: 142892.69 | AM52: 358641.01 | AN52: 527500.2 | AO52: 0 | AP52: 84360.482 | AQ52: 374317.48 | AR52: 405666 | AS52: -1.1920929e-09 | AT52: 120644.39 | AU52: 377272.04 | AV52: 578245.66 | AW52: 0 | AX52: 135603.48 | AY52: 404934.97 | AZ52: 542903.74 | BA52: 0 | BB52: 62099.452 | BC52: 322824.23 | BD52: 666109.28 | BE52: 0 | BF52: 22827.998 | BG52: 261045.83
A53: =INDEX({"Ajustes de Avaliação Patrimonial";"Equity Adjustments"},Home!$R$30) -> Ajustes de Avaliação Patrimonial | B53: 0 | C53: 0 | D53: 0 | E53: 0 | F53: 0 | G53: 0 | H53: 0 | I53: 0 | J53: 0 | K53: 0 | L53: 0 | M53: 0 | N53: 0 | O53: 0 | P53: 0 | Q53: -30230 | R53: -30230 | S53: -30230 | T53: -30230 | U53: -30230.3 | V53: -30230.3 | W53: -30230.3 | X53: -30230.3 | Y53: -30230.3 | Z53: -30230.3 | AA53: -30230.3 | AB53: -30230.3 | AC53: -30230.3 | AD53: -30230.295 | AE53: -30230.295 | AF53: -30230.295 | AG53: -30230.295 | AH53: -30230.295 | AI53: -30230.295 | AJ53: -30230.295 | AK53: -30230.295 | AL53: -30230.295 | AM53: 3820.8616 | AN53: 3820.8616 | AO53: 3261.154 | AP53: 3261.154 | AQ53: 613.30775 | AR53: 3261.154 | AS53: -22.23798 | AT53: 2808.858 | AU53: -3147.9309 | AV53: 3261.154 | AW53: 3261.154 | AX53: 2059.2921 | AY53: 62571.151 | AZ53: 62688.002 | BA53: 62968.917 | BB53: 62968.917 | BC53: 62968.917 | BD53: 62968.917 | BE53: 62968.917 | BF53: 62968.917 | BG53: 63022.903
A54: =INDEX({"Participação de Não Controladores";"Non Controller Interest"},Home!$R$30) -> Participação de Não Controladores | B54: 0 | C54: 0 | D54: 0 | E54: 0 | F54: 0 | G54: 0 | H54: 0 | I54: 0 | J54: 0 | K54: 0 | L54: 0 | M54: 0 | N54: 0 | O54: 0 | P54: 0 | Q54: 22989 | R54: 23119 | S54: 24906 | T54: 25945.03 | U54: 26168.69 | V54: 26314.44 | W54: 27190.46 | X54: 27622.91 | Y54: 27859.64 | Z54: 28193.48 | AA54: 29391.58 | AB54: 30467.41 | AC54: 34911.42 | AD54: 36908.097 | AE54: 39223.76 | AF54: 42446.286 | AG54: 51420.691 | AH54: 52143.645 | AI54: 53691.003 | AJ54: 53984.081 | AK54: 62530.62 | AL54: 64468.071 | AM54: 31469.333 | AN54: 35415.812 | AO54: 41169.64 | AP54: 43585.121 | AQ54: 51298.682 | AR54: 54903.028 | AS54: 62131.701 | AT54: 65076.362 | AU54: 69898.662 | AV54: 73233.329 | AW54: 72391.373 | AX54: 73402.464 | AY54: 13611.212 | AZ54: 13573.282 | BA54: 13528.912 | BB54: 14117.013 | BC54: 14938.53 | BD54: 14437.007 | BE54: 14068.553 | BF54: 0 | BG54: 0
A55: =INDEX({"Dividendo Adicional Proposto";"Additional Dividend Proposed"},Home!$R$30) -> Dividendo Adicional Proposto | B55: 9738 | C55: 0 | D55: 0 | E55: 8237 | F55: 8237 | G55: 0 | H55: 0 | I55: 8298 | J55: 8298 | K55: 0 | L55: 0 | M55: 40331 | N55: 40331 | O55: 0 | P55: 0 | Q55: 48243 | R55: 0 | S55: 0 | T55: 0 | U55: 61324.09 | V55: 0 | W55: 0 | X55: 0 | Y55: 52602.19 | Z55: 0 | AA55: 0 | AB55: 0 | AC55: 70989.79 | AD55: 70989.787 | AE55: 0 | AF55: 0 | AG55: 41643.092 | AH55: 41643.092 | AI55: 0 | AJ55: 0 | AK55: 69478.137 | AL55: 0 | AM55: 0 | AN55: 0 | AO55: 22129.132 | AP55: 22129.132 | AQ55: 0 | AR55: 0 | AS55: 167526.41 | AT55: 167526.41 | AU55: -5e-05 | AV55: 0 | AW55: 217597.88 | AX55: 217597.88 | AY55: 0 | AZ55: 0 | BA55: 69895.384 | BB55: 69895.384 | BC55: 0 | BD55: 0 | BE55: 283183.78 | BF55: 283183.78 | BG55: 0
A56: =INDEX({"Subtotal";"Subtotal"},Home!$R$30) -> Subtotal | B56: =SUM(B48:B55) -> 2213560 | C56: =SUM(C48:C55) -> 2234786 | D56: =SUM(D48:D55) -> 2255015 | E56: =SUM(E48:E55) -> 2264659 | F56: =SUM(F48:F55) -> 2275538 | G56: =SUM(G48:G55) -> 2291749 | H56: =SUM(H48:H55) -> 2304867 | I56: =SUM(I48:I55) -> 2326983 | ... BG56: =SUM(BG48:BG55) -> 7733871.2
A58: =INDEX({"*Inclui 4Bio a partir do 1T14.";"*Includes 4Bio as of 1Q14."},Home!$R$30) -> *Inclui 4Bio a partir do 1T14.

Sheet CashFlow
A1: =INDEX({"Fluxo de Caixa IAS 17 (R$ mil)";"Cash Flow Statement IAS 17 (R$ thousands)"},Home!$R$30) -> Fluxo de Caixa IAS 17 (R$ mil) | B1: =INDEX({"1T12";"1Q12"},Home!$R$30) -> 1T12 | C1: =INDEX({"2T12";"2Q12"},Home!$R$30) -> 2T12 | D1: =INDEX({"3T12";"3Q12"},Home!$R$30) -> 3T12 | E1: =INDEX({"4T12";"4Q12"},Home!$R$30) -> 4T12 | F1: =INDEX({"1T13";"1Q13"},Home!$R$30) -> 1T13 | G1: =INDEX({"2T13";"2Q13"},Home!$R$30) -> 2T13 | H1: =INDEX({"3T13";"3Q13"},Home!$R$30) -> 3T13 | I1: =INDEX({"4T13";"4Q13"},Home!$R$30) -> 4T13 | J1: =INDEX({"1T14";"1Q14"},Home!$R$30) -> 1T14 | K1: =INDEX({"2T14";"2Q14"},Home!$R$30) -> 2T14 | L1: =INDEX({"3T14";"3Q14"},Home!$R$30) -> 3T14 | M1: =INDEX({"4T14";"4Q14"},Home!$R$30) -> 4T14 | N1: =INDEX({"1T15*";"1Q15*"},Home!$R$30) -> 1T15* | O1: =INDEX({"2T15";"2Q15"},Home!$R$30) -> 2T15 | P1: =INDEX({"3T15";"3Q15"},Home!$R$30) -> 3T15 | Q1: =INDEX({"4T15";"4Q15"},Home!$R$30) -> 4T15 | R1: =INDEX({"1T16";"1Q16"},Home!$R$30) -> 1T16 | S1: =INDEX({"2T16";"2Q16"},Home!$R$30) -> 2T16 | T1: =INDEX({"3T16";"3Q16"},Home!$R$30) -> 3T16 | U1: =INDEX({"4T16";"4Q16"},Home!$R$30) -> 4T16 | V1: =INDEX({"1T17";"1Q17"},Home!$R$30) -> 1T17 | W1: =INDEX({"2T17";"2Q17"},Home!$R$30) -> 2T17 | X1: =INDEX({"3T17";"3Q17"},Home!$R$30) -> 3T17 | Y1: =INDEX({"4T17";"4Q17"},Home!$R$30) -> 4T17 | Z1: =INDEX({"1T18";"1Q18"},Home!$R$30) -> 1T18 | AA1: =INDEX({"2T18";"2Q18"},Home!$R$30) -> 2T18 | AB1: =INDEX({"3T18";"3Q18"},Home!$R$30) -> 3T18 | AC1: =INDEX({"4T18";"4Q18"},Home!$R$30) -> 4T18 | AD1: =INDEX({"1T19";"1Q19"},Home!$R$30) -> 1T19 | AE1: =INDEX({"2T19";"2Q19"},Home!$R$30) -> 2T19 | AF1: =INDEX({"3T19";"3Q19"},Home!$R$30) -> 3T19 | AG1: =INDEX({"4T19";"4Q19"},Home!$R$30) -> 4T19 | AH1: =INDEX({"1T20";"1Q20"},Home!$R$30) -> 1T20 | AI1: =INDEX({"2T20";"2Q20"},Home!$R$30) -> 2T20 | AJ1: =INDEX({"3T20";"3Q20"},Home!$R$30) -> 3T20 | AK1: =INDEX({"4T20";"4Q20"},Home!$R$30) -> 4T20 | AL1: =INDEX({"1T21";"1Q21"},Home!$R$30) -> 1T21 | AM1: =INDEX({"2T21";"2Q21"},Home!$R$30) -> 2T21 | AN1: =INDEX({"3T21";"3Q21"},Home!$R$30) -> 3T21 | AO1: =INDEX({"4T21";"4Q21"},Home!$R$30) -> 4T21 | AP1: =INDEX({"1T22";"1Q22"},Home!$R$30) -> 1T22 | AQ1: =INDEX({"2T22";"2Q22"},Home!$R$30) -> 2T22 | AR1: =INDEX({"3T22";"3Q22"},Home!$R$30) -> 3T22 | AS1: =INDEX({"4T22";"4Q22"},Home!$R$30) -> 4T22 | AT1: =INDEX({"1T23";"1Q23"},Home!$R$30) -> 1T23 | AU1: =INDEX({"2T23";"2Q23"},Home!$R$30) -> 2T23 | AV1: =INDEX({"3T23";"3Q23"},Home!$R$30) -> 3T23 | AW1: =INDEX({"4T23";"4Q23"},Home!$R$30) -> 4T23 | AX1: =INDEX({"1T24";"1Q24"},Home!$R$30) -> 1T24 | AY1: =INDEX({"2T24";"2Q24"},Home!$R$30) -> 2T24 | AZ1: =INDEX({"3T24";"3Q24"},Home!$R$30) -> 3T24 | BA1: =INDEX({"4T24";"4Q24"},Home!$R$30) -> 4T24 | BB1: =INDEX({"1T25";"1Q25"},Home!$R$30) -> 1T25 | BC1: =INDEX({"2T25";"2Q25"},Home!$R$30) -> 2T25 | BD1: =INDEX({"3T25";"3Q25"},Home!$R$30) -> 3T25 | BE1: =INDEX({"4T25";"4Q25"},Home!$R$30) -> 4T25 | BF1: =INDEX({"1T26";"1Q26"},Home!$R$30) -> 1T26 | BG1: =INDEX({"2T26";"2Q26"},Home!$R$30) -> 2T26
BB2: Ex-4Bio | BC2: Ex-4Bio | BD2: Ex-4Bio | BE2: Ex-4Bio
A3: =INDEX({"Lucro antes do Imposto de Renda e da Contribuição Social";"Earnings before Income Tax and Social Charges"},Home!$R$30) -> Lucro antes do Imposto de Renda e da Contribuição Social | B3: 26029 | C3: 65749 | D3: 44226 | E3: 22070 | F3: 20786 | G3: 53286 | H3: 26769 | I3: 38546 | J3: 40637 | K3: 83136 | L3: 87544 | M3: 91132 | N3: 85127 | O3: 147555 | P3: 108063 | Q3: 96011 | R3: 112720 | S3: 213565 | T3: 152944 | U3: 115987 | V3: 134846.01 | W3: 190435.13 | X3: 180734.79 | Y3: 180527.94 | Z3: 160009.34 | AA3: 184277.4 | AB3: 159480.37 | AC3: 135089.09 | AD3: 118685.89 | AE3: 192602.4 | AF3: 441066.29 | AG3: 156233.78 | AH3: 200639.86 | AI3: 70450.114 | AJ3: 234681.89 | AK3: 237468 | AL3: 264592.34 | AM3: 339384 | AN3: 251110 | AO3: 188109 | AP3: 155102 | AQ3: 500958 | AR3: 294173 | AS3: 242976 | AT3: 216401 | AU3: 353338 | AV3: 307450 | AW3: 435004 | AX3: 212995 | AY3: 348405 | AZ3: 362155 | BA3: 351476 | BB3: 189852 | BC3: 404155 | BD3: 474127 | BE3: 314244 | BF3: 148341 | BG3: 553718
A5: =INDEX({"Ajustes";"Adjustments"},Home!$R$30) -> Ajustes
A6: =INDEX({"Depreciações e amortizações";"Depreciation and Amortization"},Home!$R$30) -> Depreciações e amortizações | B6: 28913 | C6: 30384 | D6: 31868 | E6: 33162 | F6: 36065 | G6: 39005 | H6: 41220 | I6: 42446 | J6: 43644 | K6: 44020 | L6: 48300 | M6: 51669 | N6: 53573 | O6: 55640 | P6: 57760 | Q6: 60882 | R6: 62930 | S6: 66609 | T6: 70499 | U6: 74396 | V6: 77521.924 | W6: 81509.783 | X6: 86759.896 | Y6: 92122 | Z6: 96038 | AA6: 100268 | AB6: 105518 | AC6: 112310 | AD6: 117818.69 | AE6: 124442.45 | AF6: 131752.58 | AG6: 133255 | AH6: 135812 | AI6: 138933 | AJ6: 141531 | AK6: 147572 | AL6: 147342 | AM6: 150430 | AN6: 157976 | AO6: 171064 | AP6: 167693 | AQ6: 171080 | AR6: 177582 | AS6: 183811 | AT6: 188541 | AU6: 195201 | AV6: 204475 | AW6: 209473 | AX6: 216110 | AY6: 222168 | AZ6: 232772 | BA6: 240915 | BB6: 246742 | BC6: 251317 | BD6: 255196 | BE6: 291133 | BF6: 272348.14 | BG6: 277203.86
A7: =INDEX({"Plano de remuneração com ações restritas, líquido";"Compensation plan with restricted shares, net"},Home!$R$30) -> Plano de remuneração com ações restritas, líquido | B7: 0 | C7: 0 | D7: 0 | E7: 0 | F7: 0 | G7: 0 | H7: 0 | I7: 0 | J7: 0 | K7: 0 | L7: 0 | M7: 754 | N7: 457 | O7: 922 | P7: 1096 | Q7: 996 | R7: 3234 | S7: 2962 | T7: 2969 | U7: -1181 | V7: 2768 | W7: 3424 | X7: 3317 | Y7: 3129 | Z7: 3271 | AA7: 2872 | AB7: 3186 | AC7: 3186 | AD7: 3130 | AE7: 3319 | AF7: 3766 | AG7: 3224 | AH7: 3476 | AI7: 4533 | AJ7: 4974 | AK7: 5107 | AL7: -1247 | AM7: 5666 | AN7: 5224 | AO7: 5470 | AP7: -933 | AQ7: 6426 | AR7: 9813 | AS7: 7298 | AT7: 2598 | AU7: 9803 | AV7: 10871 | AW7: 9943 | AX7: -1708 | AY7: 11713 | AZ7: 11049 | BA7: 16980 | BB7: 6585 | BC7: 13213 | BD7: -5761 | BE7: 13944 | BF7: 9713 | BG7: 10819
A8: =INDEX({"Juros sobre opção de compra de ações adicionais";"Interest over additional stock option"},Home!$R$30) -> Juros sobre opção de compra de ações adicionais | B8: 0 | C8: 0 | D8: 0 | E8: 0 | F8: 0 | G8: 0 | H8: 0 | I8: 0 | J8: 0 | K8: 0 | L8: 0 | M8: 0 | N8: 0 | O8: 0 | P8: 0 | Q8: 1402 | R8: 1467 | S8: 1535 | T8: 1605 | U8: 8989 | V8: 2310 | W8: 2427 | X8: 2550 | Y8: -5000 | Z8: 1348 | AA8: 1386 | AB8: 1425 | AC8: -15294 | AD8: 883 | AE8: 905 | AF8: 8043 | AG8: -4097 | AH8: 1192 | AI8: 1226 | AJ8: 1260 | AK8: 657 | AL8: 676 | AM8: 694 | AN8: 715 | AO8: 734 | AP8: 755 | AQ8: 777 | AR8: 24642 | AS8: 595 | AT8: 29969 | AU8: 2089 | AV8: 1428 | AW8: 0 | AX8: 31151 | AY8: 1348 | AZ8: 341 | BA8: -30799 | BB8: 405 | BC8: 467 | BD8: 8325 | BE8: -7252 | BF8: 337 | BG8: 723
A9: =INDEX({"Resultado na venda ou baixa do ativo imobilizado e intangível";"P,P&E and Intangible Assets residual value"},Home!$R$30) -> Resultado na venda ou baixa do ativo imobilizado e intangível | B9: 249 | C9: 746 | D9: 696 | E9: 5203 | F9: 859 | G9: 1079 | H9: 2723 | I9: 5227 | J9: 1137 | K9: -712 | L9: 259 | M9: -1518 | N9: 100 | O9: 1581 | P9: 1328 | Q9: 1719 | R9: 163 | S9: 619 | T9: 5577 | U9: 5830 | V9: 429 | W9: 2257 | X9: 1970 | Y9: 1953 | Z9: 1787 | AA9: 2734 | AB9: 2751 | AC9: 4894 | AD9: 5932 | AE9: -3019 | AF9: 13680 | AG9: 7881 | AH9: 992 | AI9: 233 | AJ9: 1662 | AK9: 693 | AL9: 8035 | AM9: 872 | AN9: 2531 | AO9: 12427 | AP9: 6621 | AQ9: 8085 | AR9: 10186 | AS9: 4341 | AT9: 15872 | AU9: -7138 | AV9: 3359 | AW9: 56337 | AX9: 5495 | AY9: 1817 | AZ9: 4946 | BA9: 43884 | BB9: 4327 | BC9: 889 | BD9: 7522 | BE9: 55463 | BF9: 968.04 | BG9: 54019.96
A10: =INDEX({"Provisão (reversão) para demandas judiciais";"Provisioned Lawsuits"},Home!$R$30) -> Provisão (reversão) para demandas judiciais | B10: -739 | C10: 1311 | D10: 590 | E10: 6575 | F10: 1218 | G10: 997 | H10: 114 | I10: 524 | J10: 1691 | K10: 1376 | L10: -845 | M10: -5669 | N10: -1601 | O10: -559 | P10: 262 | Q10: -1726 | R10: 153 | S10: 2587 | T10: 1344 | U10: 2583 | V10: 10534 | W10: -1511 | X10: -1157 | Y10: -78 | Z10: 598 | AA10: -3703 | AB10: -572 | AC10: 52844 | AD10: -2172 | AE10: -4026 | AF10: -4201 | AG10: 14291 | AH10: 3084 | AI10: 2976 | AJ10: 3243 | AK10: 83076 | AL10: 62843.187 | AM10: 58267.616 | AN10: -93486.803 | AO10: 14406 | AP10: 8352 | AQ10: 18597 | AR10: 14849 | AS10: 22871 | AT10: 16239 | AU10: 18162 | AV10: 20333 | AW10: 213848 | AX10: 14263 | AY10: 23920 | AZ10: 4767 | BA10: 81399 | BB10: 23679 | BC10: -11282 | BD10: 115246 | BE10: -44162 | BF10: 26613.724 | BG10: 20579.276
A11: =INDEX({"Provisão (reversão) para perdas no estoque";"Provisioned Inventory Loss"},Home!$R$30) -> Provisão (reversão) para perdas no estoque | B11: 1098 | C11: 578 | D11: 1551 | E11: 2681 | F11: 3197 | G11: 6453 | H11: -237 | I11: 5854 | J11: -2298 | K11: 4861 | L11: 2441 | M11: 5234 | N11: -261 | O11: 1870 | P11: -4354 | Q11: -9361 | R11: -3596 | S11: -1991 | T11: -1198 | U11: -7362 | V11: 1086 | W11: 958 | X11: -92 | Y11: 1704 | Z11: -507 | AA11: 576 | AB11: -1105 | AC11: -1644 | AD11: -1443 | AE11: 1222 | AF11: 68 | AG11: -432 | AH11: 23200 | AI11: -2610 | AJ11: 2732 | AK11: -8242 | AL11: 2501 | AM11: 2753 | AN11: 286 | AO11: -1122 | AP11: 6320 | AQ11: 963 | AR11: 20181 | AS11: -380 | AT11: -12858 | AU11: 13579 | AV11: 255 | AW11: -2298 | AX11: 1613 | AY11: 3907 | AZ11: 13395 | BA11: 6122 | BB11: 11542 | BC11: -19566 | BD11: 8773 | BE11: -10986 | BF11: -4340.563 | BG11: -5535.437
A12: =INDEX({"Provisão (reversão) para créditos de liquidação duvidosa";"Provision for Doubtful Accounts"},Home!$R$30) -> Provisão (reversão) para créditos de liquidação duvidosa | B12: 1003 | C12: -30 | D12: 928 | E12: 3713 | F12: -519 | G12: -258 | H12: -469 | I12: 200 | J12: -587 | K12: 1327 | L12: -1502 | M12: -1184 | N12: -128 | O12: 605 | P12: 154 | Q12: 4813 | R12: 651 | S12: 201 | T12: -665 | U12: -691 | V12: 1540 | W12: -738 | X12: 924 | Y12: 588 | Z12: -2359 | AA12: -2013 | AB12: 268 | AC12: -635 | AD12: 794 | AE12: 170 | AF12: -1079 | AG12: 1773 | AH12: 180 | AI12: -85 | AJ12: 1739 | AK12: 9646 | AL12: 770 | AM12: 1885 | AN12: 1206 | AO12: 3871 | AP12: 2858 | AQ12: 427 | AR12: 167 | AS12: 3793 | AT12: 1334 | AU12: 1070 | AV12: 4901 | AW12: 5476 | AX12: 2804 | AY12: 6337 | AZ12: 6375 | BA12: 5776 | BB12: -8104 | BC12: 2502 | BD12: -266 | BE12: 2204 | BF12: -3794.086 | BG12: 2708.8329
A13: =INDEX({"Provisão (reversão) para encerramento de lojas";"Provisioned Store Closures"},Home!$R$30) -> Provisão (reversão) para encerramento de lojas | B13: 0 | C13: 0 | D13: 0 | E13: 0 | F13: 0 | G13: 0 | H13: 0 | I13: 0 | J13: 0 | K13: 3081 | L13: 0 | M13: 570 | N13: -332 | O13: -981 | P13: 1457 | Q13: -1559 | R13: 0 | S13: 4818 | T13: -5756 | U13: 1675 | V13: -91 | W13: -462 | X13: -1787 | Y13: 1529 | Z13: -592 | AA13: -636 | AB13: 0 | AC13: 2784 | AD13: -3540 | AE13: 0 | AF13: -2964 | AG13: -1 | AH13: -1198 | AI13: 0 | AJ13: -715 | AK13: 4173 | AL13: -8853 | AM13: 5068 | AN13: -4392 | AO13: 8072 | AP13: -4553 | AQ13: 6335 | AR13: -8922 | AS13: 6068 | AT13: -2474 | AU13: -4361 | AV13: -783 | AW13: 5410 | AX13: -3281 | AY13: -1130 | AZ13: -3110 | BA13: 1857 | BB13: -2608 | BC13: -310 | BD13: -330 | BE13: 1205 | BF13: -147 | BG13: 4492
A14: =INDEX({"Despesas de juros";"Interest Expenses"},Home!$R$30) -> Despesas de juros | B14: 4287 | C14: 3746 | D14: 3817 | E14: 4314 | F14: 4470 | G14: 4319 | H14: 4154 | I14: 4383 | J14: 6300 | K14: 6065 | L14: 5670 | M14: 5798 | N14: 7577 | O14: 7609 | P14: 7990 | Q14: 8909 | R14: 9279 | S14: 9224 | T14: 11394 | U14: 12126 | V14: 13050 | W14: 19016 | X14: 18515 | Y14: 13653 | Z14: 11128 | AA14: 15382 | AB14: 16107 | AC14: 14082 | AD14: 14790 | AE14: 16264 | AF14: 20019 | AG14: 15673 | AH14: 12477 | AI14: 17829 | AJ14: 15205 | AK14: 14004 | AL14: 13832 | AM14: 17686 | AN14: 25003 | AO14: 29658 | AP14: 51241 | AQ14: 59646 | AR14: 84245 | AS14: 79830 | AT14: 81364 | AU14: 80314 | AV14: 88264 | AW14: 97275 | AX14: 90556 | AY14: 87982 | AZ14: 93513 | BA14: 125970 | BB14: 91174 | BC14: 120904 | BD14: 153784 | BE14: 128983 | BF14: 135842.3 | BG14: 125300.7
A15: =INDEX({"Amortizações do custo de transação de financiamentos";"Debt Issuance Costs Amortization"},Home!$R$30) -> Amortizações do custo de transação de financiamentos | B15: 0 | C15: 0 | D15: 0 | E15: 0 | F15: 0 | G15: 0 | H15: 0 | I15: 0 | J15: 0 | K15: 0 | L15: 0 | M15: 0 | N15: 0 | O15: 0 | P15: 0 | Q15: 0 | R15: 0 | S15: 0 | T15: 0 | U15: 0 | V15: 0 | W15: 60 | X15: 63 | Y15: 65 | Z15: -3938 | AA15: 542 | AB15: 513 | AC15: 495 | AD15: 608 | AE15: 736 | AF15: 646 | AG15: 728 | AH15: 714 | AI15: 991 | AJ15: 1575 | AK15: 1296 | AL15: 1261 | AM15: 1127 | AN15: 965 | AO15: 968 | AP15: 1080 | AQ15: 926 | AR15: 1313 | AS15: 1320 | AT15: 1321 | AU15: 1027 | AV15: 1360 | AW15: 1594 | AX15: 1913 | AY15: -166 | AZ15: 5233 | BA15: 2391 | BB15: 2384 | BC15: 2444 | BD15: 2326 | BE15: 2125 | BF15: 2216 | BG15: 1917
A16: =INDEX({"Resultado de Equivalência Patrimonial";"Equity Equivalence Result "},Home!$R$30) -> Resultado de Equivalência Patrimonial | B16: 0 | C16: 0 | D16: 0 | E16: 0 | F16: 0 | G16: 0 | H16: 0 | I16: 0 | J16: 0 | K16: 0 | L16: 0 | M16: 0 | N16: 0 | O16: 0 | P16: 0 | Q16: 0 | R16: 0 | S16: 0 | T16: 0 | U16: 0 | V16: 0 | W16: 0 | X16: 0 | Y16: 0 | Z16: 0 | AA16: 0 | AB16: 0 | AC16: 0 | AD16: 0 | AE16: 0 | AF16: 0 | AG16: 0 | AH16: 0 | AI16: 0 | AJ16: 1027 | AK16: 6840 | AL16: 1515 | AM16: 1486 | AN16: -179 | AO16: -1694 | AP16: -30 | AQ16: -283 | AR16: 814 | AS16: -2033 | AT16: 2382 | AU16: 837 | AV16: 2100 | AW16: 7190 | AX16: -340 | AY16: 588 | AZ16: 213 | BA16: -1530 | BB16: 1274 | BC16: 434 | BD16: -1026 | BE16: -2675 | BF16: 237 | BG16: 180
A17: =INDEX({"Ganho adquirido em combinação de negócio";"Gains from business combination"},Home!$R$30) -> Ganho adquirido em combinação de negócio | B17: 0 | C17: 0 | D17: 0 | E17: 0 | F17: 0 | G17: 0 | H17: 0 | I17: 0 | J17: 0 | K17: 0 | L17: 0 | M17: 0 | N17: 0 | O17: 0 | P17: 0 | Q17: 0 | R17: 0 | S17: 0 | T17: 0 | U17: 0 | V17: 0 | W17: 0 | X17: 0 | Y17: 0 | Z17: 0 | AA17: 0 | AB17: 0 | AC17: 0 | AD17: 0 | AE17: 0 | AF17: -359035 | AG17: 2407 | AH17: 0 | AI17: 0 | AJ17: 0 | AK17: 0 | AL17: 0 | AM17: 0 | AN17: 0 | AO17: 0 | AP17: 0 | AQ17: 0 | AR17: 0 | AS17: 0 | AT17: 0 | AU17: 0 | AV17: 0 | AW17: 0 | AX17: 0 | AY17: 59708 | AZ17: 0 | BA17: 1 | BB17: 0 | BC17: 0 | BD17: 0 | BE17: 0 | BF17: 0 | BG17: -19568
A18: =INDEX({"Provisão (Reversão) Perdas estimadas em outros ativos";"Provision for Estimated Losses on other Assets"},Home!$R$30) -> Provisão (Reversão) Perdas estimadas em outros ativos | B18: 0 | C18: 0 | D18: 0 | E18: 0 | F18: 0 | G18: 0 | H18: 0 | I18: 0 | J18: 0 | K18: 0 | L18: 0 | M18: 0 | N18: 0 | O18: 0 | P18: 0 | Q18: 0 | R18: 0 | S18: 0 | T18: 0 | U18: 0 | V18: 0 | W18: 0 | X18: 0 | Y18: 0 | Z18: 0 | AA18: 0 | AB18: 0 | AC18: 0 | AD18: 0 | AE18: 0 | AF18: 0 | AG18: 0 | AH18: 0 | AI18: -29 | AJ18: 29 | AK18: 0 | AL18: 0 | AM18: 0 | AN18: 0 | AO18: 0 | AP18: 0 | AQ18: 0 | AR18: 0 | AS18: 0 | AT18: 0 | AU18: 0 | AV18: 0 | AW18: 0 | AX18: 0 | AY18: 0 | AZ18: 0 | BA18: 0 | BB18: 0 | BC18: 0 | BD18: 0 | BE18: 0 | BF18: 0 | BG18: 0
A19: =INDEX({"Valoração Cotistas Seniores";"Net Valuation of Senior Quota Holders"},Home!$R$30) -> Valoração Cotistas Seniores | B19: 0 | C19: 0 | D19: 0 | E19: 0 | F19: 0 | G19: 0 | H19: 0 | I19: 0 | J19: 0 | K19: 0 | L19: 0 | M19: 0 | N19: 0 | O19: 0 | P19: 0 | Q19: 0 | R19: 0 | S19: 0 | T19: 0 | U19: 0 | V19: 0 | W19: 0 | X19: 0 | Y19: 0 | Z19: 0 | AA19: 0 | AB19: 0 | AC19: 0 | AD19: 0 | AE19: 0 | AF19: 0 | AG19: 0 | AH19: 0 | AI19: 0 | AJ19: 0 | AK19: 0 | AL19: -1873 | AM19: -4546 | AN19: 796 | AO19: -767 | AP19: -577 | AQ19: 577 | AR19: 0 | AS19: 0 | AT19: 0 | AU19: 0 | AV19: 0 | AW19: 0 | AX19: 0 | AY19: 0 | AZ19: 0 | BA19: 0 | BB19: 0 | BC19: 0 | BD19: 0 | BE19: 350 | BF19: 0 | BG19: 0
A20: =INDEX({"Provisão para realização do valor recuperável em investimento";"Provision for realization of recoverable investment"},Home!$R$30) -> Provisão para realização do valor recuperável em investimento | B20: 0 | C20: 0 | D20: 0 | E20: 0 | F20: 0 | G20: 0 | H20: 0 | I20: 0 | J20: 0 | K20: 0 | L20: 0 | M20: 0 | N20: 0 | O20: 0 | P20: 0 | Q20: 0 | R20: 0 | S20: 0 | T20: 0 | U20: 0 | V20: 0 | W20: 0 | X20: 0 | Y20: 0 | Z20: 0 | AA20: 0 | AB20: 0 | AC20: 0 | AD20: 0 | AE20: 0 | AF20: 0 | AG20: 0 | AH20: 0 | AI20: 0 | AJ20: 0 | AK20: 0 | AL20: 0 | AM20: 0 | AN20: 0 | AO20: 0 | AP20: 0 | AQ20: 0 | AR20: 0 | AS20: 0 | AT20: 0 | AU20: 0 | AV20: 0 | AW20: 0 | AX20: 0 | AY20: 0 | AZ20: 0 | BA20: 0 | BB20: 0 | BC20: 0 | BD20: 0 | BE20: 0 | BF20: 196098 | BG20: 6698
A21: =INDEX({"Subtotal";"Subtotal"},Home!$R$30) -> Subtotal | B21: =SUM(B6:B20)+B3 -> 60840 | C21: =SUM(C6:C20)+C3 -> 102484 | D21: =SUM(D6:D20)+D3 -> 83676 | E21: =SUM(E6:E20)+E3 -> 77718 | F21: =SUM(F6:F20)+F3 -> 66076 | G21: =SUM(G6:G20)+G3 -> 104881 | H21: =SUM(H6:H20)+H3 -> 74274 | I21: =SUM(I6:I20)+I3 -> 97180 | ... BG21: =SUM(BG6:BG20)+BG3 -> 1033256.2
A23: =INDEX({"Variações nos ativos e passivos";"Assets and Liabilities Variation"},Home!$R$30) -> Variações nos ativos e passivos
A24: =INDEX({"Clientes e outras contas a receber";"Clients and Other Accounts Receivable"},Home!$R$30) -> Clientes e outras contas a receber | B24: -11774 | C24: -36150 | D24: -23523 | E24: -19527 | F24: 999 | G24: -21957 | H24: 13769 | I24: -21396 | J24: -24303 | K24: -29503 | L24: -30145 | M24: -5130 | N24: -15123 | O24: -51410 | P24: -27687 | Q24: -20599 | R24: -40899 | S24: -79650 | T24: -2611 | U24: -53095 | V24: -44802 | W24: -35742 | X24: -48713 | Y24: -44471 | Z24: -49554 | AA24: 1454 | AB24: -68462 | AC24: 117695 | AD24: -180381.53 | AE24: -10118 | AF24: -72679.68 | AG24: 11136 | AH24: -290235 | AI24: 161169 | AJ24: -154168 | AK24: -94660 | AL24: -177633 | AM24: -37625 | AN24: -78885 | AO24: 136050 | AP24: -381967 | AQ24: 140625 | AR24: -373102 | AS24: 30843 | AT24: -321950 | AU24: 560478 | AV24: -842250 | AW24: -184469 | AX24: 118210 | AY24: 47459 | AZ24: -458958 | BA24: 690179 | BB24: -120796 | BC24: -284796 | BD24: -474927 | BE24: 12803 | BF24: 2328.849 | BG24: -263317.83
A25: =INDEX({"Estoques";"Inventories"},Home!$R$30) -> Estoques | B25: -96735 | C25: 9273 | D25: 69804 | E25: -146672 | F25: 62731 | G25: -107431 | H25: 60148 | I25: -189940 | J25: 17940 | K25: -59427 | L25: -95361 | M25: -83957 | N25: -102917 | O25: 66227 | P25: -83127 | Q25: -166205 | R25: -121728 | S25: 689 | T25: -166088 | U25: -197741 | V25: -72734 | W25: -34402 | X25: -84042 | Y25: -180604 | Z25: -108973 | AA25: -14301 | AB25: -164998 | AC25: -278729 | AD25: 80480 | AE25: -9371 | AF25: -357370 | AG25: -388669 | AH25: -104540 | AI25: -179298 | AJ25: 185228 | AK25: -290490 | AL25: -291485 | AM25: -91494 | AN25: -114411 | AO25: -399419 | AP25: -212858 | AQ25: -243461 | AR25: -285530 | AS25: -293492 | AT25: -652168 | AU25: 150415 | AV25: -299031 | AW25: -269151 | AX25: -481508 | AY25: -20144 | AZ25: -452369 | BA25: -281019 | BB25: -247986 | BC25: 284839 | BD25: -185945 | BE25: -996316 | BF25: 696611.56 | BG25: 112545
A26: =INDEX({"Outros ativos circulantes";"Other Short Term Assets"},Home!$R$30) -> Outros ativos circulantes | B26: 4397 | C26: -5145 | D26: 32757 | E26: -26997 | F26: 6374 | G26: 15847 | H26: 13559 | I26: 24868 | J26: -1120 | K26: 7532 | L26: -5688 | M26: 20 | N26: -27025 | O26: 8164 | P26: -11882 | Q26: 5610 | R26: -29477 | S26: -6800 | T26: -26782 | U26: 7978 | V26: 257 | W26: 10589 | X26: 8157 | Y26: 8849 | Z26: -4389 | AA26: -1004 | AB26: -2545 | AC26: -2153 | AD26: -48428.927 | AE26: 9430.4 | AF26: 117510.65 | AG26: 51795 | AH26: -7476 | AI26: -15532 | AJ26: 80699 | AK26: -296 | AL26: -26402 | AM26: -39770 | AN26: 10026 | AO26: 17378 | AP26: 2384 | AQ26: 488 | AR26: -15324 | AS26: 24572 | AT26: -100826 | AU26: 13128 | AV26: -38272 | AW26: -62946 | AX26: -113295 | AY26: -14740 | AZ26: 45307 | BA26: -3054 | BB26: -125383 | BC26: -100003 | BD26: 6748 | BE26: -53493 | BF26: -402816.34 | BG26: -144792.91
A27: =INDEX({"Ativos no realizável a longo prazo";"Long Term Assets"},Home!$R$30) -> Ativos no realizável a longo prazo | B27: -11041 | C27: 18631 | D27: -42830 | E27: 67469 | F27: 5492 | G27: 318 | H27: 2282 | I27: -10960 | J27: -20290 | K27: -4226 | L27: -2231 | M27: -3218 | N27: -7106 | O27: 2445 | P27: -2525 | Q27: -3942 | R27: -4882 | S27: -2801 | T27: 7008 | U27: -5685 | V27: -4289 | W27: -6840 | X27: -4094 | Y27: -2672 | Z27: 1008 | AA27: -4379 | AB27: -43393 | AC27: 1326 | AD27: -7424.089 | AE27: -3018 | AF27: -328618.78 | AG27: -30456 | AH27: -4087 | AI27: -6976 | AJ27: -45889 | AK27: -25315 | AL27: 7650 | AM27: -718 | AN27: -8074 | AO27: -27507 | AP27: -7526 | AQ27: -39429 | AR27: 9363 | AS27: -30702 | AT27: 111816 | AU27: -18765 | AV27: -16145 | AW27: -60008 | AX27: -1180 | AY27: -17448 | AZ27: -1814 | BA27: -3214 | BB27: 0 | BC27: 0 | BD27: 0 | BE27: 0 | BF27: 0 | BG27: 0
A28: =INDEX({"Fornecedores";"Suppliers"},Home!$R$30) -> Fornecedores | B28: -40645 | C28: -85891 | D28: 56805 | E28: 108951 | F28: -119123 | G28: 32926 | H28: -43491 | I28: 225556 | J28: -122748 | K28: 75180 | L28: 75792 | M28: 169205 | N28: 55994 | O28: -111138 | P28: 124157 | Q28: 241191 | R28: -43959 | S28: -84532 | T28: 250814 | U28: 281310 | V28: -123259 | W28: -85001 | X28: 163485 | Y28: 253257 | Z28: 14334 | AA28: -163926 | AB28: 192339 | AC28: 275702 | AD28: -117235 | AE28: -61636 | AF28: 272866 | AG28: 371197 | AH28: 133960 | AI28: -553015 | AJ28: 111442 | AK28: 763645 | AL28: 83581 | AM28: -511744 | AN28: 170163 | AO28: 747893 | AP28: -44842 | AQ28: -62476 | AR28: 215683 | AS28: 503173 | AT28: 848858 | AU28: -999708 | AV28: 529283 | AW28: 313985 | AX28: 495308 | AY28: -699889 | AZ28: 815106 | BA28: 246807 | BB28: 290895 | BC28: -385039 | BD28: 547326 | BE28: 683976 | BF28: 255224.3 | BG28: -90789.036
A29: =INDEX({"Salários e encargos sociais";"Salaries and Social Charges"},Home!$R$30) -> Salários e encargos sociais | B29: -7115 | C29: 20128 | D29: 15115 | E29: -27689 | F29: 370 | G29: 17927 | H29: 28065 | I29: -22907 | J29: 11396 | K29: 25041 | L29: 20710 | M29: -32249 | N29: 324 | O29: 35135 | P29: 18785 | Q29: -31472 | R29: -811 | S29: 45020 | T29: 29841 | U29: -40079 | V29: -6054 | W29: 31564 | X29: 26735 | Y29: -48824 | Z29: 2458 | AA29: 48966 | AB29: 34413 | AC29: -51094 | AD29: 2300 | AE29: 59139 | AF29: 33535 | AG29: -49532 | AH29: -3155 | AI29: 121906 | AJ29: -6153 | AK29: -100110 | AL29: 10255 | AM29: 93444 | AN29: 71262 | AO29: -65688 | AP29: 10754 | AQ29: 98428 | AR29: 87706 | AS29: -55622 | AT29: -35315 | AU29: 100078 | AV29: 108625 | AW29: -98617 | AX29: -31436 | AY29: 111590 | AZ29: 100000 | BA29: -130021 | BB29: -23971 | BC29: 130905 | BD29: 117399 | BE29: -137938 | BF29: -12023.345 | BG29: 177081.66
A30: =INDEX({"Impostos, taxas e contribuições";"Taxes Payable"},Home!$R$30) -> Impostos, taxas e contribuições | B30: 287 | C30: -1344 | D30: -8148 | E30: -8135 | F30: -2582 | G30: 4622 | H30: -7448 | I30: 31306 | J30: 4189 | K30: -15443 | L30: 2655 | M30: -12247 | N30: 10357 | O30: -22098 | P30: 9124 | Q30: -5778 | R30: 17515 | S30: -27747 | T30: 20854 | U30: -9869 | V30: 14956 | W30: -27835 | X30: 4927 | Y30: -11984 | Z30: -31794 | AA30: -26049 | AB30: 4011 | AC30: -15209 | AD30: 27395 | AE30: -13179 | AF30: -13146.868 | AG30: -35761 | AH30: 39461 | AI30: -36496 | AJ30: 7933 | AK30: 18761 | AL30: 11396 | AM30: 47221 | AN30: -19282 | AO30: -13247 | AP30: -54563 | AQ30: 53300 | AR30: -79369 | AS30: -22963 | AT30: -109029 | AU30: 21877 | AV30: -61799 | AW30: -102129 | AX30: 60415 | AY30: 41139 | AZ30: -114778 | BA30: -245665 | BB30: 101478 | BC30: -22238 | BD30: 11190 | BE30: -94483 | BF30: -519111.74 | BG30: 52356.263
A31: =INDEX({"Outras Obrigações";"Other Liabilities"},Home!$R$30) -> Outras Obrigações | B31: -18059 | C31: -5493 | D31: -2666 | E31: 29917 | F31: -7050 | G31: -15079 | H31: -13321 | I31: 6758 | J31: -6693 | K31: 171 | L31: 4091 | M31: 10269 | N31: 40 | O31: 2513 | P31: -4078 | Q31: -7307 | R31: 2544 | S31: 8138 | T31: -2288 | U31: 6777 | V31: 530 | W31: 5693 | X31: -6628 | Y31: -9963 | Z31: -7808 | AA31: -539 | AB31: 6027 | AC31: 3242 | AD31: -6117 | AE31: -10039.298 | AF31: 21637 | AG31: 3713 | AH31: 18072.31 | AI31: 27849.365 | AJ31: 16843.868 | AK31: -46554.542 | AL31: -15759 | AM31: -28794 | AN31: 82010 | AO31: 116690 | AP31: 39458 | AQ31: -68804 | AR31: 40585 | AS31: 45629 | AT31: 36734 | AU31: -851 | AV31: 44132 | AW31: -37941 | AX31: 90352 | AY31: -50337 | AZ31: 124428 | BA31: -52444 | BB31: 15322 | BC31: -99837 | BD31: -105281 | BE31: 206241 | BF31: 8714.5245 | BG31: -84754.476
A32: =INDEX({"Aluguéis a pagar";"Rent Payable"},Home!$R$30) -> Aluguéis a pagar | B32: 438 | C32: 1350 | D32: 63 | E32: 1083 | F32: 1145 | G32: 1790 | H32: 477 | I32: 2861 | J32: -674 | K32: 2337 | L32: 8141 | M32: 1949 | N32: 1119 | O32: 1863 | P32: 3136 | Q32: 4479 | R32: 1094 | S32: 3386 | T32: 3081 | U32: 4366 | V32: 1646 | W32: 579 | X32: 3027 | Y32: 4220 | Z32: 2182 | AA32: -754 | AB32: 5497 | AC32: 5960 | AD32: 255.901 | AE32: 608.80147 | AF32: 716.08637 | AG32: 2336 | AH32: -3030 | AI32: -118 | AJ32: 2687 | AK32: 3404 | AL32: 14735 | AM32: 45322 | AN32: -49537 | AO32: -455 | AP32: -3271 | AQ32: 1830 | AR32: 4355 | AS32: 3517 | AT32: -1690 | AU32: 220 | AV32: 2517 | AW32: 5550 | AX32: -1046 | AY32: 4404 | AZ32: 2175 | BA32: 3307 | BB32: 1484 | BC32: 6032 | BD32: 5004 | BE32: 4365 | BF32: 240 | BG32: 27094
A33: =INDEX({"Caixa proveniente das operações";"Cash from Operations"},Home!$R$30) -> Caixa proveniente das operações | B33: =SUM(B24:B32)+B21 -> -119407 | C33: =SUM(C24:C32)+C21 -> 17843 | D33: =SUM(D24:D32)+D21 -> 181053 | E33: =SUM(E24:E32)+E21 -> 56118 | F33: =SUM(F24:F32)+F21 -> 14432 | G33: =SUM(G24:G32)+G21 -> 33844 | H33: =SUM(H24:H32)+H21 -> 128314 | I33: =SUM(I24:I32)+I21 -> 143326 | ... BG33: =SUM(BG24:BG32)+BG21 -> 818678.85
A35: =INDEX({"Juros pagos";"Interest Paid"},Home!$R$30) -> Juros pagos | B35: -4771 | C35: -2458 | D35: -2568 | E35: -3423 | F35: -3996 | G35: -2533 | H35: -96 | I35: -4026 | J35: -5785 | K35: -4802 | L35: -4525 | M35: -4594 | N35: -5601 | O35: -5036 | P35: -5986 | Q35: -4890 | R35: -5373 | S35: -4929 | T35: -6102 | U35: -5492 | V35: -5984 | W35: -6173 | X35: -5537 | Y35: -19169 | Z35: -3292 | AA35: -13542 | AB35: -2874 | AC35: -23770 | AD35: -2270 | AE35: -2733 | AF35: -9776 | AG35: -26985 | AH35: -1074 | AI35: -17809 | AJ35: -11157 | AK35: -10044 | AL35: -20298 | AM35: -9318 | AN35: -18070 | AO35: -17175 | AP35: -29891 | AQ35: -77220 | AR35: -91138 | AS35: -60425 | AT35: -100213 | AU35: -61502 | AV35: -103049 | AW35: -64130 | AX35: -132835 | AY35: -56007 | AZ35: -100486 | BA35: -83916 | BB35: -100413 | BC35: -94936 | BD35: -116058 | BE35: -149444 | BF35: -94704 | BG35: -186025
A36: =INDEX({"Imposto de renda e contribuição social pagos";"Income Tax and Social Charges Paid"},Home!$R$30) -> Imposto de renda e contribuição social pagos | B36: -2646 | C36: -3533 | D36: -12065 | E36: -12034 | F36: -7733 | G36: -978 | H36: -2918 | I36: -2544 | J36: -6903 | K36: -11432 | L36: -20531 | M36: -5787 | N36: -12639 | O36: -22094 | P36: -26939 | Q36: 0 | R36: -14768 | S36: -43048 | T36: -35108 | U36: -10737 | V36: -16516 | W36: -36059 | X36: -39248 | Y36: -21352 | Z36: -30575 | AA36: -31561 | AB36: -41308 | AC36: -14937 | AD36: -20382 | AE36: -25997 | AF36: -64708 | AG36: -56 | AH36: -44006 | AI36: -43064 | AJ36: -37940 | AK36: -76431 | AL36: -61743 | AM36: -96079 | AN36: -94371 | AO36: -121783 | AP36: -40282 | AQ36: -68027 | AR36: -112834 | AS36: -12032 | AT36: 0 | AU36: 0 | AV36: -68125 | AW36: -534 | AX36: -101031 | AY36: -55078 | AZ36: -115274 | BA36: -95973 | BB36: 0 | BC36: -26165 | BD36: -81744 | BE36: -82337 | BF36: -30354 | BG36: 0
A37: =INDEX({"Demandas judiciais pagas";"Paid lawsuits"},Home!$R$30) -> Demandas judiciais pagas | B37: 0 | C37: 0 | D37: 0 | E37: 0 | F37: 0 | G37: 0 | H37: 0 | I37: 0 | J37: 0 | K37: 0 | L37: 0 | M37: 0 | N37: 0 | O37: 0 | P37: 0 | Q37: 0 | R37: 0 | S37: 0 | T37: 0 | U37: 0 | V37: 0 | W37: 0 | X37: 0 | Y37: 0 | Z37: 0 | AA37: 0 | AB37: 0 | AC37: 0 | AD37: 0 | AE37: 0 | AF37: 0 | AG37: 0 | AH37: -14485.31 | AI37: -16319.365 | AJ37: -18710.868 | AK37: -18901.458 | AL37: -8473.1871 | AM37: -18288.616 | AN37: -10788.197 | AO37: -13522 | AP37: -11002 | AQ37: -12400 | AR37: -17573 | AS37: -13210 | AT37: -14463 | AU37: -18635 | AV37: -15164 | AW37: -14157 | AX37: -15450 | AY37: -20648 | AZ37: -24261 | BA37: -22547 | BB37: -9597 | BC37: -8020 | BD37: -29694 | BE37: -22414 | BF37: -19769.822 | BG37: -33917.822
A38: =INDEX({"Caixa líquido proveniente das (aplicado nas) atividades operacionais";"Net Cash from (invested) Operational Activities"},Home!$R$30) -> Caixa líquido proveniente das (aplicado nas) atividades operacionais | B38: =SUM(B35:B37)+B33 -> -126824 | C38: =SUM(C35:C37)+C33 -> 11852 | D38: =SUM(D35:D37)+D33 -> 166420 | E38: =SUM(E35:E37)+E33 -> 40661 | F38: =SUM(F35:F37)+F33 -> 2703 | G38: =SUM(G35:G37)+G33 -> 30333 | H38: =SUM(H35:H37)+H33 -> 125300 | I38: =SUM(I35:I37)+I33 -> 136756 | ... BG38: =SUM(BG35:BG37)+BG33 -> 598736.02
A40: =INDEX({"Fluxos de caixa das atividades de investimentos";"Investment Activities Cash Flow"},Home!$R$30) -> Fluxos de caixa das atividades de investimentos
A41: =INDEX({"Caixa adquirido em combinação de negócio";"Cash acquired from business combination"},Home!$R$30) -> Caixa adquirido em combinação de negócio | B41: 0 | C41: 0 | D41: 0 | E41: 0 | F41: 0 | G41: 0 | H41: 0 | I41: 0 | J41: 0 | K41: 0 | L41: 0 | M41: 0 | N41: 0 | O41: 0 | P41: 0 | Q41: 0 | R41: 0 | S41: 0 | T41: 0 | U41: 0 | V41: 0 | W41: 0 | X41: 0 | Y41: 0 | Z41: 0 | AA41: 0 | AB41: 0 | AC41: 0 | AD41: 0 | AE41: 0 | AF41: 283685 | AG41: 0 | AH41: 0 | AI41: 0 | AJ41: 0 | AK41: 0 | AL41: 0 | AM41: 13275 | AN41: 0 | AO41: 1380 | AP41: 0 | AQ41: 0 | AR41: 0 | AS41: 0 | AT41: 0 | AU41: 0 | AV41: 0 | AW41: 256 | AX41: 0 | AY41: 0 | AZ41: 0 | BA41: 0 | BB41: 0 | BC41: 0 | BD41: 0 | BE41: 0 | BF41: 0 | BG41: 144517
A42: =INDEX({"Aquisição de controlada";"Acquisition of subsidiary"},Home!$R$30) -> Aquisição de controlada | B42: 0 | C42: 0 | D42: 0 | E42: 0 | F42: 0 | G42: 0 | H42: 0 | I42: 0 | J42: 0 | K42: 0 | L42: 0 | M42: 0 | N42: 0 | O42: 0 | P42: 0 | Q42: -5505 | R42: 0 | S42: 0 | T42: 0 | U42: 0 | V42: 0 | W42: 0 | X42: 0 | Y42: 0 | Z42: 0 | AA42: 0 | AB42: 0 | AC42: 0 | AD42: 0 | AE42: 0 | AF42: 0 | AG42: 0 | AH42: 0 | AI42: 0 | AJ42: 0 | AK42: 0 | AL42: 0 | AM42: 0 | AN42: 0 | AO42: 0 | AP42: 0 | AQ42: 0 | AR42: 0 | AS42: 0 | AT42: 0 | AU42: 0 | AV42: 0 | AW42: 0 | AX42: 0 | AY42: 0 | AZ42: 0 | BA42: 0 | BB42: 0 | BC42: 0 | BD42: 0 | BE42: 0 | BF42: 0 | BG42: 0
A43: =INDEX({"Aquisição participação em controlada, sem mudar controle";"Acquisition of share in investee, without change in control"},Home!$R$30) -> Aquisição participação em controlada, sem mudar controle | B43: 0 | C43: 0 | D43: 0 | E43: 0 | F43: 0 | G43: 0 | H43: 0 | I43: 0 | J43: 0 | K43: 0 | L43: 0 | M43: 0 | N43: 0 | O43: 0 | P43: 0 | Q43: 0 | R43: 0 | S43: 0 | T43: 0 | U43: 0 | V43: 0 | W43: 0 | X43: 0 | Y43: 0 | Z43: 0 | AA43: 0 | AB43: 0 | AC43: 0 | AD43: 0 | AE43: 0 | AF43: 0 | AG43: 0 | AH43: 0 | AI43: 0 | AJ43: 0 | AK43: 0 | AL43: 0 | AM43: 0 | AN43: 0 | AO43: 0 | AP43: 0 | AQ43: 0 | AR43: 0 | AS43: 0 | AT43: 0 | AU43: 0 | AV43: 0 | AW43: 0 | AX43: 0 | AY43: -117817 | AZ43: 0 | BA43: 0 | BB43: 0 | BC43: 0 | BD43: 0 | BE43: 0 | BF43: 0 | BG43: 0
A44: =INDEX({"Aquisições de imobilizado e intangível";"P,P&E and Intangible Acquisitions"},Home!$R$30) -> Aquisições de imobilizado e intangível | B44: -38542 | C44: -50954 | D44: -56780 | E44: -113360 | F44: -51992 | G44: -60092 | H44: -64564 | I44: -61559 | J44: -52460 | K44: -71110 | L44: -64594 | M44: -86556 | N44: -64751 | O44: -81938 | P44: -98603 | Q44: -139730 | R44: -98929 | S44: -112232 | T44: -143653 | U44: -135355 | V44: -135578 | W44: -153282 | X44: -191469 | Y44: -160001 | Z44: -124239 | AA44: -166097 | AB44: -191737 | AC44: -220912 | AD44: -202424.93 | AE44: -158737.6 | AF44: -141952.84 | AG44: -153582 | AH44: -136210 | AI44: -151252 | AJ44: -187226 | AK44: -201732 | AL44: -133863 | AM44: -230645 | AN44: -239261 | AO44: -350967 | AP44: -188236 | AQ44: -254757 | AR44: -332055 | AS44: -413734 | AT44: -240719 | AU44: -316220 | AV44: -349065 | AW44: -398577 | AX44: -211376 | AY44: -271720 | AZ44: -369187 | BA44: -431370 | BB44: -270064 | BC44: -321098 | BD44: -375380 | BE44: -429717 | BF44: -258301.65 | BG44: -324281
A45: =INDEX({"Recebimentos por vendas de imobilizados";"Receipts from sales of property, plant and equipment"},Home!$R$30) -> Recebimentos por vendas de imobilizados | B45: 2 | C45: 1151 | D45: 215 | E45: 313 | F45: 43 | G45: 154 | H45: 1186 | I45: 14 | J45: 1 | K45: 792 | L45: 0 | M45: 2887 | N45: 333 | O45: 578 | P45: 0 | Q45: 895 | R45: 0 | S45: 436 | T45: 0 | U45: 676 | V45: 494 | W45: 72 | X45: 37 | Y45: 547 | Z45: 0 | AA45: 7 | AB45: 3 | AC45: 7 | AD45: -17 | AE45: 50 | AF45: 423 | AG45: -219 | AH45: 8 | AI45: 0 | AJ45: 1292 | AK45: 5348 | AL45: 466 | AM45: 209 | AN45: 0 | AO45: 134 | AP45: 0 | AQ45: 0 | AR45: 0 | AS45: 0 | AT45: 0 | AU45: 0 | AV45: 0 | AW45: 154 | AX45: 4194 | AY45: 71 | AZ45: 0 | BA45: 0 | BB45: 0 | BC45: 0 | BD45: 573 | BE45: 79 | BF45: 0 | BG45: 533
A46: =INDEX({"Aplicações financeiras restritas";"Restricted financial investments"},Home!$R$30) -> Aplicações financeiras restritas | B46: 0 | C46: 0 | D46: 0 | E46: 0 | F46: 0 | G46: 0 | H46: 0 | I46: 0 | J46: 0 | K46: 0 | L46: 0 | M46: 0 | N46: 0 | O46: 0 | P46: 0 | Q46: 0 | R46: 0 | S46: 0 | T46: 0 | U46: 0 | V46: 0 | W46: 0 | X46: 0 | Y46: 0 | Z46: 0 | AA46: 0 | AB46: 0 | AC46: 0 | AD46: 0 | AE46: 0 | AF46: 0 | AG46: 0 | AH46: 0 | AI46: 0 | AJ46: 0 | AK46: 0 | AL46: 0 | AM46: 0 | AN46: 0 | AO46: 0 | AP46: 0 | AQ46: 0 | AR46: 0 | AS46: 0 | AT46: 0 | AU46: 0 | AV46: 0 | AW46: 0 | AX46: 0 | AY46: 0 | AZ46: 0 | BA46: -15706 | BB46: -50089 | BC46: -12484 | BD46: -23771 | BE46: 82930 | BF46: -76814 | BG46: -20515
A47: =INDEX({"Aquisição e aporte de capital em investidas, líquido";"Acquisition and capital injection in investees, net"},Home!$R$30) -> Aquisição e aporte de capital em investidas, líquido | B47: 0 | C47: 0 | D47: 0 | E47: 0 | F47: 0 | G47: 0 | H47: 0 | I47: 0 | J47: 0 | K47: 0 | L47: 0 | M47: 0 | N47: 0 | O47: 0 | P47: 0 | Q47: 0 | R47: 0 | S47: 0 | T47: 0 | U47: 0 | V47: 0 | W47: 0 | X47: 0 | Y47: 0 | Z47: 0 | AA47: 0 | AB47: 0 | AC47: 0 | AD47: 0 | AE47: 0 | AF47: 0 | AG47: 0 | AH47: -3289 | AI47: 0 | AJ47: 3289 | AK47: -3289 | AL47: -14274 | AM47: -332 | AN47: 6480 | AO47: -4510 | AP47: 0 | AQ47: 0 | AR47: -42000 | AS47: 2000 | AT47: 0 | AU47: 0 | AV47: 0 | AW47: 0 | AX47: 0 | AY47: 0 | AZ47: 0 | BA47: 0 | BB47: 0 | BC47: 0 | BD47: 0 | BE47: 0 | BF47: 0 | BG47: -2300
A48: =INDEX({"Empréstimos concedidos a controladas";"Loans granted to subsidiaries"},Home!$R$30) -> Empréstimos concedidos a controladas | B48: 0 | C48: 0 | D48: 0 | E48: 0 | F48: 0 | G48: 0 | H48: 0 | I48: 0 | J48: 0 | K48: 0 | L48: 0 | M48: 0 | N48: 0 | O48: 0 | P48: 0 | Q48: 0 | R48: 0 | S48: 0 | T48: 0 | U48: 0 | V48: 0 | W48: 0 | X48: 0 | Y48: 0 | Z48: 0 | AA48: 0 | AB48: 0 | AC48: 0 | AD48: 0 | AE48: 0 | AF48: 0 | AG48: 0 | AH48: 0 | AI48: 0 | AJ48: -1804 | AK48: 1768 | AL48: 0 | AM48: 0 | AN48: -1100 | AO48: -17350 | AP48: -4000 | AQ48: -10345 | AR48: 13545 | AS48: 0 | AT48: 0 | AU48: 0 | AV48: 0 | AW48: 0 | AX48: 0 | AY48: 0 | AZ48: 0 | BA48: 0 | BB48: 0 | BC48: 0 | BD48: 0 | BE48: 0 | BF48: 0 | BG48: 0
A49: =INDEX({"Caixa da empresa incorporada";"Cash from incorporated company"},Home!$R$30) -> Caixa da empresa incorporada | B49: 0 | C49: 0 | D49: 0 | E49: 0 | F49: 0 | G49: 0 | H49: 0 | I49: 0 | J49: 0 | K49: 0 | L49: 0 | M49: 0 | N49: 0 | O49: 0 | P49: 0 | Q49: 0 | R49: 0 | S49: 0 | T49: 0 | U49: 0 | V49: 0 | W49: 0 | X49: 0 | Y49: 0 | Z49: 0 | AA49: 0 | AB49: 0 | AC49: 0 | AD49: 0 | AE49: 0 | AF49: 0 | AG49: 0 | AH49: 0 | AI49: 0 | AJ49: 0 | AK49: 0 | AL49: 0 | AM49: -14292 | AN49: 0 | AO49: -479 | AP49: 0 | AQ49: 0 | AR49: 0 | AS49: 0 | AT49: 0 | AU49: -1445 | AV49: -1179 | AW49: -235 | AX49: 0 | AY49: 0 | AZ49: 0 | BA49: 0 | BB49: 0 | BC49: 0 | BD49: 0 | BE49: 0 | BF49: 0 | BG49: 0
A50: =INDEX({"Recebimentos por vendas de Investida";"Cash from divestments "},Home!$R$30) -> Recebimentos por vendas de Investida | BG50: 100000
A51: =INDEX({"Caixa líquido aplicado nas atividades de investimentos";"Net Cash from Investment Activities"},Home!$R$30) -> Caixa líquido aplicado nas atividades de investimentos | B51: =SUM(B41:B50) -> -38540 | C51: =SUM(C41:C50) -> -49803 | D51: =SUM(D41:D50) -> -56565 | E51: =SUM(E41:E50) -> -113047 | F51: =SUM(F41:F50) -> -51949 | G51: =SUM(G41:G50) -> -59938 | H51: =SUM(H41:H50) -> -63378 | I51: =SUM(I41:I50) -> -61545 | ... BG51: =SUM(BG41:BG50) -> -102046
A53: =INDEX({"Fluxos de caixa das atividades de financiamentos";"Financing Activities Cash Flow"},Home!$R$30) -> Fluxos de caixa das atividades de financiamentos
A54: =INDEX({"Empréstimos e financiamentos tomados";"Funding"},Home!$R$30) -> Empréstimos e financiamentos tomados | B54: 10326 | C54: 16236 | D54: 20000 | E54: 62184 | F54: 26121 | G54: 0 | H54: 0 | I54: 80278 | J54: 37703 | K54: 0 | L54: 0 | M54: 85472 | N54: 4305 | O54: 35560 | P54: 24998 | Q54: 55928 | R54: 28255 | S54: 52410 | T54: 61325 | U54: 80478 | V54: 85849 | W54: 314608 | X54: 0 | Y54: -9 | Z54: 585 | AA54: 400002 | AB54: 6373 | AC54: 16994 | AD54: 265244 | AE54: 89169 | AF54: 362644 | AG54: 21866 | AH54: 299821 | AI54: 411599 | AJ54: 8380 | AK54: 8416 | AL54: 299056 | AM54: 39954 | AN54: -73 | AO54: -702 | AP54: 743251 | AQ54: 699336 | AR54: -14541 | AS54: 32201 | AT54: 20577 | AU54: 173345 | AV54: 833796 | AW54: 31146 | AX54: 49577 | AY54: 600000 | AZ54: 423 | BA54: 38869 | BB54: 0 | BC54: 500000 | BD54: 0 | BE54: 600000 | BF54: -250000 | BG54: 0
A55: =INDEX({"Pagamentos de empréstimos e financiamentos";"Payments"},Home!$R$30) -> Pagamentos de empréstimos e financiamentos | B55: -15492 | C55: -10158 | D55: -36301 | E55: -19877 | F55: -16831 | G55: -10857 | H55: -13112 | I55: -19620 | J55: -23142 | K55: -16392 | L55: -23921 | M55: -26840 | N55: -32814 | O55: -27936 | P55: -34844 | Q55: -31268 | R55: -34858 | S55: -27260 | T55: -29670 | U55: -33229 | V55: -33474 | W55: -47254 | X55: -48218 | Y55: -102075 | Z55: -41938 | AA55: -64269 | AB55: -28613 | AC55: -67777 | AD55: -43234 | AE55: -202015 | AF55: -95182 | AG55: -122220 | AH55: -25238 | AI55: -97362 | AJ55: -10420 | AK55: -92225 | AL55: -314487 | AM55: -125229 | AN55: -78 | AO55: -77852 | AP55: -101202 | AQ55: -482811 | AR55: -84440 | AS55: -40 | AT55: -44552 | AU55: -65785 | AV55: -119706 | AW55: -39648 | AX55: -300000 | AY55: -53000 | AZ55: -140000 | BA55: -32000 | BB55: -125000 | BC55: 0 | BD55: -350000 | BE55: 0 | BF55: 0 | BG55: -150000
A56: =INDEX({"Recompra de ações";"Share Buyback"},Home!$R$30) -> Recompra de ações | B56: 0 | C56: 0 | D56: 0 | E56: 0 | F56: 0 | G56: 0 | H56: 0 | I56: 0 | J56: 0 | K56: -20898 | L56: 0 | M56: 0 | N56: 0 | O56: 0 | P56: 0 | Q56: 0 | R56: 0 | S56: 0 | T56: 0 | U56: 0 | V56: 0 | W56: 0 | X56: 0 | Y56: 0 | Z56: -46925 | AA56: 0 | AB56: 0 | AC56: 0 | AD56: 0 | AE56: 0 | AF56: 0 | AG56: 0 | AH56: 0 | AI56: 0 | AJ56: 0 | AK56: 0 | AL56: 0 | AM56: 0 | AN56: -73228 | AO56: 0 | AP56: 0 | AQ56: 0 | AR56: 0 | AS56: 0 | AT56: 0 | AU56: 0 | AV56: 0 | AW56: 0 | AX56: 0 | AY56: 0 | AZ56: 0 | BA56: -73285 | BB56: 0 | BC56: 0 | BD56: 0 | BE56: 0 | BF56: 0 | BG56: 0
A57: =INDEX({"Juros sobre capital próprio e dividendo pagos";"Interest on Equity and Dividends Paid"},Home!$R$30) -> Juros sobre capital próprio e dividendo pagos | B57: 0 | C57: -12641 | D57: -77 | E57: -21362 | F57: 1 | G57: -12989 | H57: 0 | I57: -16351 | J57: -377 | K57: -16609 | L57: 0 | M57: -24541 | N57: -403 | O57: -63572 | P57: -3 | Q57: -57302 | R57: -6 | S57: -71483 | T57: -3 | U57: -81850 | V57: -67 | W57: -85131 | X57: -17 | Y57: -85632 | Z57: -61 | AA57: -87114 | AB57: -3 | AC57: -86444 | AD57: -1219 | AE57: -92378 | AF57: -49 | AG57: -92955 | AH57: -585 | AI57: -107020 | AJ57: -19480 | AK57: -63433 | AL57: -40 | AM57: -83618 | AN57: -64 | AO57: -231106 | AP57: -99 | AQ57: -96140 | AR57: -8 | AS57: -227835 | AT57: -23 | AU57: -226509 | AV57: -303 | AW57: -239066 | AX57: -194 | AY57: -237370 | AZ57: -1111 | BA57: -235898 | BB57: -102 | BC57: -308261 | BD57: -75 | BE57: -344326 | BF57: -491 | BG57: -246301
A58: =INDEX({"Resgate Cotistas Seniores";"Senior Quota Redemption"},Home!$R$30) -> Resgate Cotistas Seniores | B58: 0 | C58: 0 | D58: 0 | E58: 0 | F58: 0 | G58: 0 | H58: 0 | I58: 0 | J58: 0 | K58: 0 | L58: 0 | M58: 0 | N58: 0 | O58: 0 | P58: 0 | Q58: 0 | R58: 0 | S58: 0 | T58: 0 | U58: 0 | V58: 0 | W58: 0 | X58: 0 | Y58: 0 | Z58: 0 | AA58: 0 | AB58: 0 | AC58: 0 | AD58: 0 | AE58: 0 | AF58: 0 | AG58: 0 | AH58: 0 | AI58: 0 | AJ58: 0 | AK58: 0 | AL58: 0 | AM58: 0 | AN58: 0 | AO58: 0 | AP58: 0 | AQ58: 0 | AR58: 0 | AS58: 0 | AT58: 0 | AU58: 0 | AV58: 0 | AW58: 0 | AX58: 0 | AY58: 0 | AZ58: 0 | BA58: 0 | BB58: 0 | BC58: 0 | BD58: 0 | BE58: -5481 | BF58: 0 | BG58: -5691
A59: =INDEX({"Financiamento de operações discontinuadas";"Financing of discontinued operations"},Home!$R$30) -> Financiamento de operações discontinuadas | B59: 0 | C59: 0 | D59: 0 | E59: 0 | F59: 0 | G59: 0 | H59: 0 | I59: 0 | J59: 0 | K59: 0 | L59: 0 | M59: 0 | N59: 0 | O59: 0 | P59: 0 | Q59: 0 | R59: 0 | S59: 0 | T59: 0 | U59: 0 | V59: 0 | W59: 0 | X59: 0 | Y59: 0 | Z59: 0 | AA59: 0 | AB59: 0 | AC59: 0 | AD59: 0 | AE59: 0 | AF59: 0 | AG59: 0 | AH59: 0 | AI59: 0 | AJ59: 0 | AK59: 0 | AL59: 0 | AM59: 0 | AN59: 0 | AO59: 0 | AP59: 0 | AQ59: 0 | AR59: 0 | AS59: 0 | AT59: 0 | AU59: 0 | AV59: 0 | AW59: 0 | AX59: 0 | AY59: 0 | AZ59: 0 | BB59: -60000 | BC59: 0 | BD59: 0 | BE59: 0 | BF59: 0 | BG59: 0
A60: =INDEX({"Caixa líquido proveniente das atividades de financiamentos";"Net Cash from Funding Activities"},Home!$R$30) -> Caixa líquido proveniente das atividades de financiamentos | B60: =SUM(B54:B59) -> -5166 | C60: =SUM(C54:C59) -> -6563 | D60: =SUM(D54:D59) -> -16378 | E60: =SUM(E54:E59) -> 20945 | F60: =SUM(F54:F59) -> 9291 | G60: =SUM(G54:G59) -> -23846 | H60: =SUM(H54:H59) -> -13112 | I60: =SUM(I54:I59) -> 44307 | ... BG60: =SUM(BG54:BG59) -> -401992
A62: =INDEX({"Aumento (redução) líquido de caixa e equivalentes de caixa";"Cash and Cash Equivalents Net Increase"},Home!$R$30) -> Aumento (redução) líquido de caixa e equivalentes de caixa | B62: =B60+B51+B38 -> -170530 | C62: =C60+C51+C38 -> -44514 | D62: =D60+D51+D38 -> 93477 | E62: =E60+E51+E38 -> -51441 | F62: =F60+F51+F38 -> -39955 | G62: =G60+G51+G38 -> -53451 | H62: =H60+H51+H38 -> 48810 | I62: =I60+I51+I38 -> 119518 | ... BG62: =BG60+BG51+BG38 -> 94698.024
A64: =INDEX({"Caixa e equivalentes de caixa no início do exercício";"Cash and Cash Equivalents in the beggining of the period"},Home!$R$30) -> Caixa e equivalentes de caixa no início do exercício | B64: 339971 | C64: =B65 -> 169441 | D64: =C65 -> 124927 | E64: =D65 -> 218404 | F64: =E65 -> 166963 | G64: =F65 -> 127008 | H64: =G65 -> 73557 | I64: =H65 -> 122367 | J64: =I65 -> 241885 | ... L64: =K65 -> 143508 | M64: 149999 | N64: =M65 -> 281468 | O64: =N65 -> 230073 | P64: =O65 -> 211578 | Q64: =P65 -> 269860 | R64: =Q65 -> 266051 | S64: =R65 -> 106770 | T64: =S65 -> 56496 | U64: =T65 -> 255827 | ... AS64: =AR65 -> 371170.22 | AT64: 433541 | AU64: =AT65 -> 371267 | AV64: =AU65 -> 345309 | AW64: =AV65 -> 593587 | AX64: =AW65 -> 412322 | AY64: =AX65 -> 412598 | AZ64: 369660 | BA64: 410510.16 | BB64: 509238 | BC64: 352268 | BD64: 376334 | BE64: 339615 | BF64: 358636 | BG64: 441801.91
A65: =INDEX({"Caixa e equivalentes de caixa no fim do exercício";"Cash and Cash Equivalents in the end of the period"},Home!$R$30) -> Caixa e equivalentes de caixa no fim do exercício | B65: =B64+B62 -> 169441 | C65: =C64+C62 -> 124927 | D65: =D64+D62 -> 218404 | E65: =E64+E62 -> 166963 | F65: =F64+F62 -> 127008 | G65: =G64+G62 -> 73557 | H65: =H64+H62 -> 122367 | I65: =I64+I62 -> 241885 | ... AY65: =AY64+AY62 -> 369660 | AZ65: 410510 | BA65: 528002.16 | BB65: 352268 | BC65: 376334 | BD65: 339615 | BE65: 358636 | BF65: 441801.91 | BG65: 536499.93
A67: *Includes 4Bio as of 1Q15.

Sheet Operational
A1: =INDEX({"Indicadores";"Indicators"},Home!$R$30) -> Indicadores | B1: =INDEX({"1T12";"1Q12"},Home!$R$30) -> 1T12 | C1: =INDEX({"2T12";"2Q12"},Home!$R$30) -> 2T12 | D1: =INDEX({"3T12";"3Q12"},Home!$R$30) -> 3T12 | E1: =INDEX({"4T12";"4Q12"},Home!$R$30) -> 4T12 | F1: =INDEX({"1T13";"1Q13"},Home!$R$30) -> 1T13 | G1: =INDEX({"2T13";"2Q13"},Home!$R$30) -> 2T13 | H1: =INDEX({"3T13";"3Q13"},Home!$R$30) -> 3T13 | I1: =INDEX({"4T13";"4Q13"},Home!$R$30) -> 4T13 | J1: =INDEX({"1T14";"1Q14"},Home!$R$30) -> 1T14 | K1: =INDEX({"2T14";"2Q14"},Home!$R$30) -> 2T14 | L1: =INDEX({"3T14";"3Q14"},Home!$R$30) -> 3T14 | M1: =INDEX({"4T14";"4Q14"},Home!$R$30) -> 4T14 | N1: =INDEX({"1T15";"1Q15"},Home!$R$30) -> 1T15 | O1: =INDEX({"2T15";"2Q15"},Home!$R$30) -> 2T15 | P1: =INDEX({"3T15";"3Q15"},Home!$R$30) -> 3T15 | Q1: =INDEX({"4T15";"4Q15"},Home!$R$30) -> 4T15 | R1: =INDEX({"1T16";"1Q16"},Home!$R$30) -> 1T16 | S1: =INDEX({"2T16";"2Q16"},Home!$R$30) -> 2T16 | T1: =INDEX({"3T16";"3Q16"},Home!$R$30) -> 3T16 | U1: =INDEX({"4T16";"4Q16"},Home!$R$30) -> 4T16 | V1: =INDEX({"1T17";"1Q17"},Home!$R$30) -> 1T17 | W1: =INDEX({"2T17";"2Q17"},Home!$R$30) -> 2T17 | X1: =INDEX({"3T17";"3Q17"},Home!$R$30) -> 3T17 | Y1: =INDEX({"4T17";"4Q17"},Home!$R$30) -> 4T17 | Z1: =INDEX({"1T18";"1Q18"},Home!$R$30) -> 1T18 | AA1: =INDEX({"2T18";"2Q18"},Home!$R$30) -> 2T18 | AB1: =INDEX({"3T18";"3Q18"},Home!$R$30) -> 3T18 | AC1: =INDEX({"4T18";"4Q18"},Home!$R$30) -> 4T18 | AD1: =INDEX({"1T19";"1Q19"},Home!$R$30) -> 1T19 | AE1: =INDEX({"2T19";"2Q19"},Home!$R$30) -> 2T19 | AF1: =INDEX({"3T19";"3Q19"},Home!$R$30) -> 3T19 | AG1: =INDEX({"4T19";"4Q19"},Home!$R$30) -> 4T19 | AH1: =INDEX({"1T20";"1Q20"},Home!$R$30) -> 1T20 | AI1: =INDEX({"2T20";"2Q20"},Home!$R$30) -> 2T20 | AJ1: =INDEX({"3T20";"3Q20"},Home!$R$30) -> 3T20 | AK1: =INDEX({"4T20";"4Q20"},Home!$R$30) -> 4T20 | AL1: =INDEX({"1T21";"1Q21"},Home!$R$30) -> 1T21 | AM1: =INDEX({"2T21";"2Q21"},Home!$R$30) -> 2T21 | AN1: =INDEX({"3T21";"3Q21"},Home!$R$30) -> 3T21 | AO1: =INDEX({"4T21";"4Q21"},Home!$R$30) -> 4T21 | AP1: =INDEX({"1T22";"1Q22"},Home!$R$30) -> 1T22 | AQ1: =INDEX({"2T22";"2Q22"},Home!$R$30) -> 2T22 | AR1: =INDEX({"3T22";"3Q22"},Home!$R$30) -> 3T22 | AS1: =INDEX({"4T22";"4Q22"},Home!$R$30) -> 4T22 | AT1: =INDEX({"1T23";"1Q23"},Home!$R$30) -> 1T23 | AU1: =INDEX({"2T23";"2Q23"},Home!$R$30) -> 2T23 | AV1: =INDEX({"3T23";"3Q23"},Home!$R$30) -> 3T23 | AW1: =INDEX({"4T23";"4Q23"},Home!$R$30) -> 4T23 | AX1: =INDEX({"1T24";"1Q24"},Home!$R$30) -> 1T24 | AY1: =INDEX({"2T24";"2Q24"},Home!$R$30) -> 2T24 | AZ1: =INDEX({"3T24";"3Q24"},Home!$R$30) -> 3T24 | BA1: =INDEX({"4T24";"4Q24"},Home!$R$30) -> 4T24 | BB1: =INDEX({"1T25";"1Q25"},Home!$R$30) -> 1T25 | BC1: =INDEX({"2T25";"2Q25"},Home!$R$30) -> 2T25 | BD1: =INDEX({"3T25";"3Q25"},Home!$R$30) -> 3T25 | BE1: =INDEX({"4T25";"4Q25"},Home!$R$30) -> 4T25 | BF1: =INDEX({"1T26";"1Q26"},Home!$R$30) -> 1T26 | BG1: =INDEX({"2T26";"2Q26"},Home!$R$30) -> 2T26
BB2: Reapresentado | BC2: Reapresentado | BD2: Reapresentado | BE2: Reapresentado
A3: =INDEX({"Farmácias";"Pharmacies"},Home!$R$30) -> Farmácias
A4: =INDEX({"Madura";"Mature"},Home!$R$30) -> Madura | B4: 509 | C4: 526 | D4: 544 | E4: 562 | F4: 567 | G4: 581 | H4: 607 | I4: 649 | J4: 658 | K4: 677 | L4: 703 | M4: 736 | N4: 742 | O4: 764 | P4: 786 | Q4: 819 | R4: 854 | S4: 877 | T4: 894 | U4: 926 | V4: 939 | W4: 961 | X4: 987 | Y4: 1035 | Z4: 1053 | AA4: 1087 | AB4: 1122 | AC4: 1174 | AD4: 1204 | AE4: 1250 | AF4: 1297 | AG4: 1352 | AH4: 1387 | AI4: 1439 | AJ4: 1488 | AK4: 1542 | AL4: 1572 | AM4: 1630 | AN4: 1683 | AO4: 1744 | AP4: 1796 | AQ4: 1832 | AR4: 1895 | AS4: 1962 | AT4: 1996 | AU4: 2048 | AV4: 2108 | AW4: 2184 | AX4: 2221 | AY4: 2280 | AZ4: 2325 | BA4: 2406 | BB4: 2456 | BC4: 2518 | BD4: 2569 | BE4: 2651 | BF4: 2705 | BG4: 2765
A5: =INDEX({"Ano 3";"Year 3"},Home!$R$30) -> Ano 3 | B5: 73 | C5: 74 | D5: 80 | E5: 104 | F5: 102 | G5: 101 | H5: 103 | I5: 93 | J5: 93 | K5: 98 | L5: 92 | M5: 94 | N5: 122 | O5: 122 | P5: 126 | Q5: 128 | R5: 111 | S5: 115 | T5: 119 | U5: 126 | V5: 127 | W5: 136 | X5: 140 | Y5: 153 | Z5: 171 | AA5: 191 | AB5: 209 | AC5: 204 | AD5: 201 | AE5: 197 | AF5: 199 | AG5: 199 | AH5: 201 | AI5: 211 | AJ5: 223 | AK5: 237 | AL5: 254 | AM5: 238 | AN5: 259 | AO5: 266 | AP5: 243 | AQ5: 250 | AR5: 233 | AS5: 235 | AT5: 236 | AU5: 243 | AV5: 232 | AW5: 240 | AX5: 252 | AY5: 252 | AZ5: 257 | BA5: 255 | BB5: 258 | BC5: 259 | BD5: 265 | BE5: 268 | BF5: 274 | BG5: 281
A6: =INDEX({"Ano 2";"Year 2"},Home!$R$30) -> Ano 2 | B6: 105 | C6: 103 | D6: 105 | E6: 97 | F6: 98 | G6: 99 | H6: 91 | I6: 95 | J6: 122 | K6: 123 | L6: 129 | M6: 130 | N6: 113 | O6: 116 | P6: 121 | Q6: 129 | R6: 130 | S6: 139 | T6: 142 | U6: 152 | V6: 172 | W6: 196 | X6: 213 | Y6: 210 | Z6: 213 | AA6: 207 | AB6: 205 | AC6: 204 | AD6: 202 | AE6: 211 | AF6: 223 | AG6: 237 | AH6: 258 | AI6: 243 | AJ6: 272 | AK6: 280 | AL6: 252 | AM6: 258 | AN6: 236 | AO6: 240 | AP6: 239 | AQ6: 245 | AR6: 232 | AS6: 240 | AT6: 252 | AU6: 254 | AV6: 260 | AW6: 259 | AX6: 260 | AY6: 261 | AZ6: 266 | BA6: 269 | BB6: 274 | BC6: 281 | BD6: 290 | BE6: 298 | BF6: 312 | BG6: 312
A7: =INDEX({"Ano 1";"Year 1"},Home!$R$30) -> Ano 1 | B7: 98 | C7: 104 | D7: 99 | E7: 101 | F7: 128 | G7: 125 | H7: 130 | I7: 130 | J7: 113 | K7: 117 | L7: 121 | M7: 131 | N7: 132 | O7: 140 | P7: 144 | Q7: 156 | R7: 176 | S7: 196 | T7: 212 | U7: 213 | V7: 216 | W7: 210 | X7: 211 | Y7: 209 | Z7: 211 | AA7: 220 | AB7: 229 | AC7: 240 | AD7: 263 | AE7: 256 | AF7: 273 | AG7: 282 | AH7: 258 | AI7: 266 | AJ7: 237 | AK7: 240 | AL7: 241 | AM7: 248 | AN7: 236 | AO7: 240 | AP7: 252 | AQ7: 254 | AR7: 260 | AS7: 260 | AT7: 262 | AU7: 262 | AV7: 268 | AW7: 270 | AX7: 277 | AY7: 283 | AZ7: 291 | BA7: 300 | BB7: 313 | BC7: 313 | BD7: 329 | BE7: 330 | BF7: 323 | BG7: 329
A8: =INDEX({"Total";"Total"},Home!$R$30) -> Total | B8: =SUM(B4:B7) -> 785 | C8: =SUM(C4:C7) -> 807 | D8: =SUM(D4:D7) -> 828 | E8: =SUM(E4:E7) -> 864 | F8: =SUM(F4:F7) -> 895 | G8: =SUM(G4:G7) -> 906 | H8: =SUM(H4:H7) -> 931 | I8: =SUM(I4:I7) -> 967 | ... BG8: =SUM(BG4:BG7) -> 3687
A10: =INDEX({"Raia";"Raia"},Home!$R$30) -> Raia | B10: 413 | C10: 424 | D10: 429 | E10: 439 | F10: 455 | G10: 456 | H10: 463 | I10: 472 | J10: 477 | K10: 486 | L10: 500 | M10: 520 | N10: 540 | O10: 554 | P10: 568 | Q10: 594 | R10: 612 | S10: 642 | T10: 660 | U10: 680 | V10: 694 | W10: 715 | X10: 730 | Y10: 748 | Z10: 759 | AA10: 779 | AB10: 802 | AC10: 815 | AD10: 828 | AE10: 846 | AF10: 885 | AG10: 913 | AH10: 926 | AI10: 942 | AJ10: 966 | AK10: 995 | AL10: 1002 | AM10: 1019 | AN10: 1039 | AO10: 1059 | AP10: 1078 | AQ10: 1094 | AR10: 1099 | AS10: 1127 | AT10: 1151 | AU10: 1172 | AV10: 1207 | AW10: 1246 | AX10: 1270 | AY10: 1305 | AZ10: 1324 | BA10: 1346 | BB10: 1367 | BC10: 1389 | BD10: 1416 | BE10: 1455 | BF10: 1483 | BG10: 1515
A11: =INDEX({"Drogasil";"Drogasil"},Home!$R$30) -> Drogasil | B11: 372 | C11: 383 | D11: 399 | E11: 425 | F11: 440 | G11: 450 | H11: 468 | I11: 495 | J11: 509 | K11: 529 | L11: 545 | M11: 571 | N11: 569 | O11: 588 | P11: 609 | Q11: 638 | R11: 659 | S11: 685 | T11: 707 | U11: 737 | V11: 760 | W11: 788 | X11: 821 | Y11: 859 | Z11: 889 | AA11: 926 | AB11: 963 | AC11: 1007 | AD11: 1042 | AE11: 1068 | AF11: 1107 | AG11: 1157 | AH11: 1178 | AI11: 1217 | AJ11: 1254 | AK11: 1304 | AL11: 1317 | AM11: 1355 | AN11: 1375 | AO11: 1431 | AP11: 1452 | AQ11: 1487 | AR11: 1521 | AS11: 1570 | AT11: 1595 | AU11: 1635 | AV11: 1661 | AW11: 1707 | AX11: 1740 | AY11: 1771 | AZ11: 1815 | BA11: 1884 | BB11: 1934 | BC11: 1982 | BD11: 2037 | BE11: 2092 | BF11: 2131 | BG11: 2172
A12: =INDEX({"Total";"Total"},Home!$R$30) -> Total | B12: =SUM(B10:B11) -> 785 | C12: =SUM(C10:C11) -> 807 | D12: =SUM(D10:D11) -> 828 | E12: =SUM(E10:E11) -> 864 | F12: =SUM(F10:F11) -> 895 | G12: =SUM(G10:G11) -> 906 | H12: =SUM(H10:H11) -> 931 | I12: =SUM(I10:I11) -> 967 | ... BG12: =SUM(BG10:BG11) -> 3687
A14: =INDEX({"Crescimento Receita Bruta";"Growth - Gross revenue"},Home!$R$30) -> Crescimento Receita Bruta
A15: =INDEX({"Crescimento total consolidado";"Total consolidated growth"},Home!$R$30) -> Crescimento total consolidado | J15: 0.199 | K15: 0.159 | L15: 0.185 | M15: 0.205 | N15: 0.197 | O15: 0.232 | P15: 0.204 | Q15: 0.21 | R15: 0.263 | S15: 0.263 | T15: 0.252 | U15: 0.245 | V15: 0.216 | W15: 0.16 | X15: 0.174 | Y15: 0.142 | Z15: 0.122 | AA15: 0.116 | AB15: 0.102 | AC15: 0.141 | AD15: 0.153 | AE15: 0.171 | AF15: 0.209 | AG15: 0.204 | AH15: 0.253 | AI15: 0.063 | AJ15: 0.128 | AK15: 0.167 | AL15: 0.149 | AM15: 0.323 | AN15: 0.212 | AO15: 0.168 | AP15: 0.166 | AQ15: 0.224 | AR15: 0.223 | AS15: 0.219 | AT15: 0.215 | AU15: 0.18 | AV15: 0.162 | AW15: 0.143 | AX15: 0.153 | AY15: 0.154 | AZ15: 0.159 | BA15: 0.139 | BB15: 0.10674707 | BC15: 0.13104787 | BD15: 0.1551168 | BE15: 0.22339817 | BF15: 0.20422779 | BG15: 0.1826879
A16: =INDEX({"Mesmas Lojas - Varejo";"SSS - Retail"},Home!$R$30) -> Mesmas Lojas - Varejo | J16: 0.127 | K16: 0.089 | L16: 0.109 | M16: 0.13 | N16: 0.113 | O16: 0.147 | P16: 0.12 | Q16: 0.12 | R16: 0.16 | S16: 0.145 | T16: 0.135 | U16: 0.132 | V16: 0.105 | W16: 0.061 | X16: 0.076 | Y16: 0.047 | Z16: 0.027 | AA16: 0.025 | AB16: 0.008 | AC16: 0.047 | AD16: 0.056 | AE16: 0.08 | AF16: 0.119 | AG16: 0.113 | AH16: 0.155 | AI16: -0.026 | AJ16: 0.067 | AK16: 0.102 | AL16: 0.086 | AM16: 0.262 | AN16: 0.149 | AO16: 0.115 | AP16: 0.108 | AQ16: 0.181 | AR16: 0.167 | AS16: 0.16 | AT16: 0.147 | AU16: 0.1 | AV16: 0.09 | AW16: 0.075 | AX16: 0.096 | AY16: 0.092 | AZ16: 0.091 | BA16: 0.079 | BB16: 0.054 | BC16: 0.073 | BD16: 0.0974 | BE16: 0.1629 | BF16: 0.143 | BG16: 0.125
A17: =INDEX({"Lojas Maduras - Varejo";"Mature Stores - Retail"},Home!$R$30) -> Lojas Maduras - Varejo | J17: 0.076 | K17: 0.042 | L17: 0.061 | M17: 0.082 | N17: 0.069 | O17: 0.105 | P17: 0.081 | Q17: 0.083 | R17: 0.122 | S17: 0.101 | T17: 0.089 | U17: 0.081 | V17: 0.061 | W17: 0.02 | X17: 0.035 | Y17: 0.008 | Z17: -0.01 | AA17: -0.014 | AB17: -0.032 | AC17: 0.006 | AD17: 0.019 | AE17: 0.04 | AF17: 0.077 | AG17: 0.073 | AH17: 0.115 | AI17: -0.069 | AJ17: 0.014 | AK17: 0.06 | AL17: 0.046 | AM17: 0.235 | AN17: 0.123 | AO17: 0.091 | AP17: 0.089 | AQ17: 0.161 | AR17: 0.146 | AS17: 0.135 | AT17: 0.125 | AU17: 0.075 | AV17: 0.067 | AW17: 0.049 | AX17: 0.069 | AY17: 0.067 | AZ17: 0.067 | BA17: 0.056 | BB17: 0.034 | BC17: 0.055 | BD17: 0.0784 | BE17: 0.1449 | BF17: 0.128 | BG17: 0.109
A18: =INDEX({"*3T19: ajustado (considera operação das lojas Onofre de agosto em diante). Pelo fato de entrarem na base como Ano 1, não afeta o crescimento das mesmas lojas.";"*3T19: adjusted to consider Onofre's store operations from August onwards. Since they entered our base as Year 1 stores, they do not affect same store sales growth."},Home!$R$30) -> *3T19: ajustado (considera operação das lojas Onofre de agosto em diante). Pelo fato de entrarem na base como Ano 1, não afeta o crescimento das mesmas lojas.
A20: =INDEX({"Market Share (Preço Consumidor)";"Market Share (Customer Price)"},Home!$R$30) -> Market Share (Preço Consumidor)
A21: =INDEX({"Brasil";"Brazil"},Home!$R$30) -> Brasil | BE21: 0.195 | BF21: 0.196 | BG21: 0.197
A22: =INDEX({"Ano anterior*";"Previous year*"},Home!$R$30) -> Ano anterior* | BE22: 0.178 | BF22: 0.181 | BG22: 0.18
A23: =INDEX({"Variação";"Variation"},Home!$R$30) -> Variação | BE23: =100*(BE21-BE22) -> 1.7 | BF23: =100*(BF21-BF22) -> 1.5 | BG23: =100*(BG21-BG22) -> 1.7
A25: =INDEX({"São Paulo";"São Paulo"},Home!$R$30) -> São Paulo | BE25: 0.342 | BF25: 0.338 | BG25: 0.343
A26: =INDEX({"Ano anterior*";"Previous year*"},Home!$R$30) -> Ano anterior* | BE26: 0.312 | BF26: 0.316 | BG26: 0.32
A27: =INDEX({"Variação";"Variation"},Home!$R$30) -> Variação | BE27: =100*(BE25-BE26) -> 3 | BF27: =100*(BF25-BF26) -> 2.2 | BG27: =100*(BG25-BG26) -> 2.3
A29: =INDEX({"Sudeste (ex-SP)";"Southeast (ex-SP)"},Home!$R$30) -> Sudeste (ex-SP) | BE29: 0.144 | BF29: 0.148 | BG29: 0.143
A30: =INDEX({"Ano anterior*";"Previous year*"},Home!$R$30) -> Ano anterior* | BE30: 0.131 | BF30: 0.132 | BG30: 0.129
A31: =INDEX({"Variação";"Variation"},Home!$R$30) -> Variação | BE31: =100*(BE29-BE30) -> 1.3 | BF31: =100*(BF29-BF30) -> 1.6 | BG31: =100*(BG29-BG30) -> 1.4
A33: =INDEX({"Centro Oeste";"Midwest"},Home!$R$30) -> Centro Oeste | BE33: 0.248 | BF33: 0.245 | BG33: 0.251
A34: =INDEX({"Ano anterior*";"Previous year*"},Home!$R$30) -> Ano anterior* | BE34: 0.225 | BF34: 0.228 | BG34: 0.227
A35: =INDEX({"Variação";"Variation"},Home!$R$30) -> Variação | BE35: =100*(BE33-BE34) -> 2.3 | BF35: =100*(BF33-BF34) -> 1.7 | BG35: =100*(BG33-BG34) -> 2.4
A37: =INDEX({"Sul";"South"},Home!$R$30) -> Sul | BE37: 0.114 | BF37: 0.114 | BG37: 0.118
A38: =INDEX({"Ano anterior*";"Previous year*"},Home!$R$30) -> Ano anterior* | BE38: 0.109 | BF38: 0.11 | BG38: 0.111
A39: =INDEX({"Variação";"Variation"},Home!$R$30) -> Variação | BE39: =100*(BE37-BE38) -> 0.5 | BF39: =100*(BF37-BF38) -> 0.4 | BG39: =100*(BG37-BG38) -> 0.7
A41: =INDEX({"Nordeste";"Northeast"},Home!$R$30) -> Nordeste | BE41: 0.142 | BF41: 0.146 | BG41: 0.144
A42: =INDEX({"Ano anterior*";"Previous year*"},Home!$R$30) -> Ano anterior* | BE42: 0.132 | BF42: 0.133 | BG42: 0.13
A43: =INDEX({"Variação";"Variation"},Home!$R$30) -> Variação | BE43: =100*(BE41-BE42) -> 1 | BF43: =100*(BF41-BF42) -> 1.3 | BG43: =100*(BG41-BG42) -> 1.4
A45: =INDEX({"Norte";"North"},Home!$R$30) -> Norte | BE45: 0.123 | BF45: 0.122 | BG45: 0.126
A46: =INDEX({"Ano anterior*";"Previous year*"},Home!$R$30) -> Ano anterior* | BE46: 0.109 | BF46: 0.109 | BG46: 0.11
A47: =INDEX({"Variação";"Variation"},Home!$R$30) -> Variação | BE47: =100*(BE45-BE46) -> 1.4 | BF47: =100*(BF45-BF46) -> 1.3 | BG47: =100*(BG45-BG46) -> 1.6
BE49: =INDEX({"Fonte: IQVIA. No 4T25, passou-se a utilizar a base Preço Consumidor (CPP) para mensurar market share, em substituição ao Preço Fábrica (PF). Essa leitura oferece maior precisão das dinâmicas de compra e do preço final pago pelo cliente.";"Source: IQVIA. In the 4Q25, the Customer Price (CPP) base replaced Factory Price (PF) for measuring market share. This approach offers greater accuracy in capturing purchasing dynamics and the final price paid by the customer."},Home!$R$30) -> Fonte: IQVIA. No 4T25, passou-se a utilizar a base Preço Consumidor (CPP) para mensurar market share, em substituição ao Preço Fábrica (PF). Essa leitura oferece maior precisão das dinâmicas de compra e do preço final pago pelo cliente.
BE50: =INDEX({"*Dados atuais. A base da IQVIA sofre alterações retroativas com a inclusão/remoção de parceiros informantes e SKUs acompanhados, dados para o ano anterior podem ser diferentes em comparação com consultas realizadas no passado.";"*Current data. As IQVIA's database changes retroactively with the inclusion and removal of informing partners and covered SKUs, data for the previous year may be different from the measurement made in the past."},Home!$R$30) -> *Dados atuais. A base da IQVIA sofre alterações retroativas com a inclusão/remoção de parceiros informantes e SKUs acompanhados, dados para o ano anterior podem ser diferentes em comparação com consultas realizadas no passado.
A52: =INDEX({"Market Share (Preço Fábrica, metodologia anterior)";"Market Share (Factory prices, previous methodology)"},Home!$R$30) -> Market Share (Preço Fábrica, metodologia anterior)
A53: =INDEX({"Brasil";"Brazil"},Home!$R$30) -> Brasil | W53: 0.114 | X53: 0.114 | Y53: 0.117 | Z53: 0.116 | AA53: 0.114 | AB53: 0.116 | AC53: 0.124 | AD53: 0.127 | AE53: 0.13 | AF53: 0.133 | AG53: 0.137 | AH53: 0.138 | AI53: 0.13 | AJ53: 0.132 | AK53: 0.147 | AL53: 0.141 | AM53: 0.141 | AN53: 0.143 | AO53: 0.142 | AP53: 0.14 | AQ53: 0.144 | AR53: 0.15 | AS53: 0.151 | AT53: 0.153 | AU53: 0.151 | AV53: 0.156 | AW53: 0.161 | AX53: 0.162 | AY53: 0.157 | AZ53: 0.16 | BA53: 0.165 | BB53: 0.166 | BC53: 0.164 | BD53: 0.168 | BE53: 0.18
A54: =INDEX({"Ano anterior";"Previous year"},Home!$R$30) -> Ano anterior | AL54: 0.141 | AM54: 0.132 | AN54: 0.134 | AO54: 0.139 | AP54: 0.139 | AQ54: 0.14 | AR54: 0.143 | AS54: 0.141 | AT54: 0.14 | AU54: 0.144 | AV54: 0.149 | AW54: 0.152 | AX54: 0.153 | AY54: 0.152 | AZ54: 0.157 | BA54: 0.162 | BB54: 0.162 | BC54: 0.157 | BD54: 0.16 | BE54: 0.162
A55: =INDEX({"Variação";"Variation"},Home!$R$30) -> Variação | AL55: =100*(AL53-AL54) -> 0 | AM55: =100*(AM53-AM54) -> 0.9 | AN55: =100*(AN53-AN54) -> 0.9 | AO55: =100*(AO53-AO54) -> 0.3 | AP55: =100*(AP53-AP54) -> 0.1 | AQ55: =100*(AQ53-AQ54) -> 0.4 | AR55: =100*(AR53-AR54) -> 0.7 | AS55: =100*(AS53-AS54) -> 1 | ... BE55: =100*(BE53-BE54) -> 1.8
A57: =INDEX({"São Paulo";"São Paulo"},Home!$R$30) -> São Paulo | W57: 0.237 | X57: 0.235 | Y57: 0.237 | Z57: 0.234 | AA57: 0.227 | AB57: 0.232 | AC57: 0.239 | AD57: 0.244 | AE57: 0.247 | AF57: 0.257 | AG57: 0.263 | AH57: 0.26 | AI57: 0.255 | AJ57: 0.251 | AK57: 0.271 | AL57: 0.257 | AM57: 0.259 | AN57: 0.26 | AO57: 0.257 | AP57: 0.253 | AQ57: 0.259 | AR57: 0.27061031 | AS57: 0.27 | AT57: 0.269 | AU57: 0.268 | AV57: 0.274 | AW57: 0.28 | AX57: 0.282 | AY57: 0.278 | AZ57: 0.28 | BA57: 0.292 | BB57: 0.298 | BC57: 0.298 | BD57: 0.303 | BE57: 0.321
A58: =INDEX({"Ano anterior";"Previous year"},Home!$R$30) -> Ano anterior | AL58: 0.267 | AM58: 0.255 | AN58: 0.251 | AO58: 0.257 | AP58: 0.254 | AQ58: 0.258 | AR58: 0.25932964 | AS58: 0.256 | AT58: 0.252 | AU58: 0.259 | AV58: 0.268 | AW58: 0.269 | AX58: 0.269 | AY58: 0.27 | AZ58: 0.274 | BA58: 0.28551 | BB58: 0.289 | BC58: 0.282 | BD58: 0.284 | BE58: 0.291
A59: =INDEX({"Variação";"Variation"},Home!$R$30) -> Variação | AL59: =100*(AL57-AL58) -> -1 | AM59: =100*(AM57-AM58) -> 0.4 | AN59: =100*(AN57-AN58) -> 0.9 | AO59: =100*(AO57-AO58) -> 0 | AP59: =100*(AP57-AP58) -> -0.1 | AQ59: =100*(AQ57-AQ58) -> 0.1 | AR59: =100*(AR57-AR58) -> 1.1280676 | AS59: =100*(AS57-AS58) -> 1.4 | ... BE59: =100*(BE57-BE58) -> 3
A61: =INDEX({"Sudeste (ex-SP)";"Southeast (ex-SP)"},Home!$R$30) -> Sudeste (ex-SP) | W61: 0.078 | X61: 0.078 | Y61: 0.081 | Z61: 0.083 | AA61: 0.081 | AB61: 0.083 | AC61: 0.088 | AD61: 0.09 | AE61: 0.089 | AF61: 0.092 | AG61: 0.094 | AH61: 0.095 | AI61: 0.091 | AJ61: 0.093 | AK61: 0.099 | AL61: 0.099 | AM61: 0.097 | AN61: 0.1 | AO61: 0.1 | AP61: 0.101 | AQ61: 0.101 | AR61: 0.10770188 | AS61: 0.1083 | AT61: 0.108 | AU61: 0.105 | AV61: 0.11 | AW61: 0.115 | AX61: 0.117 | AY61: 0.112 | AZ61: 0.117 | BA61: 0.121 | BB61: 0.121 | BC61: 0.117 | BD61: 0.122 | BE61: 0.139
A62: =INDEX({"Ano anterior";"Previous year"},Home!$R$30) -> Ano anterior | AL62: 0.095 | AM62: 0.091 | AN62: 0.093 | AO62: 0.096 | AP62: 0.098 | AQ62: 0.096 | AR62: 0.099368016 | AS62: 0.0988 | AT62: 0.101 | AU62: 0.101 | AV62: 0.108 | AW62: 0.108 | AX62: 0.108 | AY62: 0.105 | AZ62: 0.11 | BA62: 0.114 | BB62: 0.116 | BC62: 0.111 | BD62: 0.115 | BE62: 0.118
A63: =INDEX({"Variação";"Variation"},Home!$R$30) -> Variação | AL63: =100*(AL61-AL62) -> 0.4 | AM63: =100*(AM61-AM62) -> 0.6 | AN63: =100*(AN61-AN62) -> 0.7 | AO63: =100*(AO61-AO62) -> 0.4 | AP63: =100*(AP61-AP62) -> 0.3 | AQ63: =100*(AQ61-AQ62) -> 0.5 | AR63: =100*(AR61-AR62) -> 0.83338643 | AS63: =100*(AS61-AS62) -> 0.95 | ... BE63: =100*(BE61-BE62) -> 2.1
A65: =INDEX({"Centro Oeste";"Midwest"},Home!$R$30) -> Centro Oeste | W65: 0.137 | X65: 0.14 | Y65: 0.14 | Z65: 0.138 | AA65: 0.135 | AB65: 0.135 | AC65: 0.152 | AD65: 0.155 | AE65: 0.148 | AF65: 0.154 | AG65: 0.159 | AH65: 0.155 | AI65: 0.143 | AJ65: 0.132 | AK65: 0.176 | AL65: 0.165 | AM65: 0.169 | AN65: 0.173 | AO65: 0.171 | AP65: 0.166 | AQ65: 0.177 | AR65: 0.183 | AS65: 0.1874 | AT65: 0.186 | AU65: 0.184 | AV65: 0.193 | AW65: 0.2 | AX65: 0.199 | AY65: 0.189 | AZ65: 0.19 | BA65: 0.1984 | BB65: 0.201 | BC65: 0.201 | BD65: 0.203 | BE65: 0.221
A66: =INDEX({"Ano anterior";"Previous year"},Home!$R$30) -> Ano anterior | AL66: 0.171 | AM66: 0.159 | AN66: 0.156 | AO66: 0.17 | AP66: 0.163 | AQ66: 0.168 | AR66: 0.173 | AS66: 0.1699 | AT66: 0.166 | AU66: 0.176 | AV66: 0.182 | AW66: 0.188 | AX66: 0.186 | AY66: 0.185 | AZ66: 0.193 | BA66: 0.204 | BB66: 0.199 | BC66: 0.193 | BD66: 0.193 | BE66: 0.194
A67: =INDEX({"Variação";"Variation"},Home!$R$30) -> Variação | AL67: =100*(AL65-AL66) -> -0.6 | AM67: =100*(AM65-AM66) -> 1 | AN67: =100*(AN65-AN66) -> 1.7 | AO67: =100*(AO65-AO66) -> 0.1 | AP67: =100*(AP65-AP66) -> 0.3 | AQ67: =100*(AQ65-AQ66) -> 0.9 | AR67: =100*(AR65-AR66) -> 1 | AS67: =100*(AS65-AS66) -> 1.75 | ... BE67: =100*(BE65-BE66) -> 2.7
A69: =INDEX({"Sul";"South"},Home!$R$30) -> Sul | W69: 0.063 | X69: 0.064 | Y69: 0.067 | Z69: 0.066 | AA69: 0.066 | AB69: 0.068 | AC69: 0.073 | AD69: 0.074 | AE69: 0.079 | AF69: 0.079 | AG69: 0.083 | AH69: 0.083 | AI69: 0.083 | AJ69: 0.088 | AK69: 0.096 | AL69: 0.088 | AM69: 0.093 | AN69: 0.094 | AO69: 0.094 | AP69: 0.091 | AQ69: 0.093 | AR69: 0.097 | AS69: 0.099 | AT69: 0.099 | AU69: 0.1 | AV69: 0.106 | AW69: 0.1076 | AX69: 0.109 | AY69: 0.107 | AZ69: 0.108 | BA69: 0.107 | BB69: 0.106 | BC69: 0.107 | BD69: 0.108 | BE69: 0.11
A70: =INDEX({"Ano anterior";"Previous year"},Home!$R$30) -> Ano anterior | AL70: 0.08 | AM70: 0.083 | AN70: 0.088 | AO70: 0.091 | AP70: 0.088 | AQ70: 0.093 | AR70: 0.093 | AS70: 0.094 | AT70: 0.091 | AU70: 0.093 | AV70: 0.097 | AW70: 0.0993 | AX70: 0.1 | AY70: 0.1 | AZ70: 0.106 | BA70: 0.103 | BB70: 0.105 | BC70: 0.103 | BD70: 0.104 | BE70: 0.104
A71: =INDEX({"Variação";"Variation"},Home!$R$30) -> Variação | AL71: =100*(AL69-AL70) -> 0.8 | AM71: =100*(AM69-AM70) -> 1 | AN71: =100*(AN69-AN70) -> 0.6 | AO71: =100*(AO69-AO70) -> 0.3 | AP71: =100*(AP69-AP70) -> 0.3 | AQ71: =100*(AQ69-AQ70) -> 0 | AR71: =100*(AR69-AR70) -> 0.4 | AS71: =100*(AS69-AS70) -> 0.5 | ... BE71: =100*(BE69-BE70) -> 0.6
A73: =INDEX({"Nordeste";"Northeast"},Home!$R$30) -> Nordeste | W73: 0.049 | X73: 0.053 | Y73: 0.058 | Z73: 0.059 | AA73: 0.058 | AB73: 0.062 | AC73: 0.07 | AD73: 0.075 | AE73: 0.079 | AF73: 0.083 | AG73: 0.088 | AH73: 0.09 | AI73: 0.082 | AJ73: 0.087 | AK73: 0.099 | AL73: 0.099 | AM73: 0.094 | AN73: 0.099 | AO73: 0.098 | AP73: 0.097 | AQ73: 0.099 | AR73: 0.104 | AS73: 0.1045 | AT73: 0.108 | AU73: 0.104 | AV73: 0.108 | AW73: 0.112 | AX73: 0.114 | AY73: 0.105 | AZ73: 0.11 | BA73: 0.117 | BB73: 0.117 | BC73: 0.112 | BD73: 0.116 | BE73: 0.124
A74: =INDEX({"Ano anterior";"Previous year"},Home!$R$30) -> Ano anterior | AL74: 0.092 | AM74: 0.082 | AN74: 0.087 | AO74: 0.094 | AP74: 0.099 | AQ74: 0.095 | AR74: 0.1 | AS74: 0.098 | AT74: 0.097 | AU74: 0.099 | AV74: 0.103 | AW74: 0.105 | AX74: 0.108 | AY74: 0.104 | AZ74: 0.109 | BA74: 0.116 | BB74: 0.115 | BC74: 0.108 | BD74: 0.114 | BE74: 0.115
A75: =INDEX({"Variação";"Variation"},Home!$R$30) -> Variação | AL75: =100*(AL73-AL74) -> 0.7 | AM75: =100*(AM73-AM74) -> 1.2 | AN75: =100*(AN73-AN74) -> 1.2 | AO75: =100*(AO73-AO74) -> 0.4 | AP75: =100*(AP73-AP74) -> -0.2 | AQ75: =100*(AQ73-AQ74) -> 0.4 | AR75: =100*(AR73-AR74) -> 0.4 | AS75: =100*(AS73-AS74) -> 0.65 | ... BE75: =100*(BE73-BE74) -> 0.9
A77: =INDEX({"Norte";"North"},Home!$R$30) -> Norte | W77: 0.002 | X77: 0.003 | Y77: 0.003 | Z77: 0.003 | AA77: 0.004 | AB77: 0.009 | AC77: 0.017 | AD77: 0.025 | AE77: 0.03 | AF77: 0.032 | AG77: 0.036 | AH77: 0.04 | AI77: 0.044 | AJ77: 0.048 | AK77: 0.06 | AL77: 0.056 | AM77: 0.055 | AN77: 0.058 | AO77: 0.057 | AP77: 0.061 | AQ77: 0.066 | AR77: 0.07 | AS77: 0.0745 | AT77: 0.081 | AU77: 0.083 | AV77: 0.089 | AW77: 0.0904 | AX77: 0.091 | AY77: 0.09 | AZ77: 0.092 | BA77: 0.098 | BB77: 0.096 | BC77: 0.097 | BD77: 0.101 | BE77: 0.109
A78: =INDEX({"Ano anterior";"Previous year"},Home!$R$30) -> Ano anterior | AL78: 0.042 | AM78: 0.044 | AN78: 0.046 | AO78: 0.051 | AP78: 0.054 | AQ78: 0.055 | AR78: 0.057 | AS78: 0.056 | AT78: 0.061 | AU78: 0.066 | AV78: 0.071 | AW78: 0.0746 | AX78: 0.08 | AY78: 0.083 | AZ78: 0.089 | BA78: 0.094 | BB78: 0.093 | BC78: 0.093 | BD78: 0.095 | BE78: 0.096
A79: =INDEX({"Variação";"Variation"},Home!$R$30) -> Variação | AL79: =100*(AL77-AL78) -> 1.4 | AM79: =100*(AM77-AM78) -> 1.1 | AN79: =100*(AN77-AN78) -> 1.2 | AO79: =100*(AO77-AO78) -> 0.6 | AP79: =100*(AP77-AP78) -> 0.7 | AQ79: =100*(AQ77-AQ78) -> 1.1 | AR79: =100*(AR77-AR78) -> 1.3 | AS79: =100*(AS77-AS78) -> 1.85 | ... BE79: =100*(BE77-BE78) -> 1.3
BE81: =INDEX({"Fonte: IQVIA. Desde o 4T25, a base Preço Fábrica (PF) deixou de ser utilizada na mensuração de market share, sendo substituída pelo Preço Consumidor (CPP).";"Source: IQVIA. Since the 4Q25, the Factory Price (PF) base has no longer been used to measure market share, replaced by the Customer Price (CPP) base."},Home!$R$30) -> Fonte: IQVIA. Desde o 4T25, a base Preço Fábrica (PF) deixou de ser utilizada na mensuração de market share, sendo substituída pelo Preço Consumidor (CPP).

Sheet MaturationCurves
A1: =INDEX({" Curva de Maturação";"Maturation Curves"},Home!$R$30) -> Curva de Maturação | B1: =INDEX({"Receita Bruta";"Gross Revenue"},Home!$R$30) -> Receita Bruta | C1: =INDEX({"Margem de Contribuição";"Contribution Margin"},Home!$R$30) -> Margem de Contribuição
B2: =INDEX({"(% da maturidade)";"(% of mature store)"},Home!$R$30) -> (% da maturidade) | C2: =INDEX({"(% da maturidade)";"(% of mature store)"},Home!$R$30) -> (% da maturidade)
A3: =INDEX({"Ano 1";"Year 1"},Home!$R$30) -> Ano 1 | B3: 0.5 | C3: 0
A4: =INDEX({"Ano 2";"Year 2"},Home!$R$30) -> Ano 2 | B4: 0.69 | C4: 0.54477612
A5: =INDEX({"Ano 3";"Year 3"},Home!$R$30) -> Ano 3 | B5: 0.83 | C5: 0.79850746
A6: =INDEX({"Ano 4";"Year 4"},Home!$R$30) -> Ano 4 | B6: 0.96 | C6: 0.96268657
A7: =INDEX({"Ano 5";"Year 5"},Home!$R$30) -> Ano 5 | B7: 1 | C7: 1

Sheet Proceeds
A1: =INDEX({"Proventos Provisionados";"Provisioned Proceeds"},Home!$R$30) -> Proventos Provisionados | B1: 2011 | C1: 2012 | D1: 2013 | E1: 2014 | F1: 2015 | G1: 2016 | H1: 2017 | I1: 2018 | J1: 2019 | K1: 2020 | L1: 2021 | M1: 2022 | N1: 2023 | O1: 2024 | P1: 2025
A3: =INDEX({"Juros sobre Capital Próprio (R$ milhões)";"Interest on Equity (R$ millions)"},Home!$R$30) -> Juros sobre Capital Próprio (R$ milhões) | B3: 44.2 | C3: 40 | D3: 38.9 | E3: 74.6 | F3: 150.3 | G3: 194.7 | H3: 202.5 | I3: 209.5 | J3: 211.5 | K3: 193 | L3: 205 | M3: 312 | N3: 360.2 | O3: 389.5 | P3: 536
A5: =INDEX({"Dividendos (R$ milhões)";"Dividends (R$ millions)"},Home!$R$30) -> Dividendos (R$ milhões) | B5: 3.4 | C5: 0 | D5: 0 | E5: 0 | F5: 29 | G5: 0 | H5: 0 | I5: 0 | J5: 20.2 | K5: 0 | L5: 161 | M5: 186.5 | N5: 167.3 | O5: 210 | P5: 234
A7: =INDEX({"Proventos totais (R$ milhões)";"Total proceeds (R$ millions)"},Home!$R$30) -> Proventos totais (R$ milhões) | B7: =B3+B5 -> 47.6 | C7: =C3+C5 -> 40 | D7: =D3+D5 -> 38.9 | E7: =E3+E5 -> 74.6 | F7: =F3+F5 -> 179.3 | G7: =G3+G5 -> 194.7 | H7: =H3+H5 -> 202.5 | I7: =I3+I5 -> 209.5 | ... P7: =P3+P5 -> 770
A9: =INDEX({"Lucro Líquido Consolidado IAS (R$ milhões)";"Net Income IAS (R$ millions)"},Home!$R$30) -> Lucro Líquido Consolidado IAS (R$ milhões) | B9: 105.7 | C9: 104.9 | D9: 101 | E9: 223.3 | F9: 341.7 | G9: 451.3 | H9: 512.7 | I9: 509.3 | J9: 542.91375 | K9: 579.25899 | L9: 815.15208 | M9: 1029.1982 | N9: 1150.8007 | O9: 1275.0311 | P9: 1362.4943
A10: =INDEX({"Payout";"Payout"},Home!$R$30) -> Payout | B10: =B7/B9 -> 0.45033113 | C10: =C7/C9 -> 0.38131554 | D10: =D7/D9 -> 0.38514851 | E10: =E7/E9 -> 0.33407971 | F10: =F7/F9 -> 0.52472929 | G10: =G7/G9 -> 0.43142034 | H10: =H7/H9 -> 0.39496782 | I10: =I7/I9 -> 0.41134891 | ... P10: =P7/P9 -> 0.56513997

Sheet IFRS_AdjP&L
A1: =INDEX({"DRE Consolidado Ajustado IFRS 16 (R$ mil)";"Adjusted Cons. Income Statement IFRS 16 (R$ thousands)"},Home!$R$30) -> DRE Consolidado Ajustado IFRS 16 (R$ mil) | B1: =INDEX({"1T18";"1Q18"},Home!$R$30) -> 1T18 | C1: =INDEX({"2T18";"2Q18"},Home!$R$30) -> 2T18 | D1: =INDEX({"3T18";"3Q18"},Home!$R$30) -> 3T18 | E1: =INDEX({"4T18";"4Q18"},Home!$R$30) -> 4T18 | F1: =INDEX({"1T19";"1Q19"},Home!$R$30) -> 1T19 | G1: =INDEX({"2T19";"2Q19"},Home!$R$30) -> 2T19 | H1: =INDEX({"3T19*";"3Q19*"},Home!$R$30) -> 3T19* | I1: =INDEX({"4T19";"4Q19"},Home!$R$30) -> 4T19 | J1: =INDEX({"1T20";"1Q20"},Home!$R$30) -> 1T20 | K1: =INDEX({"2T20";"2Q20"},Home!$R$30) -> 2T20 | L1: =INDEX({"3T20";"3Q20"},Home!$R$30) -> 3T20 | M1: =INDEX({"4T20";"4Q20"},Home!$R$30) -> 4T20 | N1: =INDEX({"1T21";"1Q21"},Home!$R$30) -> 1T21 | O1: =INDEX({"2T21";"2Q21"},Home!$R$30) -> 2T21 | P1: =INDEX({"3T21";"3Q21"},Home!$R$30) -> 3T21 | Q1: =INDEX({"4T21";"4Q21"},Home!$R$30) -> 4T21 | R1: =INDEX({"1T22";"1Q22"},Home!$R$30) -> 1T22 | S1: =INDEX({"2T22";"2Q22"},Home!$R$30) -> 2T22 | T1: =INDEX({"3T22";"3Q22"},Home!$R$30) -> 3T22 | U1: =INDEX({"4T22";"4Q22"},Home!$R$30) -> 4T22 | V1: =INDEX({"1T23";"1Q23"},Home!$R$30) -> 1T23 | W1: =INDEX({"2T23";"2Q23"},Home!$R$30) -> 2T23 | X1: =INDEX({"3T23";"3Q23"},Home!$R$30) -> 3T23 | Y1: =INDEX({"4T23";"4Q23"},Home!$R$30) -> 4T23 | Z1: =INDEX({"1T24";"1Q24"},Home!$R$30) -> 1T24 | AA1: =INDEX({"2T24";"2Q24"},Home!$R$30) -> 2T24 | AB1: =INDEX({"3T24";"3Q24"},Home!$R$30) -> 3T24 | AC1: =INDEX({"4T24";"4Q24"},Home!$R$30) -> 4T24 | AD1: =INDEX({"1T25";"1Q25"},Home!$R$30) -> 1T25 | AE1: =INDEX({"2T25";"2Q25"},Home!$R$30) -> 2T25 | AF1: =INDEX({"3T25";"3Q25"},Home!$R$30) -> 3T25 | AG1: =INDEX({"4T25";"4Q25"},Home!$R$30) -> 4T25 | AH1: =INDEX({"1T26";"1Q26"},Home!$R$30) -> 1T26 | AI1: =INDEX({"2T26";"2Q26"},Home!$R$30) -> 2T26 | AK1: 2018 | AL1: 2019 | AM1: 2020 | AN1: 2021 | AO1: 2022 | AP1: 2023 | AQ1: 2024 | AR1: 2025
V2: =INDEX({"Reclassif.";"Reclassif."},Home!$R$30) -> Reclassif. | W2: =INDEX({"Reclassif.";"Reclassif."},Home!$R$30) -> Reclassif. | X2: =INDEX({"Reclassif.";"Reclassif."},Home!$R$30) -> Reclassif. | Y2: =INDEX({"Reclassif.";"Reclassif."},Home!$R$30) -> Reclassif. | AD2: =INDEX({"Reapresentado";"Resubmitted"},Home!$R$30) -> Reapresentado | AE2: =INDEX({"Reapresentado";"Resubmitted"},Home!$R$30) -> Reapresentado | AF2: =INDEX({"Reapresentado";"Resubmitted"},Home!$R$30) -> Reapresentado | AG2: =INDEX({"Reapresentado";"Resubmitted"},Home!$R$30) -> Reapresentado | AP2: =INDEX({"Reclassif.";"Reclassif."},Home!$R$30) -> Reclassif. | AR2: =INDEX({"Reapresentado";"Resubmitted"},Home!$R$30) -> Reapresentado
A3: =INDEX({"Receita bruta de vendas e serviços";"Gross revenue"},Home!$R$30) -> Receita bruta de vendas e serviços | B3: 3603969.1 | C3: 3791577.7 | D3: 3944676.8 | E3: 4178909.4 | F3: 4153922.9 | G3: 4440683.3 | H3: 4771279.9 | I3: 5030160.1 | J3: 5206320.2 | K3: 4721872.3 | L3: 5384230.3 | M3: 5868052.5 | N3: 5979507 | O3: 6245162 | P3: 6527874.7 | Q3: 6853140.2 | R3: 6972490 | S3: 7641161.4 | T3: 7985786 | U3: 8351126.3 | V3: 8471318.9 | W3: 9013830 | X3: 9274782.4 | Y3: 9538835.7 | Z3: 9767155.5 | AA3: 10402635 | AB3: 10749830 | AC3: 10862353 | AD3: 9947867 | AE3: 10803926 | AF3: 11347887 | AG3: 12186598 | AH3: 11979521 | AI3: 12777743 | AK3: =SUM(B3:E3) -> 15519133 | AL3: =SUM(F3:I3) -> 18396046 | AM3: =SUM(J3:M3) -> 21180475 | AN3: =SUM(N3:Q3) -> 25605684 | AO3: =SUM(R3:U3) -> 30950564 | AP3: =SUM(V3:Y3) -> 36298767 | AQ3: =SUM(Z3:AC3) -> 41781973 | AR3: =SUM(AD3:AG3) -> 44286277
A4: =INDEX({"Deduções";"Taxes, Discounts and Returns"},Home!$R$30) -> Deduções | B4: -170391.34 | C4: -177588.81 | D4: -187862.87 | E4: -181845.1 | F4: -200571.39 | G4: -215189.34 | H4: -232343.88 | I4: -245045.46 | J4: -256448.92 | K4: -252097.95 | L4: -290778.77 | M4: -314311.33 | N4: -359456.14 | O4: -376898.38 | P4: -363013 | Q4: -379314.78 | R4: -409985.51 | S4: -462399.96 | T4: -495920.3 | U4: -514877.67 | V4: -546933 | W4: -581161.81 | X4: -610296.09 | Y4: -629677.57 | Z4: -666661.6 | AA4: -715414.97 | AB4: -760708.15 | AC4: -767666.77 | AD4: -674903.76 | AE4: -729302.57 | AF4: -767440.05 | AG4: -817574.63 | AH4: -1410931.5 | AI4: -1715344.4 | AK4: =SUM(B4:E4) -> -717688.13 | AL4: =SUM(F4:I4) -> -893150.08 | AM4: =SUM(J4:M4) -> -1113637 | AN4: =SUM(N4:Q4) -> -1478682.3 | AO4: =SUM(R4:U4) -> -1883183.4 | AP4: =SUM(V4:Y4) -> -2368068.5 | AQ4: =SUM(Z4:AC4) -> -2910451.5 | AR4: =SUM(AD4:AG4) -> -2989221
A6: =INDEX({"Receita líquida de vendas e serviços";"Net revenue"},Home!$R$30) -> Receita líquida de vendas e serviços | B6: =B3+B4 -> 3433577.7 | C6: =C3+C4 -> 3613988.9 | D6: =D3+D4 -> 3756813.9 | E6: =E3+E4 -> 3997064.3 | F6: =F3+F4 -> 3953351.5 | G6: =G3+G4 -> 4225494 | H6: =H3+H4 -> 4538936 | I6: =I3+I4 -> 4785114.6 | ... AI6: =AI3+AI4 -> 11062399 | AK6: =AK3+AK4 -> 14801445 | AL6: =AL3+AL4 -> 17502896 | AM6: =AM3+AM4 -> 20066838 | AN6: =AN3+AN4 -> 24127002 | AO6: =AO3+AO4 -> 29067380 | AP6: =AP3+AP4 -> 33930699 | AQ6: =AQ3+AQ4 -> 38871522 | AR6: =AR3+AR4 -> 41297056
A8: =INDEX({"Custo das mercadorias vendidas";"Cost of Goods Sold"},Home!$R$30) -> Custo das mercadorias vendidas | B8: -2406819.2 | C8: -2509789.6 | D8: -2640038.2 | E8: -2799276.5 | F8: -2791688.2 | G8: -2936208.7 | H8: -3217586 | I8: -3374111.5 | J8: -3508020.7 | K8: -3149651.9 | L8: -3598455.3 | M8: -3919528.3 | N8: -3978198.9 | O8: -4071212.6 | P8: -4349401.3 | Q8: -4522020.6 | R8: -4634073.7 | S8: -4860664.4 | T8: -5265091.6 | U8: -5498082.2 | V8: -5609601.9 | W8: -5832247.6 | X8: -6085664.3 | Y8: -6238912.9 | Z8: -6441229.8 | AA8: -6755221.2 | AB8: -7018209.9 | AC8: -7100079.4 | AD8: -6450916 | AE8: -6938600.3 | AF8: -7321760.6 | AG8: -7858929.3 | AH8: -7174289.5 | AI8: -7364668.2 | AK8: =SUM(B8:E8) -> -10355924 | AL8: =SUM(F8:I8) -> -12319594 | AM8: =SUM(J8:M8) -> -14175656 | AN8: =SUM(N8:Q8) -> -16920834 | AO8: =SUM(R8:U8) -> -20257912 | AP8: =SUM(V8:Y8) -> -23766427 | AQ8: =SUM(Z8:AC8) -> -27314740 | AR8: =SUM(AD8:AG8) -> -28570206
A10: =INDEX({"Lucro bruto";"Gross profit"},Home!$R$30) -> Lucro bruto | B10: =B6+B8 -> 1026758.5 | C10: =C6+C8 -> 1104199.3 | D10: =D6+D8 -> 1116775.7 | E10: =E6+E8 -> 1197787.8 | F10: =F6+F8 -> 1161663.3 | G10: =G6+G8 -> 1289285.3 | H10: =H6+H8 -> 1321350 | I10: =I6+I8 -> 1411003.1 | ... AI10: =AI6+AI8 -> 3697730.6 | AK10: =AK6+AK8 -> 4445521.2 | AL10: =AL6+AL8 -> 5183301.6 | AM10: =AM6+AM8 -> 5891182.2 | AN10: =AN6+AN8 -> 7206168 | AO10: =AO6+AO8 -> 8809468.4 | AP10: =AP6+AP8 -> 10164272 | AQ10: =AQ6+AQ8 -> 11556781 | AR10: =AR6+AR8 -> 12726850
A12: =INDEX({"Despesas";"Expenses"},Home!$R$30) -> Despesas
A13: =INDEX({"Vendas";"Selling Expenses"},Home!$R$30) -> Vendas | B13: -555625.07 | C13: -580317.63 | D13: -602405.82 | E13: -649289.34 | F13: -650111.56 | G13: -672510.2 | H13: -692057.95 | I13: -788521.66 | J13: -778264.39 | K13: -779286.31 | L13: -794600.14 | M13: -851953.02 | N13: -871551.74 | O13: -923822.93 | P13: -957333.96 | Q13: -1043370.7 | R13: -1070106.8 | S13: -1094707.4 | T13: -1148379.6 | U13: -1175277.1 | V13: -1224200.6 | W13: -1280425.7 | X13: -1345469.6 | Y13: -1450829.5 | Z13: -1393372.8 | AA13: -1503674.7 | AB13: -1546157.9 | AC13: -1648991.3 | AD13: -1590770.2 | AE13: -1660184.4 | AF13: -1734454.8 | AG13: -1920613.2 | AH13: -1924613.1 | AI13: -2013025.5 | AK13: =SUM(B13:E13) -> -2387637.9 | AL13: =SUM(F13:I13) -> -2803201.4 | AM13: =SUM(J13:M13) -> -3204103.9 | AN13: =SUM(N13:Q13) -> -3796079.3 | AO13: =SUM(R13:U13) -> -4488470.8 | AP13: =SUM(V13:Y13) -> -5300925.5 | AQ13: =SUM(Z13:AC13) -> -6092196.6 | AR13: =SUM(AD13:AG13) -> -6906022.7
A14: =INDEX({"Gerais e administrativas";"General and Administrative"},Home!$R$30) -> Gerais e administrativas | B14: -79188.53 | C14: -82774.672 | D14: -84942.284 | E14: -99856.453 | F14: -95997.139 | G14: -101899.34 | H14: -109753.84 | I14: -141351.06 | J14: -131384.07 | K14: -142514.17 | L14: -133808.67 | M14: -175155.09 | N14: -165514.41 | O14: -179751.58 | P14: -204108.2 | Q14: -241475.15 | R14: -242612.08 | S14: -259613.88 | T14: -283467.89 | U14: -308323.94 | V14: -266101.89 | W14: -287815.28 | X14: -305585.7 | Y14: -327934.92 | Z14: -302321.6 | AA14: -316115.22 | AB14: -320997.14 | AC14: -365191.43 | AD14: -294212.7 | AE14: -288746.53 | AF14: -299678.26 | AG14: -324732.98 | AH14: -295787.47 | AI14: -307588.05 | AK14: =SUM(B14:E14) -> -346761.94 | AL14: =SUM(F14:I14) -> -449001.38 | AM14: =SUM(J14:M14) -> -582862 | AN14: =SUM(N14:Q14) -> -790849.34 | AO14: =SUM(R14:U14) -> -1094017.8 | AP14: =SUM(V14:Y14) -> -1187437.8 | AQ14: =SUM(Z14:AC14) -> -1304625.4 | AR14: =SUM(AD14:AG14) -> -1207370.5
A15: =INDEX({"Outras despesas operacionais, líquidas";"Other Operating Expenses, Net"},Home!$R$30) -> Outras despesas operacionais, líquidas
A16: =INDEX({"Despesas operacionais";"Total expenses"},Home!$R$30) -> Despesas operacionais | B16: =SUM(B13:B15) -> -634813.6 | C16: =SUM(C13:C15) -> -663092.3 | D16: =SUM(D13:D15) -> -687348.11 | E16: =SUM(E13:E15) -> -749145.8 | F16: =SUM(F13:F15) -> -746108.7 | G16: =SUM(G13:G15) -> -774409.55 | H16: =SUM(H13:H15) -> -801811.79 | I16: =SUM(I13:I15) -> -929872.71 | ... AI16: =SUM(AI13:AI15) -> -2320613.5 | AK16: =SUM(AK13:AK15) -> -2734399.8 | AL16: =SUM(AL13:AL15) -> -3252202.8 | AM16: =SUM(AM13:AM15) -> -3786965.9 | AN16: =SUM(AN13:AN15) -> -4586928.7 | AO16: =SUM(AO13:AO15) -> -5582488.6 | AP16: =SUM(AP13:AP15) -> -6488363.2 | AQ16: =SUM(AQ13:AQ15) -> -7396822 | AR16: =SUM(AR13:AR15) -> -8113393.1
A18: =INDEX({"EBITDA";"EBITDA"},Home!$R$30) -> EBITDA | B18: =+B16+B10 -> 391944.88 | C18: =+C16+C10 -> 441106.95 | D18: =+D16+D10 -> 429427.6 | E18: =+E16+E10 -> 448641.96 | F18: =+F16+F10 -> 415554.56 | G18: =+G16+G10 -> 514875.72 | H18: =+H16+H10 -> 519538.17 | I18: =+I16+I10 -> 481130.38 | ... AC18: =+AC16+AC10 -> 980423.6 | AD18: =AD16+AD10 -> 937064.28 | AE18: =AE16+AE10 -> 1187092.1 | AF18: =AF16+AF10 -> 1224553.3 | AG18: =AG16+AG10 -> 1264747.5 | AH18: =AH16+AH10 -> 1173899.2 | AI18: =AI16+AI10 -> 1377117 | AK18: =AK16+AK10 -> 1711121.4 | AL18: =AL16+AL10 -> 1931098.8 | AM18: =AM16+AM10 -> 2104216.4 | AN18: =AN16+AN10 -> 2619239.3 | AO18: =AO16+AO10 -> 3226979.7 | AP18: =AP16+AP10 -> 3675908.6 | AQ18: =AQ16+AQ10 -> 4159959.5 | AR18: =AR16+AR10 -> 4613457.1
A20: =INDEX({"Depreciação e Amortização";"Depreciation and Amortization"},Home!$R$30) -> Depreciação e Amortização | B20: -208993.8 | C20: -219584.31 | D20: -230056.02 | E20: -240661.94 | F20: -253979.33 | G20: -265709.3 | H20: -284935.32 | I20: -209189.86 | J20: -277918.64 | K20: -275144.78 | L20: -286353.39 | M20: -309409.98 | N20: -301726.63 | O20: -311470.83 | P20: -329284.8 | Q20: -349828.17 | R20: -352562.24 | S20: -362244.89 | T20: -369872.78 | U20: -388670.54 | V20: -395241.74 | W20: -411756.53 | X20: -438793.45 | Y20: -415553.99 | Z20: -436608.45 | AA20: -448215.48 | AB20: -464745.59 | AC20: -452055.98 | AD20: -482486.9 | AE20: -488808.33 | AF20: -506704.26 | AG20: -528237.21 | AH20: -524768.74 | AI20: -532515.5 | AK20: =SUM(B20:E20) -> -899296.08 | AL20: =SUM(F20:I20) -> -1013813.8 | AM20: =SUM(J20:M20) -> -1148826.8 | AN20: =SUM(N20:Q20) -> -1292310.4 | AO20: =SUM(R20:U20) -> -1473350.5 | AP20: =SUM(V20:Y20) -> -1661345.7 | AQ20: =SUM(Z20:AC20) -> -1801625.5 | AR20: =SUM(AD20:AG20) -> -2006236.7
A22: =INDEX({"Lucro operacional antes do resultado financeiro";"Operational Earnings before Financial Results"},Home!$R$30) -> Lucro operacional antes do resultado financeiro | B22: =+B20+B18 -> 182951.08 | C22: =+C20+C18 -> 221522.64 | D22: =+D20+D18 -> 199371.57 | E22: =+E20+E18 -> 207980.02 | F22: =+F20+F18 -> 161575.23 | G22: =+G20+G18 -> 249166.42 | H22: =+H20+H18 -> 234602.85 | I22: =+I20+I18 -> 271940.52 | ... AC22: =+AC20+AC18 -> 528367.62 | AD22: =AD20+AD18 -> 454577.39 | AE22: =AE20+AE18 -> 698283.72 | AF22: =AF20+AF18 -> 717849 | AG22: =AG20+AG18 -> 736510.24 | AH22: =AH20+AH18 -> 649130.47 | AI22: =AI20+AI18 -> 844601.54 | AK22: =AK20+AK18 -> 811825.3 | AL22: =AL20+AL18 -> 917285.02 | AM22: =AM20+AM18 -> 955389.55 | AN22: =AN20+AN18 -> 1326928.9 | AO22: =AO20+AO18 -> 1753629.3 | AP22: =AP20+AP18 -> 2014562.9 | AQ22: =AQ20+AQ18 -> 2358334 | AR22: =AR20+AR18 -> 2607220.3
A24: =INDEX({"Despesas financeiras";"Financial Expenses"},Home!$R$30) -> Despesas financeiras | B24: -57244.094 | C24: -69235.269 | D24: -72006.965 | E24: -57459.58 | F24: -72895.33 | G24: -75568.985 | H24: -90347.576 | I24: -172436.3 | J24: -90085.576 | K24: -87820.119 | L24: -86491.65 | M24: -89400.282 | N24: -83247.036 | O24: -95649.267 | P24: -119773.61 | Q24: -160539.99 | R24: -182123.17 | S24: -224463.28 | T24: -275106.89 | U24: -258013.78 | V24: -320565.14 | W24: -326870.28 | X24: -323488.33 | Y24: -321606.77 | Z24: -350074.73 | AA24: -343967.51 | AB24: -335460.3 | AC24: -348198.51 | AD24: -368770.64 | AE24: -425654.66 | AF24: -457092.58 | AG24: -509445.65 | AH24: -473229.74 | AI24: -465405.39 | AK24: =SUM(B24:E24) -> -255945.91 | AL24: =SUM(F24:I24) -> -411248.19 | AM24: =SUM(J24:M24) -> -353797.63 | AN24: =SUM(N24:Q24) -> -459209.9 | AO24: =SUM(R24:U24) -> -939707.12 | AP24: =SUM(V24:Y24) -> -1292530.5 | AQ24: =SUM(Z24:AC24) -> -1377701 | AR24: =SUM(AD24:AG24) -> -1760963.5
A25: =INDEX({"Receitas financeiras";"Financial Revenues"},Home!$R$30) -> Receitas financeiras | B25: 16467.188 | C25: 18335.935 | D25: 19468.376 | E25: 17511.509 | F25: 17654.269 | G25: 15902.565 | H25: 21521.026 | I25: 21291.488 | J25: 15859.035 | K25: 14936.425 | L25: 9786.6876 | M25: 13600.097 | N25: 10712.15 | O25: 13491.534 | P25: 23014.121 | Q25: 32799.436 | R25: 46762.404 | S25: 66566.171 | T25: 88286.656 | U25: 91971.026 | V25: 91224.002 | W25: 100245.04 | X25: 95159.607 | Y25: 142106.07 | Z25: 102544.76 | AA25: 105835.15 | AB25: 97334.06 | AC25: 138875.44 | AD25: 86174.236 | AE25: 106401.07 | AF25: 129924.1 | AG25: 116092.66 | AH25: 146560.4 | AI25: 139545.17 | AK25: =SUM(B25:E25) -> 71783.008 | AL25: =SUM(F25:I25) -> 76369.348 | AM25: =SUM(J25:M25) -> 54182.245 | AN25: =SUM(N25:Q25) -> 80017.241 | AO25: =SUM(R25:U25) -> 293586.26 | AP25: =SUM(V25:Y25) -> 428734.72 | AQ25: =SUM(Z25:AC25) -> 444589.41 | AR25: =SUM(AD25:AG25) -> 438592.06
A26: =INDEX({"Despesas / Receitas Financeiras";"Financial Expenses/Revenues"},Home!$R$30) -> Despesas / Receitas Financeiras | B26: =+B25+B24 -> -40776.906 | C26: =+C25+C24 -> -50899.334 | D26: =+D25+D24 -> -52538.589 | E26: =+E25+E24 -> -39948.072 | F26: =+F25+F24 -> -55241.061 | G26: =+G25+G24 -> -59666.42 | H26: =+H25+H24 -> -68826.55 | I26: =+I25+I24 -> -151144.81 | ... AC26: =+AC25+AC24 -> -209323.07 | AD26: =AD25+AD24 -> -282596.4 | AE26: =AE25+AE24 -> -319253.6 | AF26: =AF25+AF24 -> -327168.47 | AG26: =AG25+AG24 -> -393353 | AH26: =AH25+AH24 -> -326669.34 | AI26: =AI25+AI24 -> -325860.22 | AK26: =AK25+AK24 -> -184162.9 | AL26: =AL25+AL24 -> -334878.84 | AM26: =AM25+AM24 -> -299615.38 | AN26: =AN25+AN24 -> -379192.66 | AO26: =AO25+AO24 -> -646120.87 | AP26: =AP25+AP24 -> -863795.81 | AQ26: =AQ25+AQ24 -> -933111.63 | AR26: =AR25+AR24 -> -1322371.5
A28: =INDEX({"Equivalência Patrimonial";"Equity Equivalence"},Home!$R$30) -> Equivalência Patrimonial | B28: 0 | C28: 0 | D28: 0 | E28: 0 | F28: 0 | G28: 0 | H28: 0 | I28: 0 | J28: 0 | K28: 0 | L28: -4316.2465 | M28: -3550.9016 | N28: -1514.8494 | O28: -1486.2648 | P28: 179.12029 | Q28: 1693.8713 | R28: 30.06784 | S28: 281.89245 | T28: 188.39972 | U28: -1321.4714 | V28: -2580.9251 | W28: -829.1135 | X28: -1783.7362 | Y28: -7315.6458 | Z28: 340.11961 | AA28: -587.83263 | AB28: -213.41719 | AC28: 1530.4343 | AD28: -1273.6401 | AE28: -434.77436 | AF28: 1026.7095 | AG28: 2675.0886 | AH28: -237.44384 | AI28: -179.22418 | AK28: =SUM(B28:E28) -> 0 | AL28: =SUM(F28:I28) -> 0 | AM28: =SUM(J28:M28) -> -7867.148 | AN28: =SUM(N28:Q28) -> -1128.1226 | AO28: =SUM(R28:U28) -> -821.11141 | AP28: =SUM(V28:Y28) -> -12509.421 | AQ28: =SUM(Z28:AC28) -> 1069.3041 | AR28: =SUM(AD28:AG28) -> 1993.3836
A30: =INDEX({"Lucro antes do IR e da contribuição social";"Earnings before Income Tax and Social Charges"},Home!$R$30) -> Lucro antes do IR e da contribuição social | B30: =+B26+B22+B28 -> 142174.17 | C30: =+C26+C22+C28 -> 170623.3 | D30: =+D26+D22+D28 -> 146832.98 | E30: =+E26+E22+E28 -> 168031.95 | F30: =+F26+F22+F28 -> 106334.17 | G30: =+G26+G22+G28 -> 189500 | H30: =+H26+H22+H28 -> 165776.3 | I30: =+I26+I22+I28 -> 120795.71 | ... AC30: =+AC26+AC22+AC28 -> 320574.98 | AD30: =AD26+AD22+AD28 -> 170707.34 | AE30: =AE26+AE22+AE28 -> 378595.35 | AF30: =AF26+AF22+AF28 -> 391707.23 | AG30: =AG26+AG22+AG28 -> 345832.34 | AH30: =AH26+AH22+AH28 -> 322223.69 | AI30: =AI26+AI22+AI28 -> 518562.1 | AK30: =AK26+AK22+AK28 -> 627662.4 | AL30: =AL26+AL22+AL28 -> 582406.17 | AM30: =AM26+AM22+AM28 -> 647907.02 | AN30: =AN26+AN22+AN28 -> 946608.09 | AO30: =AO26+AO22+AO28 -> 1106687.3 | AP30: =AP26+AP22+AP28 -> 1138257.7 | AQ30: =AQ26+AQ22+AQ28 -> 1426291.7 | AR30: =AR26+AR22+AR28 -> 1286842.3
A32: =INDEX({"Imposto de renda e contribuição social";"Income Tax and Social Charges"},Home!$R$30) -> Imposto de renda e contribuição social | B32: -32657.297 | C32: -41975.395 | D32: -26339.483 | E32: -24754.212 | F32: -12419.6 | G32: -40098.697 | H32: -30215.852 | I32: -908.28151 | J32: -47798.688 | K32: -3384.2429 | L32: -46211.674 | M32: -34164.202 | N32: -63703.868 | O32: -79494.269 | P32: -67933.772 | Q32: 1823.8521 | R32: 7762.8945 | S32: -109332.12 | T32: -40106.314 | U32: -7150.0443 | V32: -3456.9866 | W32: -65321.541 | X32: -19019.579 | Y32: -15083.59 | Z32: -86655.743 | AA32: -90418.494 | AB32: -88087.21 | AC32: 55059.564 | AD32: -24943.51 | AE32: -53255.759 | AF32: -62260.433 | AG32: -40915.365 | AH32: -41880.109 | AI32: -110070.89 | AK32: =SUM(B32:E32) -> -125726.39 | AL32: =SUM(F32:I32) -> -83642.43 | AM32: =SUM(J32:M32) -> -131558.81 | AN32: =SUM(N32:Q32) -> -209308.06 | AO32: =SUM(R32:U32) -> -148825.58 | AP32: =SUM(V32:Y32) -> -102881.7 | AQ32: =SUM(Z32:AC32) -> -210101.88 | AR32: =SUM(AD32:AG32) -> -181375.07
A34: =INDEX({"Lucro líq. operações continuadas";"Net income continued operations"},Home!$R$30) -> Lucro líq. operações continuadas | B34: =+B32+B30 -> 109516.87 | C34: =+C32+C30 -> 128647.91 | D34: =+D32+D30 -> 120493.5 | E34: =+E32+E30 -> 143277.73 | F34: =+F32+F30 -> 93914.565 | G34: =+G32+G30 -> 149401.3 | H34: =+H32+H30 -> 135560.45 | I34: =+I32+I30 -> 119887.42 | ... AC34: =+AC32+AC30 -> 375634.55 | AD34: =AD32+AD30 -> 145763.83 | AE34: =AE32+AE30 -> 325339.59 | AF34: =AF32+AF30 -> 329446.8 | AG34: =AG32+AG30 -> 304916.97 | AH34: =AH32+AH30 -> 280343.58 | AI34: =AI32+AI30 -> 408491.21 | AK34: =AK32+AK30 -> 501936.02 | AL34: =AL32+AL30 -> 498763.74 | AM34: =AM32+AM30 -> 516348.21 | AN34: =AN32+AN30 -> 737300.03 | AO34: =AO32+AO30 -> 957861.73 | AP34: =AP32+AP30 -> 1035376 | AQ34: =AQ32+AQ30 -> 1216189.8 | AR34: =AR32+AR30 -> 1105467.2
A36: =INDEX({"Resultado de operações descontinuadas (4Bio)";"Results of discontinued operations (4Bio)"},Home!$R$30) -> Resultado de operações descontinuadas (4Bio) | B36: 0 | C36: 0 | D36: 0 | E36: 0 | F36: 0 | G36: 0 | H36: 0 | I36: 0 | J36: 0 | K36: 0 | L36: 0 | M36: 0 | N36: 0 | O36: 0 | P36: 0 | Q36: 0 | R36: 0 | S36: 0 | T36: 0 | U36: 0 | V36: 0 | W36: 0 | X36: 0 | Y36: 0 | Z36: 0 | AA36: 0 | AB36: 0 | AC36: 0 | AD36: 14961.702 | AE36: 58733.862 | AF36: 55173.661 | AG36: 11481.314 | AH36: 16497.782 | AI36: 8304.2441 | AK36: =SUM(B36:E36) -> 0 | AL36: =SUM(F36:I36) -> 0 | AM36: =SUM(J36:M36) -> 0 | AN36: =SUM(N36:Q36) -> 0 | AO36: =SUM(R36:U36) -> 0 | AP36: =SUM(V36:Y36) -> 0 | AQ36: =SUM(Z36:AC36) -> 0 | AR36: =SUM(AD36:AG36) -> 140350.54
A37: =INDEX({"Lucro líquido";"Net income"},Home!$R$30) -> Lucro líquido | B37: =B36+B34 -> 109516.87 | C37: =C36+C34 -> 128647.91 | D37: =D36+D34 -> 120493.5 | E37: =E36+E34 -> 143277.73 | F37: =F36+F34 -> 93914.565 | G37: =G36+G34 -> 149401.3 | H37: =H36+H34 -> 135560.45 | I37: =I36+I34 -> 119887.42 | ... AI37: =AI36+AI34 -> 416795.46 | AK37: =AK36+AK34 -> 501936.02 | AL37: =AL36+AL34 -> 498763.74 | AM37: =AM36+AM34 -> 516348.21 | AN37: =AN36+AN34 -> 737300.03 | AO37: =AO36+AO34 -> 957861.73 | AP37: =AP36+AP34 -> 1035376 | AQ37: =AQ36+AQ34 -> 1216189.8 | AR37: =AR36+AR34 -> 1245817.7
A39: =INDEX({"*Ajustado para considerar as operações da Onofre somente após suas respectivas integrações. As lojas foram incluídas de agosto em diante, enquanto a operação de e-commerce e as estruturas corporativa e de logística foram excluídas nesse trimestre.";"*Adjusted to consider Onofre’s operations only after their respective integration. Therefore, the stores are included from August onwards, while the e-commerce operations, as well as the corporate and logistics structures, have been fully excluded."},Home!$R$30) -> *Ajustado para considerar as operações da Onofre somente após suas respectivas integrações. As lojas foram incluídas de agosto em diante, enquanto a operação de e-commerce e as estruturas corporativa e de logística foram excluídas nesse trimestre.

Sheet IFRS_P&L
A1: =INDEX({"DRE Consolidado IFRS 16 (R$ mil)";"Consolidated Income Statement IFRS 16 (R$ thousands)"},Home!$R$30) -> DRE Consolidado IFRS 16 (R$ mil) | B1: =INDEX({"1T18";"1Q18"},Home!$R$30) -> 1T18 | C1: =INDEX({"2T18";"2Q18"},Home!$R$30) -> 2T18 | D1: =INDEX({"3T18";"3Q18"},Home!$R$30) -> 3T18 | E1: =INDEX({"4T18";"4Q18"},Home!$R$30) -> 4T18 | F1: =INDEX({"1T19";"1Q19"},Home!$R$30) -> 1T19 | G1: =INDEX({"2T19";"2Q19"},Home!$R$30) -> 2T19 | H1: =INDEX({"3T19*";"3Q19*"},Home!$R$30) -> 3T19* | I1: =INDEX({"4T19";"4Q19"},Home!$R$30) -> 4T19 | J1: =INDEX({"1T20";"1Q20"},Home!$R$30) -> 1T20 | K1: =INDEX({"2T20";"2Q20"},Home!$R$30) -> 2T20 | L1: =INDEX({"3T20";"3Q20"},Home!$R$30) -> 3T20 | M1: =INDEX({"4T20";"4Q20"},Home!$R$30) -> 4T20 | N1: =INDEX({"1T21";"1Q21"},Home!$R$30) -> 1T21 | O1: =INDEX({"2T21";"2Q21"},Home!$R$30) -> 2T21 | P1: =INDEX({"3T21";"3Q21"},Home!$R$30) -> 3T21 | Q1: =INDEX({"4T21";"4Q21"},Home!$R$30) -> 4T21 | R1: =INDEX({"1T22";"1Q22"},Home!$R$30) -> 1T22 | S1: =INDEX({"2T22";"2Q22"},Home!$R$30) -> 2T22 | T1: =INDEX({"3T22";"3Q22"},Home!$R$30) -> 3T22 | U1: =INDEX({"4T22";"4Q22"},Home!$R$30) -> 4T22 | V1: =INDEX({"1T23";"1Q23"},Home!$R$30) -> 1T23 | W1: =INDEX({"2T23";"2Q23"},Home!$R$30) -> 2T23 | X1: =INDEX({"3T23";"3Q23"},Home!$R$30) -> 3T23 | Y1: =INDEX({"4T23";"4Q23"},Home!$R$30) -> 4T23 | Z1: =INDEX({"1T24";"1Q24"},Home!$R$30) -> 1T24 | AA1: =INDEX({"2T24";"2Q24"},Home!$R$30) -> 2T24 | AB1: =INDEX({"3T24";"3Q24"},Home!$R$30) -> 3T24 | AC1: =INDEX({"4T24";"4Q24"},Home!$R$30) -> 4T24 | AD1: =INDEX({"1T25";"1Q25"},Home!$R$30) -> 1T25 | AE1: =INDEX({"2T25";"2Q25"},Home!$R$30) -> 2T25 | AF1: =INDEX({"3T25";"3Q25"},Home!$R$30) -> 3T25 | AG1: =INDEX({"4T25";"4Q25"},Home!$R$30) -> 4T25 | AH1: =INDEX({"1T26";"1Q26"},Home!$R$30) -> 1T26 | AI1: =INDEX({"2T26";"2Q26"},Home!$R$30) -> 2T26 | AK1: 2018 | AL1: 2019 | AM1: 2020 | AN1: 2021 | AO1: 2022 | AP1: 2023 | AQ1: 2024 | AR1: 2025
V2: =INDEX({"Reclassif.";"Reclassif."},Home!$R$30) -> Reclassif. | W2: =INDEX({"Reclassif.";"Reclassif."},Home!$R$30) -> Reclassif. | X2: =INDEX({"Reclassif.";"Reclassif."},Home!$R$30) -> Reclassif. | Y2: =INDEX({"Reclassif.";"Reclassif."},Home!$R$30) -> Reclassif. | AD2: =INDEX({"Reapresentado";"Resubmitted"},Home!$R$30) -> Reapresentado | AE2: =INDEX({"Reapresentado";"Resubmitted"},Home!$R$30) -> Reapresentado | AF2: =INDEX({"Reapresentado";"Resubmitted"},Home!$R$30) -> Reapresentado | AG2: =INDEX({"Reapresentado";"Resubmitted"},Home!$R$30) -> Reapresentado | AP2: =INDEX({"Reclassif.";"Reclassif."},Home!$R$30) -> Reclassif. | AR2: =INDEX({"Reapresentado";"Resubmitted"},Home!$R$30) -> Reapresentado
A3: =INDEX({"Receita bruta de vendas e serviços";"Gross revenue"},Home!$R$30) -> Receita bruta de vendas e serviços | B3: 3603969.1 | C3: 3791577.7 | D3: 3944676.8 | E3: 4178909.4 | F3: 4153922.9 | G3: 4440683.3 | H3: 4771279.9 | I3: 5030160.1 | J3: 5206320.2 | K3: 4721872.3 | L3: 5384230.3 | M3: 5868052.5 | N3: 5979507 | O3: 6245162 | P3: 6527874.7 | Q3: 6853140.2 | R3: 6972490 | S3: 7641161.4 | T3: 7985786 | U3: 8351126.3 | V3: 8471318.9 | W3: 9013830 | X3: 9274782.4 | Y3: 9538835.7 | Z3: 9767155.5 | AA3: 10402635 | AB3: 10749830 | AC3: 10862353 | AD3: 9947867 | AE3: 10803926 | AF3: 11347887 | AG3: 12186598 | AH3: 11979521 | AI3: 12777743 | AK3: =SUM(B3:E3) -> 15519133 | AL3: =SUM(F3:I3) -> 18396046 | AM3: =SUM(J3:M3) -> 21180475 | AN3: =SUM(N3:Q3) -> 25605684 | AO3: =SUM(R3:U3) -> 30950564 | AP3: =SUM(V3:Y3) -> 36298767 | AQ3: =SUM(Z3:AC3) -> 41781973 | AR3: =SUM(AD3:AG3) -> 44286277
A4: =INDEX({"Deduções";"Taxes, Discounts and Returns"},Home!$R$30) -> Deduções | B4: -170391.34 | C4: -177588.81 | D4: -187862.87 | E4: -181845.1 | F4: -200571.39 | G4: -215189.34 | H4: -232343.88 | I4: -245045.46 | J4: -256448.92 | K4: -252097.95 | L4: -290778.77 | M4: -314311.33 | N4: -359456.14 | O4: -376898.38 | P4: -363013 | Q4: -379314.78 | R4: -409985.51 | S4: -462399.96 | T4: -495920.3 | U4: -514877.67 | V4: -546933 | W4: -581161.81 | X4: -610296.09 | Y4: -629677.57 | Z4: -666661.6 | AA4: -715414.97 | AB4: -760708.15 | AC4: -767666.77 | AD4: -674903.76 | AE4: -729302.57 | AF4: -767440.05 | AG4: -817574.63 | AH4: -1410931.5 | AI4: -1715344.4 | AK4: =SUM(B4:E4) -> -717688.13 | AL4: =SUM(F4:I4) -> -893150.08 | AM4: =SUM(J4:M4) -> -1113637 | AN4: =SUM(N4:Q4) -> -1478682.3 | AO4: =SUM(R4:U4) -> -1883183.4 | AP4: =SUM(V4:Y4) -> -2368068.5 | AQ4: =SUM(Z4:AC4) -> -2910451.5 | AR4: =SUM(AD4:AG4) -> -2989221
A6: =INDEX({"Receita líquida de vendas e serviços";"Net revenue"},Home!$R$30) -> Receita líquida de vendas e serviços | B6: =B3+B4 -> 3433577.7 | C6: =C3+C4 -> 3613988.9 | D6: =D3+D4 -> 3756813.9 | E6: =E3+E4 -> 3997064.3 | F6: =F3+F4 -> 3953351.5 | G6: =G3+G4 -> 4225494 | H6: =H3+H4 -> 4538936 | I6: =I3+I4 -> 4785114.6 | ... AI6: =AI3+AI4 -> 11062399 | AK6: =AK3+AK4 -> 14801445 | AL6: =AL3+AL4 -> 17502896 | AM6: =AM3+AM4 -> 20066838 | AN6: =AN3+AN4 -> 24127002 | AO6: =AO3+AO4 -> 29067380 | AP6: =AP3+AP4 -> 33930699 | AQ6: =AQ3+AQ4 -> 38871522 | AR6: =AR3+AR4 -> 41297056
A8: =INDEX({"Custo das mercadorias vendidas";"Cost of Goods Sold"},Home!$R$30) -> Custo das mercadorias vendidas | B8: -2406819.2 | C8: -2509789.6 | D8: -2640038.2 | E8: -2799276.5 | F8: -2791688.2 | G8: -2936208.7 | H8: -3217586 | I8: -3374111.5 | J8: -3508020.7 | K8: -3149651.9 | L8: -3598455.3 | M8: -3919528.3 | N8: -3978198.9 | O8: -4071212.6 | P8: -4349401.3 | Q8: -4522020.6 | R8: -4634073.7 | S8: -4860664.4 | T8: -5265091.6 | U8: -5498082.2 | V8: -5609601.9 | W8: -5832247.6 | X8: -6085664.3 | Y8: -6238912.9 | Z8: -6441229.8 | AA8: -6755221.2 | AB8: -7018209.9 | AC8: -7100079.4 | AD8: -6450916 | AE8: -6938600.3 | AF8: -7321760.6 | AG8: -7858929.3 | AH8: -7174289.5 | AI8: -7364668.2 | AK8: =SUM(B8:E8) -> -10355924 | AL8: =SUM(F8:I8) -> -12319594 | AM8: =SUM(J8:M8) -> -14175656 | AN8: =SUM(N8:Q8) -> -16920834 | AO8: =SUM(R8:U8) -> -20257912 | AP8: =SUM(V8:Y8) -> -23766427 | AQ8: =SUM(Z8:AC8) -> -27314740 | AR8: =SUM(AD8:AG8) -> -28570206
A10: =INDEX({"Lucro bruto";"Gross profit"},Home!$R$30) -> Lucro bruto | B10: =B6+B8 -> 1026758.5 | C10: =C6+C8 -> 1104199.3 | D10: =D6+D8 -> 1116775.7 | E10: =E6+E8 -> 1197787.8 | F10: =F6+F8 -> 1161663.3 | G10: =G6+G8 -> 1289285.3 | H10: =H6+H8 -> 1321350 | I10: =I6+I8 -> 1411003.1 | ... AI10: =AI6+AI8 -> 3697730.6 | AK10: =AK6+AK8 -> 4445521.2 | AL10: =AL6+AL8 -> 5183301.6 | AM10: =AM6+AM8 -> 5891182.2 | AN10: =AN6+AN8 -> 7206168 | AO10: =AO6+AO8 -> 8809468.4 | AP10: =AP6+AP8 -> 10164272 | AQ10: =AQ6+AQ8 -> 11556781 | AR10: =AR6+AR8 -> 12726850
A12: =INDEX({"Despesas";"Expenses"},Home!$R$30) -> Despesas
A13: =INDEX({"Vendas";"Selling Expenses"},Home!$R$30) -> Vendas | B13: -555625.07 | C13: -580317.63 | D13: -602405.82 | E13: -649289.34 | F13: -650111.56 | G13: -672510.2 | H13: -692057.95 | I13: -788521.66 | J13: -778264.39 | K13: -779286.31 | L13: -794600.14 | M13: -851953.02 | N13: -871551.74 | O13: -923822.93 | P13: -957333.96 | Q13: -1043370.7 | R13: -1070106.8 | S13: -1094707.4 | T13: -1148379.6 | U13: -1175277.1 | V13: -1224200.6 | W13: -1280425.7 | X13: -1345469.6 | Y13: -1450829.5 | Z13: -1393372.8 | AA13: -1503674.7 | AB13: -1546157.9 | AC13: -1648991.3 | AD13: -1590770.2 | AE13: -1660184.4 | AF13: -1734454.8 | AG13: -1920613.2 | AH13: -1924613.1 | AI13: -2013025.5 | AK13: =SUM(B13:E13) -> -2387637.9 | AL13: =SUM(F13:I13) -> -2803201.4 | AM13: =SUM(J13:M13) -> -3204103.9 | AN13: =SUM(N13:Q13) -> -3796079.3 | AO13: =SUM(R13:U13) -> -4488470.8 | AP13: =SUM(V13:Y13) -> -5300925.5 | AQ13: =SUM(Z13:AC13) -> -6092196.6 | AR13: =SUM(AD13:AG13) -> -6906022.7
